 Dungeon Crawl Stone Soup version 0.31-a0-229-g1fc7ce93e2 (webtiles) character file.

Game seed: 2218404055589721908

62319 qw the Marksminotaur (level 14, -1/5 HPs)
             Began as a Minotaur Hexslinger on July 6, 2023.
             Was an Initiate of Okawaru.
             Slain by a slime creature (6 damage)
             ... on level 14 of the Dungeon.
             The game lasted 01:10:07 (52750 turns).

qw the Marksminotaur (Minotaur Hexslinger)         Turns: 52750, Time: 01:10:07

Health: -1/5       AC:  8    Str:  9    XL:     14   Next: 63%
Magic:  20/20      EV: 24    Int: 10    God:    Okawaru [......]
Gold:   939        SH:  0    Dex: 18    Spells: 14/15 levels left

rFire   . . .        Y - +4 triple crossbow
rCold   + + +        (shield currently unavailable)
rNeg    . . .        j - +0 steam dragon scales
rPois   +            r - -1 hat of Servitude {Drain Fly rC+++ Str-4}
rElec   .            (no cloak)
rCorr   .            q - +0 pair of gloves
SInv    .            h - +0 pair of boots
Will    +....        o - amulet of faith
Stlth   ++           i - +5 ring of evasion
HPRegen 0.20/turn    c - ring of poison resistance
MPRegen 0.17/turn

%: faith
@: flying
A: horns 2, retaliatory headbutt
a: Renounce Religion


You were on level 14 of the Dungeon.
You worshipped Okawaru.
Okawaru was noncommittal.
You visited 3 branches of the dungeon, and saw 20 of its levels.
You also visited: Ossuary.

You collected 1323 gold pieces.
You spent 384 gold pieces at shops.


Innate Abilities, Weirdness & Mutations

You have a pair of horns on your head.
You reflexively headbutt those who attack you in melee.


   Skills:
 - Level 15.0 Fighting
 + Level 18.8 Ranged Weapons
 - Level 7.4 Armour
 - Level 11.0 Dodging
 - Level 1.0 Spellcasting
 - Level 2.0 Hexes
 - Level 10.0 Invocations


You had 14 spell levels left.
You knew the following spells:

 Your Spells              Type           Power      Damage    Failure   Level
a - Slow                  Hex            16%        N/A       16%         1

Your spell library contained the following spells:

 Spells                   Type           Power      Damage    Failure   Level
 Inner Flame              Hex/Fire       2%         N/A       56%         3
 Portal Projectile        Hex/Tloc       4%         N/A       56%         3
 Cause Fear               Hex            2%         N/A       83%         4

Inventory:

Hand Weapons
 Y - a +4 triple crossbow (weapon)
Armour
 h - a +0 pair of boots (worn)
 j - +0 steam dragon scales (worn)
 m - a +2 leather armour of cold resistance
 q - a +0 pair of gloves (worn)
 r - the -1 hat of Servitude (worn) {Drain Fly rC+++ Str-4}
   (You acquired it on level 8 of the Dungeon)

   Str:       It affects your strength (-4).
   rC:        It renders you almost immune to cold.
   Fly:       It grants you flight.
   Drain:     It drains your maximum health when unequipped.
 v - a +1 hat
Jewellery
 b - a ring of ice
 c - a ring of poison resistance (right hand)
 g - a ring of willpower
 i - a +5 ring of evasion (left hand)
 k - the amulet "Ahahaunk" {Spirit rCorr Int+4}
   (You took it off an orc knight on level 10 of the Dungeon)

   [amulet of guardian spirit]

   It causes incoming damage to be divided between your reserves of health and
   magic.
   Int:       It affects your intelligence (+4).
   rCorr:     It protects you from acid and corrosion.
 n - a +6 ring of strength
 o - an amulet of faith (around neck)
 u - an amulet of the acrobat
Wands
 t - a wand of digging (6)
Scrolls
 a - 16 scrolls of identify
 f - 2 scrolls of teleportation
Potions
 d - 3 potions of enlightenment
 e - 4 potions of curing
 l - 2 potions of mutation
 p - 4 potions of might
 s - 3 potions of haste

Dungeon Overview and Level Annotations

Branches:
Dungeon (14/15)            Temple (1/1) D:7            Lair (5/5) D:10
 Shoals (0/4) Lair:2        Snake (0/4) Lair:3        Slime (0/5) Lair:4
    Orc (0/2) D:10         Vaults (0/5) D:13        Ossuary (visited)

Altars:
Ashenzari
Cheibriados
Dithmenos
Elyvilon
Fedhas
Gozag
Hepliaklqana
Kikubaaqudgha
Makhleb
Nemelex Xobeh
Okawaru
Qazlal
Ru
Sif Muna
Trog
Uskayaw
Vehumet
Wu Jian
Xom
Yredelemnul
Zin
The Shining One

Shops:
D:4 ?   D:5 (   D:6 *   D:8 *!=

Annotations:
D:4 exclusion: jackal
D:10 2 runed translucent doors


Message History

There is a stone staircase leading down here.
You fly downwards.
As you enter the new level, Zot loses track of you.
The slime creature quivers.
Found a wand of flame (9).
Found two stone staircases leading up.
There is a stone staircase leading up here.
There are monsters nearby!
Waypoint 20 assigned to D:14.
You shoot a bolt. The bolt hits the slime creature!!
The slime creature is heavily wounded.
The slime creature quivers.
You shoot a bolt.
The bolt completely misses the slime creature.
The slime creature quivers.
You shoot a bolt. The bolt hits the slime creature!!
You kill the slime creature!
Okawaru accepts your kill.
Two slime creatures merge to form a large slime creature.
You shoot a bolt. The bolt hits the slime creature.
The slime creature is lightly wounded.
You shoot a bolt. The bolt hits the slime creature!!!
The slime creature is severely wounded.
The slime creature completely misses you.
You furiously retaliate!
You headbutt the slime creature! You shoot a bolt.
The bolt hits the slime creature!!!
You kill the slime creature!
Okawaru accepts your kill.
You shoot a bolt.
The bolt hits the large slime creature!!!
The large slime creature is moderately wounded.
The large slime creature closely misses you.
You shoot a bolt.
The bolt hits the large slime creature!!!
The large slime creature is severely wounded.
A large slime creature splits.
You shoot a bolt. The bolt hits the slime creature.
The slime creature is severely wounded.
The slime creature misses you. The slime creature hits you.
Ouch! That really hurt!
You die...

#.........
#....../.
#........
#.......#
#.......#
#...<<..#
#....J..#
#....J@.#
#.......#
##......#
#.......
#........
#.........
#..........
##......####


You could see 2 slime creatures.

Vanquished Creatures
  A dire elephant (Lair:5)
  2 hydras
  A centaur warrior (D:10)
  A catoblepas (Lair:5)
  5 death knights
  3 boulder beetles
  6 death yaks
  4 two-headed ogres
  A skyshark (Lair:4)
  Amaemon (D:8)
  2 skeletal warriors (D:13)
  2 lindwurms (Lair:5)
  2 deep elf pyromancers
  A necromancer (D:13)
  An orc knight (D:10)
  A wizard (D:13)
  An oklob plant (Lair:3)
  3 manticores
  3 ugly things
  3 cyclopes
  9 black mambas
  3 elephants (Lair:5)
  Joseph (D:7)
  An orange demon (D:8)
  15 cane toads
  A torpor snail (Lair:5)
  3 kobold demonologists
  5 rime drakes
  4 komodo dragons
  An efreet (D:10)
  A burning bush (Lair:5)
  3 trolls
  A merfolk (D:9)
  10 polar bears (Lair:5)
  3 blink frogs (Lair:4)
  A dream sheep (Lair:5)
  A hornet (Lair:4)
  A snapping turtle (Lair:2)
  A raiju (Lair:5)
  5 slime creatures
  A vampire (D:10)
  6 wyverns
  A shadow (D:11)
  39 yaks
  A wraith (D:13)
  Grum (D:9)
  4 steam dragons
  8 vampire mosquitoes
  3 basilisks
  7 wargs
  3 nagas (Lair:3)
  8 water moccasins
  16 hell hounds (Lair:5)
  12 black bears
  8 orc warriors
  An ice beast (D:7)
  A boggart (D:10)
  An ogre (D:6)
  19 wolves
  13 centaurs
  5 kobold brigands
  Blork the orc (D:5)
  10 bullfrogs
  14 scorpions
  10 wights
  A water moccasin zombie (D:5)
  10 killer bees (D:10)
  3 electric eels
  6 howler monkeys
  3 centaur zombies (Ossuary)
  2 bullfrog zombies (D:5)
  3 human zombies
  A hound (D:4)
  2 gnoll boudas (D:8)
  11 orc priests
  8 iguanas
  2 sleepcaps (D:4)
  18 orc wizards
  5 scorpion zombies
  7 hell rats (Lair:2)
  A howler monkey zombie (D:5)
  4 mummies
  8 adders
  9 gnolls
  A shadow imp (D:6)
  2 white imps
  2 ufetubi
  2 adder zombies (D:5)
  A dart slug (D:2)
  56 orcs
  7 ball pythons
  3 bats
  7 endoplasms
  2 giant cockroaches (D:4)
  2 gnoll zombies (Ossuary)
  2 goblins
  4 hobgoblins
  3 jackals (D:4)
  2 quokkas
  6 frilled lizards
  8 goblin zombies (Ossuary)
  2 hobgoblin zombies (Ossuary)
  25 kobolds
  2 kobold zombies (Ossuary)
  3 orc zombies (Ossuary)
  2 rats (D:2)
555 creatures vanquished.

Vanquished Creatures (others)
  A komodo dragon (D:10)
  An orc (D:10)
2 creatures vanquished.

Grand Total: 557 creatures vanquished

Notes
Turn   | Place    | Note
-------+----------+-------------------------------------------
     0 | D:1      | qw the Minotaur Hexslinger began the quest for the Orb.
     0 | D:1      | Reached XP level 1. HP: 16/16 MP: 1/1
     0 | D:1      | 0 ||| qw: Version: 0.3-a-46-gb1f654a
     0 | D:1      | 0 ||| qw: Game counter: 1171
     0 | D:1      | 0 ||| qw: Melee chars always use a shield: true
     0 | D:1      | 0 ||| qw: God list: Okawaru
     0 | D:1      | 0 ||| qw: Allow faded altars: false
     0 | D:1      | 0 ||| qw: Do Orc after clearing Dungeon:15 true
     0 | D:1      | 0 ||| qw: Do second Lair branch before Depths: true
     0 | D:1      | 0 ||| qw: Lair rune preference: random
     0 | D:1      | 0 ||| qw: Goals: Normal
     0 | D:1      | 0 ||| PLANNING D:1-11
   399 | D:1      | Reached skill level 3 in Ranged Weapons
   488 | D:1      | Reached XP level 2. HP: 23/23 MP: 2/2
   687 | D:1      | 687 ||| UPGRADING to +0 leather armour.
   697 | D:1      | 697 ||| DROPPING +0 robe.
   698 | D:1      | 698 ||| UPGRADING to ring of poison resistance.
   699 | D:1      | 699 ||| READING scroll labelled BETHRUEB YCOSH.
   700 | D:1      | 700 ||| READING scroll labelled MIUMAE ULUPRU.
   704 | D:1      | 704 ||| DRINKING 3 bubbling black potions.
   705 | D:1      | 705 ||| DROPPING scroll of poison.
  1109 | D:2      | Reached XP level 3. HP: 30/30 MP: 3/3
  1263 | D:2      | Reached skill level 4 in Ranged Weapons
  1389 | D:2      | 1389 ||| UPGRADING to +0 ring mail.
  1399 | D:2      | 1399 ||| DROPPING +0 leather armour.
  1400 | D:2      | 1400 ||| DROPPING amulet of magic regeneration.
  1401 | D:2      | 1401 ||| UPGRADING to ring of willpower.
  1402 | D:2      | 1402 ||| READING scroll labelled DELIRGH NAIMUX.
  1403 | D:2      | 1403 ||| READING scroll labelled VUKHLE ACAROO.
  1403 | D:2      | Identified a scroll of acquirement
  1403 | D:2      | 1403 ||| ACQUIRING +3 orcbow of electrocution
  1403 | D:2      | Acquired a +3 orcbow of electrocution
  1405 | D:2      | 1405 ||| SWAPPING to +3 orcbow of electrocution.
  1406 | D:2      | 1406 ||| DROPPING +1 sling.
  1407 | D:2      | 1407 ||| READING scroll labelled USOLISCH OMEA.
  1647 | D:3      | Reached skill level 1 in Armour
  1648 | D:3      | Found a faded altar of an unknown god.
  1775 | D:3      | Reached XP level 4. HP: 37/37 MP: 4/4
  1809 | D:3      | Noticed a scorpion
  1812 | D:3      | Killed a scorpion
  1813 | D:3      | Reached skill level 5 in Ranged Weapons
  1813 | D:3      | Reached XP level 5. HP: 42/42 MP: 5/5
  1858 | D:3      | Reached skill level 3 in Fighting
  2079 | D:3      | 2079 ||| READING scroll labelled DOCKIM OGUSUOFI.
  2157 | D:3      | 2157 ||| DRINKING 2 clear potions.
  2158 | D:3      | 2158 ||| READING 2 scrolls of identify.
  2158 | D:3      | 2158 ||| IDENTIFYING fizzy orange potion
  2159 | D:3      | 2159 ||| DROPPING potion of berserk rage.
  2160 | D:3      | 2160 ||| DROPPING potion of attraction.
  2202 | D:4      | Reached skill level 6 in Ranged Weapons
  2209 | D:4      | Reached XP level 6. HP: 51/51 MP: 6/6
  2558 | D:4      | Found Esoqeitt's Magic Scroll Boutique.
  2560 | D:4      | 2560 ||| UPGRADING to +0 pair of boots.
  2660 | D:4      | 2660 ||| READING scroll labelled CUPAFE GEWORON.
  2661 | D:4      | 2661 ||| DRINKING 2 orange potions.
  2706 | D:4      | 2706 ||| DROPPING potion of lignification.
  2714 | D:5      | Entered Level 5 of the Dungeon
  2715 | D:5      | 2715 ||| PLANNING OSSUARY
  2730 | D:5      | Found Bouc's Weapon Shoppe.
  2758 | D:5      | Noticed Blork the orc
  2762 | D:5      | Killed Blork the orc
  2763 | D:5      | Reached skill level 7 in Ranged Weapons
  2802 | D:5      | Reached XP level 7. HP: 59/59 MP: 7/7
  2907 | D:5      | Reached skill level 8 in Ranged Weapons
  3047 | D:5      | Found a basalt altar of Yredelemnul.
  3253 | D:5      | Found a sand-covered staircase.
  3254 | D:5      | 3254 ||| DROPPING ring of resist corrosion.
  3255 | D:5      | 3255 ||| UPGRADING to +5 ring of evasion.
  3257 | D:5      | 3257 ||| UPGRADING to ring of poison resistance.
  3259 | D:5      | 3259 ||| READING scroll labelled ZIZXUF OPTIO.
  3260 | D:5      | 3260 ||| READING 2 scrolls of identify.
  3260 | D:5      | 3260 ||| IDENTIFYING bubbling brown potion
  3261 | D:5      | 3261 ||| DROPPING potion of invisibility.
  3269 | Ossuary  | Entered an ossuary
  3303 | Ossuary  | Reached XP level 8. HP: 68/68 MP: 8/8
  3307 | Ossuary  | Reached skill level 9 in Ranged Weapons
  3334 | Ossuary  | Reached skill level 3 in Dodging
  3349 | Ossuary  | Reached skill level 6 in Fighting
  3436 | Ossuary  | 3436 ||| DRINKING 2 brown potions.
  3455 | Ossuary  | Reached skill level 10 in Ranged Weapons
  3560 | Ossuary  | 3560 ||| READING scroll of enchant weapon.
  3560 | Ossuary  | 3560 ||| ENCHANTING +4 orcbow of electrocution.
  3565 | Ossuary  | 3565 ||| READING 2 scrolls labelled LOINEB NOQUH.
  3566 | Ossuary  | 3566 ||| READING scroll labelled QURAHUG XEATZI.
  3567 | Ossuary  | 3567 ||| DRINKING 2 viscous clear potions.
  3568 | Ossuary  | 3568 ||| DRINKING 2 lumpy amethyst potions.
  3569 | Ossuary  | 3569 ||| READING 4 scrolls of identify.
  3569 | Ossuary  | 3569 ||| IDENTIFYING sedimented red potion
  3570 | Ossuary  | 3570 ||| READING 3 scrolls of identify.
  3570 | Ossuary  | 3570 ||| IDENTIFYING glowing black potion
  3571 | Ossuary  | 3571 ||| READING 2 scrolls of identify.
  3571 | Ossuary  | 3571 ||| IDENTIFYING bubbling ruby potion
  3572 | Ossuary  | 3572 ||| DROPPING potion of brilliance.
  3573 | Ossuary  | 3573 ||| DROPPING scroll of amnesia.
  3574 | Ossuary  | 3574 ||| DROPPING potion of degeneration.
  3627 | D:5      | 3627 ||| PLANNING D:1-11
  3866 | D:6      | Reached XP level 9. HP: 79/79 MP: 9/9
  3947 | D:6      | Reached skill level 11 in Ranged Weapons
  3951 | D:6      | Reached skill level 3 in Armour
  4166 | D:6      | Found Wipapr Maos's CLEARANCE SALE!.
  4272 | D:6      | Found a shimmering blue altar of Sif Muna.
  4368 | D:6      | 4368 ||| READING scroll labelled ICLIANG ZAUSO.
  4369 | D:6      | 4369 ||| READING 3 scrolls of identify.
  4369 | D:6      | 4369 ||| IDENTIFYING sapphire potion
  4370 | D:6      | 4370 ||| DROPPING potion of ambrosia.
  4440 | D:7      | Found a staircase to the Ecumenical Temple.
  4441 | D:7      | 4441 ||| PLANNING TEMPLE
  4449 | Temple   | Entered the Ecumenical Temple
  4473 | Temple   | 4473 ||| PLANNING OKAWARU WORSHIP
  4893 | Temple   | Became a worshipper of Warmaster Okawaru
  4894 | Temple   | 4894 ||| PLANNING D:1-11
  4990 | D:7      | Found a broken altar of Ashenzari.
  5196 | D:7      | Reached skill level 12 in Ranged Weapons
  5274 | D:7      | Noticed Joseph
  5277 | D:7      | 5277 ||| FLEEEEING.
  5282 | D:7      | Killed Joseph
  5467 | D:7      | 5467 ||| Stepping ~*~*~tactically~*~*~ (outnumbered).
  5469 | D:7      | 5469 ||| Stepping ~*~*~tactically~*~*~ (outnumbered).
  5746 | D:8      | Reached * piety under Okawaru
  5777 | D:8      | 5777 ||| Stepping ~*~*~tactically~*~*~ (outnumbered).
  5778 | D:8      | 5778 ||| Stepping ~*~*~tactically~*~*~ (outnumbered).
  5785 | D:8      | 5785 ||| INVOKING Heroism.
  5991 | D:8      | 5991 ||| INVOKING Heroism.
  6001 | D:8      | Reached XP level 10. HP: 90/90 MP: 7/10
  6059 | D:8      | 6059 ||| FLEEEEING.
  6065 | D:8      | 6065 ||| Stepping ~*~*~tactically~*~*~ (outnumbered).
  6069 | D:8      | 6069 ||| Stepping ~*~*~tactically~*~*~ (outnumbered).
  6070 | D:8      | 6070 ||| Stepping ~*~*~tactically~*~*~ (outnumbered).
  6071 | D:8      | 6071 ||| Stepping ~*~*~tactically~*~*~ (outnumbered).
  6075 | D:8      | Reached skill level 1 in Invocations
  6109 | D:8      | 6109 ||| Stepping ~*~*~tactically~*~*~ (outnumbered).
  6171 | D:8      | 6171 ||| INVOKING Heroism.
  6248 | D:8      | 6248 ||| INVOKING Heroism.
  6329 | D:8      | Found Fuokuf Haupt's Assorted Antiques.
  6348 | D:8      | 6348 ||| BUYING blue potion (20 gold).
  6348 | D:8      | Bought a blue potion for 20 gold pieces
  6348 | D:8      | 6348 ||| BUYING encrusted copper wand (92 gold).
  6348 | D:8      | Bought an encrusted copper wand for 92 gold pieces
  6348 | D:8      | 6348 ||| BUYING scroll labelled XEULIU TEISEUMP (23 gold).
  6348 | D:8      | Bought a scroll labelled XEULIU TEISEUMP for 23 gold pieces
  6348 | D:8      | 6348 ||| BUYING scroll of identify (46 gold).
  6348 | D:8      | Bought a scroll of identify for 46 gold pieces
  6348 | D:8      | 6348 ||| BUYING scroll of identify (46 gold).
  6348 | D:8      | Bought a scroll of identify for 46 gold pieces
  6348 | D:8      | 6348 ||| BUYING scroll of identify (46 gold).
  6348 | D:8      | Bought a scroll of identify for 46 gold pieces
  6348 | D:8      | 6348 ||| BUYING scroll of teleportation (69 gold).
  6348 | D:8      | Bought a scroll of teleportation for 69 gold pieces
  6379 | D:8      | 6379 ||| INVOKING Heroism.
  6382 | D:8      | Reached skill level 3 in Invocations
  6401 | D:8      | 6401 ||| READING scroll of acquirement.
  6401 | D:8      | 6401 ||| ACQUIRING -1 hat of Servitude {Drain Fly rC+++
                  | Str-4}
  6401 | D:8      | Acquired the -1 hat of Servitude {Drain Fly rC+++ Str-4}
  6403 | D:8      | 6403 ||| UPGRADING to +0 steam dragon scales.
  6413 | D:8      | 6413 ||| DROPPING +0 ring mail.
  6414 | D:8      | 6414 ||| UPGRADING to -1 hat of Servitude {Drain Fly rC+++
                  | Str-4}.
  6453 | D:8      | Found Zeixeoth's Distillery.
  6456 | D:8      | 6456 ||| SHOPLISTING potion of cancellation (112 gold, have
                  | 68).
  6456 | D:8      | 6456 ||| BUYING potion of curing (42 gold).
  6456 | D:8      | Bought a potion of curing for 42 gold pieces
  6456 | D:8      | 6456 ||| SHOPLISTING potion of curing (42 gold, have 26).
  6456 | D:8      | 6456 ||| SHOPLISTING potion of heal wounds (70 gold, have
                  | 26).
  6456 | D:8      | 6456 ||| SHOPLISTING potion of magic (112 gold, have 26).
  6572 | D:8      | Noticed Amaemon
  6573 | D:8      | 6573 ||| INVOKING Heroism.
  6576 | D:8      | Noticed an orange demon
  6583 | D:8      | Killed Amaemon
  6585 | D:8      | Killed an orange demon
  6586 | D:8      | Reached skill level 6 in Dodging
  6613 | D:8      | Found Qenoffuz's Jewellery Boutique.
  6622 | D:8      | 6622 ||| SHOPLISTING +4 ring of protection (468 gold, have
                  | 26).
  6622 | D:8      | 6622 ||| SHOPLISTING amulet of faith (520 gold, have 26).
  6622 | D:8      | 6622 ||| SHOPLISTING amulet of reflection (390 gold, have
                  | 26).
  6622 | D:8      | 6622 ||| SHOPLISTING ring "Ezilao" {Fly rF+ EV+5} (677
                  | gold, have 26).
  6622 | D:8      | 6622 ||| SHOPLISTING ring "Senneno" {Fire Slay+5} (689
                  | gold, have 26).
  6664 | D:8      | 6664 ||| READING scroll labelled XEULIU TEISEUMP.
  6665 | D:8      | 6665 ||| READING 9 scrolls of identify.
  6665 | D:8      | 6665 ||| IDENTIFYING blue potion
  6666 | D:8      | 6666 ||| DROPPING wand of polymorph (5).
  6789 | D:9      | Reached skill level 13 in Ranged Weapons
  6859 | D:9      | Noticed a manticore
  6860 | D:9      | 6860 ||| INVOKING Heroism.
  6866 | D:9      | Killed a manticore
  6867 | D:9      | Reached skill level 9 in Fighting
  6877 | D:9      | 6877 ||| DRINKING 5 potions of curing.
  6877 | D:9      | 6877 ||| (to cure confusion)
  6878 | D:9      | Reached ** piety under Okawaru
  6882 | D:9      | 6882 ||| INVOKING Heroism.
  6929 | D:9      | 6929 ||| INVOKING Heroism.
  6988 | D:9      | Noticed Grum
  6989 | D:9      | 6989 ||| INVOKING Heroism.
  7000 | D:9      | Killed Grum
  7006 | D:9      | Reached skill level 14 in Ranged Weapons
  7006 | D:9      | Reached XP level 11. HP: 78/97 MP: 11/13
  7030 | D:9      | 7030 ||| FLEEEEING.
  7031 | D:9      | 7031 ||| FLEEEEING.
  7032 | D:9      | 7032 ||| FLEEEEING.
  7033 | D:9      | 7033 ||| FLEEEEING.
  7034 | D:9      | 7034 ||| FLEEEEING.
  7088 | D:9      | 7088 ||| INVOKING Heroism.
  7330 | D:10     | Entered Level 10 of the Dungeon
  7335 | D:10     | Identified the +1 robe of the Ecumenical Temple {rC+ Int+4
                  | Stlth+}
  7346 | D:10     | 7346 ||| FLEEEEING.
  7347 | D:10     | 7347 ||| FLEEEEING.
  7348 | D:10     | 7348 ||| FLEEEEING.
  7399 | D:10     | 7399 ||| INVOKING Heroism.
  7494 | D:10     | Found a staircase to the Lair.
  7651 | D:10     | 7651 ||| INVOKING Heroism.
  7655 | D:10     | Noticed a white ugly thing
  7667 | D:10     | Killed a white ugly thing
  7668 | D:10     | Identified the +5 broad axe "Kosorimm" {heavy, Fly}
  7668 | D:10     | Noticed a centaur warrior
  7668 | D:10     | Noticed a deep elf pyromancer
  7672 | D:10     | 7672 ||| Stepping ~*~*~tactically~*~*~ (outnumbered).
  7689 | D:10     | Noticed a boulder beetle
  7693 | D:10     | 7693 ||| INVOKING Heroism.
  7695 | D:10     | Killed a centaur warrior
  7696 | D:10     | HP: 22/99 [wraith[a boggart] (4)]
  7697 | D:10     | 7697 ||| READING 4 scrolls of teleportation.
  7698 | D:10     | 7698 ||| DRINKING potion of heal wounds.
  7706 | D:10     | 7706 ||| Stepping ~*~*~tactically~*~*~ (outnumbered).
  7713 | D:10     | HP: 23/99 [yak[a boggart] (15)]
  7714 | D:10     | 7714 ||| READING 3 scrolls of teleportation.
  7748 | D:10     | 7748 ||| INVOKING Heroism.
  7762 | D:10     | 7762 ||| FLEEEEING.
  7766 | D:10     | 7766 ||| STAIRDANCE
  7926 | D:9      | 7926 ||| DROPPING +1 robe of the Ecumenical Temple {rC+
                  | Int+4 Stlth+}.
  8011 | D:10     | 8011 ||| INVOKING Heroism.
  8021 | D:10     | Identified the +1 dagger "Raisin" {speed, Contam rN+ Str+4
                  | Dex+4}
  8046 | D:10     | Found a runed translucent door.
  8049 | D:10     | Noticed a boulder beetle
  8054 | D:10     | Identified the +2 quarterstaff of Untruth {venom, rElec}
  8074 | D:10     | Identified the amulet "Ahahaunk" {Spirit rCorr Int+4}
  8074 | D:10     | Noticed an orc knight
  8075 | D:10     | 8075 ||| INVOKING Heroism.
  8091 | D:10     | Killed an orc knight
  8092 | D:10     | Reached skill level 15 in Ranged Weapons
  8095 | D:10     | Reached *** piety under Okawaru
  8096 | D:10     | 8096 ||| FLEEEEING.
  8299 | D:10     | 8299 ||| INVOKING Heroism.
  8307 | D:10     | Noticed a two-headed ogre
  8310 | D:10     | Killed a two-headed ogre
  8334 | D:10     | Found a staircase to the Orcish Mines.
  8335 | D:10     | 8335 ||| Stepping ~*~*~tactically~*~*~ (outnumbered).
  8337 | D:10     | 8337 ||| Stepping ~*~*~tactically~*~*~ (outnumbered).
  8344 | D:10     | 8344 ||| Stepping ~*~*~tactically~*~*~ (outnumbered).
  8347 | D:10     | 8347 ||| DRINKING 4 potions of curing.
  8347 | D:10     | 8347 ||| (to cure confusion)
  8465 | D:10     | Killed a deep elf pyromancer
  8545 | D:10     | Found a runed translucent door.
  8545 | D:10     | Noticed a centaur warrior
  8601 | D:10     | 8601 ||| INVOKING Heroism.
  8821 | D:10     | 8821 ||| PLANNING LAIR
  8860 | Lair:1   | Entered Level 1 of the Lair of Beasts
  8883 | Lair:1   | 8883 ||| INVOKING Heroism.
  8900 | Lair:1   | Reached skill level 16 in Ranged Weapons
  8910 | Lair:1   | 8910 ||| FLEEEEING.
  8911 | Lair:1   | 8911 ||| FLEEEEING.
  8912 | Lair:1   | 8912 ||| INVOKING Heroism.
  8931 | Lair:1   | Reached **** piety under Okawaru
  8952 | Lair:1   | Reached XP level 12. HP: 95/110 MP: 14/14
  9462 | Lair:2   | 9462 ||| STAIRDANCE
  9468 | Lair:1   | 9468 ||| INVOKING Heroism.
  9577 | Lair:2   | 9577 ||| STAIRDANCE
  9731 | Lair:2   | Received a gift from Okawaru
  9916 | Lair:2   | Reached skill level 9 in Dodging
  9927 | Lair:2   | Reached skill level 6 in Invocations
  9949 | Lair:2   | 9949 ||| INVOKING Heroism.
 10046 | Lair:2   | 10046 ||| INVOKING Heroism.
 10142 | Lair:2   | Found a staircase to the Shoals.
 10304 | Lair:2   | 10304 ||| UPGRADING to +0 pair of gloves.
 10536 | Lair:3   | Noticed a death yak
 10536 | Lair:3   | Noticed a death yak
 10537 | Lair:3   | 10537 ||| INVOKING Heroism.
 10539 | Lair:3   | Noticed a death yak
 10541 | Lair:3   | Killed a death yak
 10552 | Lair:3   | Killed a death yak
 10559 | Lair:3   | Killed a death yak
 10560 | Lair:3   | Reached skill level 12 in Fighting
 10684 | Lair:3   | Reached ***** piety under Okawaru
 10687 | Lair:3   | Found a staircase to the Snake Pit.
 10899 | Lair:3   | 10899 ||| INVOKING Heroism.
 11116 | Lair:4   | Reached skill level 6 in Armour
 11137 | Lair:4   | 11137 ||| INVOKING Heroism.
 11164 | Lair:4   | 11164 ||| INVOKING Heroism.
 11219 | Lair:4   | 11219 ||| FLEEEEING.
 11220 | Lair:4   | 11220 ||| FLEEEEING.
 11228 | Lair:4   | 11228 ||| STAIRDANCE
 11475 | Lair:4   | Found a staircase to the Slime Pits.
 11499 | Lair:4   | 11499 ||| INVOKING Heroism.
 11615 | Lair:4   | Reached XP level 13. HP: 118/118 MP: 18/18
 11722 | Lair:4   | Reached skill level 9 in Invocations
 11829 | Lair:4   | 11829 ||| FLEEEEING.
 11833 | Lair:4   | 11833 ||| FLEEEEING.
 11835 | Lair:4   | 11835 ||| FLEEEEING.
 12094 | Lair:4   | 12094 ||| READING 2 scrolls labelled AFIDIL QUEMAU.
 12195 | Lair:4   | 12195 ||| READING scroll labelled TOEDEI UNONG.
 12196 | Lair:4   | 12196 ||| DROPPING scroll of silence.
 12226 | Lair:5   | Entered Level 5 of the Lair of Beasts
 12229 | Lair:5   | 12229 ||| INVOKING Heroism.
 12411 | Lair:5   | 12411 ||| INVOKING Heroism.
 12479 | Lair:5   | 12479 ||| FLEEEEING.
 12480 | Lair:5   | 12480 ||| FLEEEEING.
 12481 | Lair:5   | 12481 ||| FLEEEEING.
 12482 | Lair:5   | 12482 ||| FLEEEEING.
 12522 | Lair:5   | 12522 ||| READING scroll of enchant weapon.
 12522 | Lair:5   | 12522 ||| ENCHANTING +5 orcbow of electrocution.
 12607 | Lair:5   | 12607 ||| INVOKING Heroism.
 12608 | Lair:5   | 12608 ||| INVOKING Finesse.
 12695 | Lair:5   | 12695 ||| Stepping ~*~*~tactically~*~*~ (outnumbered).
 12710 | Lair:5   | 12710 ||| INVOKING Heroism.
 12791 | Lair:5   | 12791 ||| INVOKING Heroism.
 12792 | Lair:5   | 12792 ||| Stepping ~*~*~tactically~*~*~ (outnumbered).
 12793 | Lair:5   | 12793 ||| INVOKING Finesse.
 12803 | Lair:5   | 12803 ||| Stepping ~*~*~tactically~*~*~ (cloud).
 12808 | Lair:5   | 12808 ||| Stepping ~*~*~tactically~*~*~ (cloud).
 12965 | Lair:5   | 12965 ||| INVOKING Heroism.
 12966 | Lair:5   | Noticed a dire elephant
 12967 | Lair:5   | 12967 ||| Stepping ~*~*~tactically~*~*~ (outnumbered).
 12987 | Lair:5   | Killed a dire elephant
 12987 | Lair:5   | HP: 30/123 [poisoned by a cane toad]
 12988 | Lair:5   | 12988 ||| READING 3 scrolls of teleportation.
 12989 | Lair:5   | 12989 ||| DRINKING potion of heal wounds.
 13223 | Lair:5   | 13223 ||| INVOKING Heroism.
 13364 | Lair:5   | 13364 ||| Stepping ~*~*~tactically~*~*~ (outnumbered).
 13428 | Lair:5   | 13428 ||| INVOKING Heroism.
 13429 | Lair:5   | 13429 ||| INVOKING Finesse.
 13506 | Lair:5   | 13506 ||| Stepping ~*~*~tactically~*~*~ (outnumbered).
 13552 | Lair:5   | 13552 ||| INVOKING Heroism.
 13581 | Lair:5   | Reached skill level 15 in Fighting
 13600 | Lair:5   | Received a gift from Okawaru
 13784 | Lair:5   | 13784 ||| SWAPPING to +3 longbow of draining.
 13785 | Lair:5   | 13785 ||| DROPPING +6 orcbow of electrocution.
 13912 | Lair:5   | Reached XP level 14. HP: 135/135 MP: 20/20
 14366 | Lair:5   | Found the +10 zealot's sword {holy, Zealotry, *Rage rN+
                  | EV+3}
 14374 | Lair:5   | Identified the +4 dagger "Hulev" {venom, rElec rPois rC-
                  | Str+3}
 14456 | Lair:5   | 14456 ||| PLANNING D:1-11
 14456 | Lair:5   | 14456 ||| UPGRADING to amulet of faith.
 14602 | D:11     | 14602 ||| Stepping ~*~*~tactically~*~*~ (outnumbered).
 14636 | D:11     | Found a frozen archway.
 14647 | D:11     | 14647 ||| INVOKING Heroism.
 14648 | D:11     | 14648 ||| INVOKING Finesse.
 15024 | D:11     | Identified the +4 chain mail "Soexo" {Int+2}
 15270 | D:11     | Reached skill level 17 in Ranged Weapons
 15461 | D:11     | 15461 ||| PLANNING D
 15526 | D:12     | 15526 ||| DRINKING 6 potions of curing.
 15526 | D:12     | 15526 ||| (to cure confusion)
 15534 | D:12     | 15534 ||| DRINKING 5 potions of curing.
 15534 | D:12     | 15534 ||| (to cure confusion)
 15540 | D:12     | 15540 ||| INVOKING Heroism.
 15994 | D:12     | 15994 ||| Stepping ~*~*~tactically~*~*~ (outnumbered).
 15998 | D:12     | 15998 ||| Stepping ~*~*~tactically~*~*~ (outnumbered).
 15999 | D:12     | 15999 ||| Stepping ~*~*~tactically~*~*~ (outnumbered).
 16001 | D:12     | 16001 ||| Stepping ~*~*~tactically~*~*~ (outnumbered).
 16004 | D:12     | 16004 ||| Stepping ~*~*~tactically~*~*~ (outnumbered).
 16010 | D:12     | 16010 ||| Stepping ~*~*~tactically~*~*~ (outnumbered).
 16169 | D:12     | 16169 ||| INVOKING Heroism.
 16170 | D:12     | 16170 ||| INVOKING Finesse.
 16179 | D:12     | Received a gift from Okawaru
 16240 | D:12     | 16240 ||| SWAPPING to +4 triple crossbow.
 16247 | D:12     | 16247 ||| DROPPING +3 longbow of draining.
 16693 | D:13     | 16693 ||| Stepping ~*~*~tactically~*~*~ (outnumbered).
 16696 | D:13     | 16696 ||| Stepping ~*~*~tactically~*~*~ (outnumbered).
 16697 | D:13     | 16697 ||| INVOKING Heroism.
 16716 | D:13     | Reached skill level 18 in Ranged Weapons
 16867 | D:13     | 16867 ||| FLEEEEING.
 16868 | D:13     | 16868 ||| FLEEEEING.
 16876 | D:13     | 16876 ||| FLEEEEING.
 16880 | D:13     | 16880 ||| FLEEEEING.
 16881 | D:13     | 16881 ||| FLEEEEING.
 16882 | D:13     | 16882 ||| FLEEEEING.
 16887 | D:13     | 16887 ||| FLEEEEING.
 16889 | D:13     | 16889 ||| FLEEEEING.
 16890 | D:13     | 16890 ||| FLEEEEING.
 16891 | D:13     | 16891 ||| FLEEEEING.
 16892 | D:13     | 16892 ||| FLEEEEING.
 16893 | D:13     | 16893 ||| FLEEEEING.
 16894 | D:13     | 16894 ||| FLEEEEING.
 16895 | D:13     | 16895 ||| FLEEEEING.
 16896 | D:13     | 16896 ||| FLEEEEING.
 16897 | D:13     | 16897 ||| FLEEEEING.
 16900 | D:13     | 16900 ||| FLEEEEING.
 16901 | D:13     | 16901 ||| FLEEEEING.
 16902 | D:13     | 16902 ||| FLEEEEING.
 16903 | D:13     | 16903 ||| FLEEEEING.
 16904 | D:13     | 16904 ||| STAIRDANCE
 17023 | D:12     | 17023 ||| READING scroll labelled LEAQEO NECE.
 17029 | D:13     | 17029 ||| STAIRDANCE
 17033 | D:12     | 17033 ||| INVOKING Heroism.
 17173 | D:13     | 17173 ||| INVOKING Heroism.
 17321 | D:13     | Found a gate to the Vaults.
 17375 | D:13     | 17375 ||| INVOKING Heroism.
 17665 | D:13     | 17665 ||| INVOKING Heroism.
 17918 | D:13     | HP: 21/135 [??? (18)]
 17928 | D:13     | HP: 14/135 [??? (11)]
 17933 | D:13     | HP: 6/135 [??? (4)]
 17938 | D:13     | HP: 4/135 [??? (1)]
 17945 | D:13     | HP: 3/135 [??? (1)]
 17952 | D:13     | HP: 4/135 [??? (1)]
 17957 | D:13     | HP: 3/135 [??? (1)]
 17963 | D:13     | HP: 4/135 [??? (1)]
 17970 | D:13     | HP: 4/135 [??? (1)]
 17976 | D:13     | HP: 3/135 [??? (1)]
 17981 | D:13     | HP: 3/135 [??? (1)]
 17986 | D:13     | HP: 3/135 [??? (1)]
 17994 | D:13     | HP: 4/135 [??? (2)]
 18001 | D:13     | HP: 4/135 [??? (2)]
 18006 | D:13     | HP: 4/135 [??? (1)]
 18011 | D:13     | HP: 3/135 [??? (1)]
 18018 | D:13     | HP: 4/135 [??? (1)]
 18024 | D:13     | HP: 4/135 [??? (2)]
 18032 | D:13     | HP: 4/135 [??? (1)]
 18037 | D:13     | HP: 4/135 [??? (2)]
 18043 | D:13     | HP: 4/135 [??? (2)]
 18048 | D:13     | HP: 4/135 [??? (2)]
 18053 | D:13     | HP: 4/135 [??? (2)]
 18059 | D:13     | HP: 4/135 [??? (1)]
 18064 | D:13     | HP: 3/135 [??? (1)]
 18072 | D:13     | HP: 4/135 [??? (1)]
 18077 | D:13     | HP: 3/135 [??? (1)]
 18082 | D:13     | HP: 3/135 [??? (1)]
 18087 | D:13     | HP: 3/135 [??? (1)]
 18092 | D:13     | HP: 4/135 [??? (1)]
 18102 | D:13     | HP: 5/135 [??? (2)]
 18107 | D:13     | HP: 4/135 [??? (1)]
 18112 | D:13     | HP: 4/135 [??? (2)]
 18120 | D:13     | HP: 4/135 [??? (1)]
 18126 | D:13     | HP: 3/135 [??? (1)]
 18132 | D:13     | HP: 4/135 [??? (2)]
 18138 | D:13     | HP: 3/135 [??? (1)]
 18144 | D:13     | HP: 4/135 [??? (2)]
 18158 | D:13     | HP: 5/135 [??? (3)]
 18164 | D:13     | HP: 3/135 [??? (1)]
 18170 | D:13     | HP: 4/135 [??? (1)]
 18175 | D:13     | HP: 3/135 [??? (1)]
 18183 | D:13     | HP: 4/135 [??? (1)]
 18194 | D:13     | HP: 5/135 [??? (2)]
 18200 | D:13     | HP: 4/135 [??? (1)]
 18205 | D:13     | HP: 3/135 [??? (1)]
 18214 | D:13     | HP: 5/135 [??? (2)]
 18220 | D:13     | HP: 4/135 [??? (1)]
 18228 | D:13     | HP: 4/135 [??? (1)]
 18233 | D:13     | HP: 3/135 [??? (1)]
 18238 | D:13     | HP: 3/135 [??? (1)]
 18245 | D:13     | HP: 4/135 [??? (1)]
 18251 | D:13     | HP: 4/135 [??? (1)]
 18259 | D:13     | HP: 5/135 [??? (2)]
 18270 | D:13     | HP: 5/135 [??? (3)]
 18275 | D:13     | HP: 5/135 [??? (2)]
 18280 | D:13     | HP: 4/135 [??? (1)]
 18285 | D:13     | HP: 4/135 [??? (1)]
 18291 | D:13     | HP: 4/135 [??? (2)]
 18296 | D:13     | HP: 3/135 [??? (1)]
 18302 | D:13     | HP: 4/135 [??? (1)]
 18311 | D:13     | HP: 4/135 [??? (1)]
 18323 | D:13     | HP: 5/135 [??? (3)]
 18328 | D:13     | HP: 4/135 [??? (1)]
 18335 | D:13     | HP: 4/135 [??? (2)]
 18340 | D:13     | HP: 4/135 [??? (2)]
 18345 | D:13     | HP: 4/135 [??? (1)]
 18350 | D:13     | HP: 3/135 [??? (1)]
 18356 | D:13     | HP: 3/135 [??? (1)]
 18366 | D:13     | HP: 5/135 [??? (2)]
 18372 | D:13     | HP: 3/135 [??? (1)]
 18377 | D:13     | HP: 4/135 [??? (1)]
 18382 | D:13     | HP: 4/135 [??? (1)]
 18387 | D:13     | HP: 4/135 [??? (1)]
 18397 | D:13     | HP: 5/135 [??? (2)]
 18404 | D:13     | HP: 5/135 [??? (3)]
 18414 | D:13     | HP: 4/135 [??? (2)]
 18421 | D:13     | HP: 3/135 [??? (1)]
 18428 | D:13     | HP: 4/135 [??? (1)]
 18438 | D:13     | HP: 5/135 [??? (3)]
 18443 | D:13     | HP: 3/135 [??? (1)]
 18452 | D:13     | HP: 4/135 [??? (1)]
 18460 | D:13     | HP: 3/135 [??? (1)]
 18466 | D:13     | HP: 3/135 [??? (1)]
 18471 | D:13     | HP: 3/135 [??? (1)]
 18476 | D:13     | HP: 3/135 [??? (1)]
 18482 | D:13     | HP: 3/135 [??? (1)]
 18487 | D:13     | HP: 3/135 [??? (1)]
 18495 | D:13     | HP: 4/135 [??? (1)]
 18502 | D:13     | HP: 3/135 [??? (1)]
 18508 | D:13     | HP: 4/135 [??? (2)]
 18515 | D:13     | HP: 4/135 [??? (1)]
 18520 | D:13     | HP: 3/135 [??? (1)]
 18525 | D:13     | HP: 3/135 [??? (1)]
 18531 | D:13     | HP: 4/135 [??? (1)]
 18537 | D:13     | HP: 4/135 [??? (1)]
 18542 | D:13     | HP: 4/135 [??? (2)]
 18550 | D:13     | HP: 3/135 [??? (1)]
 18556 | D:13     | HP: 4/135 [??? (2)]
 18562 | D:13     | HP: 3/135 [??? (1)]
 18570 | D:13     | HP: 4/135 [??? (1)]
 18576 | D:13     | HP: 4/135 [??? (2)]
 18583 | D:13     | HP: 5/135 [??? (2)]
 18588 | D:13     | HP: 4/135 [??? (1)]
 18596 | D:13     | HP: 5/135 [??? (2)]
 18601 | D:13     | HP: 5/135 [??? (2)]
 18610 | D:13     | HP: 4/135 [??? (2)]
 18615 | D:13     | HP: 4/135 [??? (1)]
 18622 | D:13     | HP: 4/135 [??? (1)]
 18630 | D:13     | HP: 4/135 [??? (1)]
 18637 | D:13     | HP: 4/135 [??? (2)]
 18644 | D:13     | HP: 4/135 [??? (1)]
 18649 | D:13     | HP: 3/135 [??? (1)]
 18654 | D:13     | HP: 3/135 [??? (1)]
 18660 | D:13     | HP: 3/135 [??? (1)]
 18666 | D:13     | HP: 3/135 [??? (1)]
 18671 | D:13     | HP: 3/135 [??? (1)]
 18677 | D:13     | HP: 3/135 [??? (1)]
 18682 | D:13     | HP: 3/135 [??? (1)]
 18687 | D:13     | HP: 3/135 [??? (1)]
 18696 | D:13     | HP: 4/135 [??? (2)]
 18701 | D:13     | HP: 4/135 [??? (1)]
 18707 | D:13     | HP: 3/135 [??? (1)]
 18714 | D:13     | HP: 4/135 [??? (1)]
 18721 | D:13     | HP: 5/135 [??? (2)]
 18726 | D:13     | HP: 3/135 [??? (1)]
 18733 | D:13     | HP: 4/135 [??? (1)]
 18738 | D:13     | HP: 3/135 [??? (1)]
 18746 | D:13     | HP: 4/135 [??? (2)]
 18751 | D:13     | HP: 4/135 [??? (2)]
 18756 | D:13     | HP: 3/135 [??? (1)]
 18770 | D:13     | HP: 5/135 [??? (3)]
 18775 | D:13     | HP: 4/135 [??? (1)]
 18780 | D:13     | HP: 3/135 [??? (1)]
 18785 | D:13     | HP: 4/135 [??? (1)]
 18791 | D:13     | HP: 4/135 [??? (1)]
 18802 | D:13     | HP: 4/135 [??? (2)]
 18807 | D:13     | HP: 3/135 [??? (1)]
 18812 | D:13     | HP: 3/135 [??? (1)]
 18818 | D:13     | HP: 3/135 [??? (1)]
 18823 | D:13     | HP: 3/135 [??? (1)]
 18828 | D:13     | HP: 4/135 [??? (1)]
 18835 | D:13     | HP: 4/135 [??? (1)]
 18844 | D:13     | HP: 4/135 [??? (2)]
 18851 | D:13     | HP: 4/135 [??? (1)]
 18858 | D:13     | HP: 5/135 [??? (2)]
 18865 | D:13     | HP: 4/135 [??? (2)]
 18875 | D:13     | HP: 5/135 [??? (2)]
 18880 | D:13     | HP: 3/135 [??? (1)]
 18885 | D:13     | HP: 3/135 [??? (1)]
 18890 | D:13     | HP: 4/135 [??? (1)]
 18895 | D:13     | HP: 3/135 [??? (1)]
 18904 | D:13     | HP: 4/135 [??? (2)]
 18913 | D:13     | HP: 4/135 [??? (2)]
 18925 | D:13     | HP: 5/135 [??? (2)]
 18931 | D:13     | HP: 5/135 [??? (2)]
 18939 | D:13     | HP: 4/135 [??? (2)]
 18944 | D:13     | HP: 4/135 [??? (2)]
 18955 | D:13     | HP: 5/135 [??? (2)]
 18963 | D:13     | HP: 6/135 [??? (3)]
 18969 | D:13     | HP: 4/135 [??? (1)]
 18979 | D:13     | HP: 5/135 [??? (3)]
 18987 | D:13     | HP: 6/135 [??? (3)]
 18999 | D:13     | HP: 5/135 [??? (3)]
 19007 | D:13     | HP: 5/135 [??? (3)]
 19017 | D:13     | HP: 6/135 [??? (3)]
 19022 | D:13     | HP: 4/135 [??? (1)]
 19030 | D:13     | HP: 4/135 [??? (2)]
 19035 | D:13     | HP: 4/135 [??? (1)]
 19040 | D:13     | HP: 4/135 [??? (1)]
 19046 | D:13     | HP: 4/135 [??? (1)]
 19051 | D:13     | HP: 3/135 [??? (1)]
 19057 | D:13     | HP: 3/135 [??? (1)]
 19068 | D:13     | HP: 5/135 [??? (2)]
 19075 | D:13     | HP: 4/135 [??? (1)]
 19080 | D:13     | HP: 3/135 [??? (1)]
 19086 | D:13     | HP: 3/135 [??? (1)]
 19092 | D:13     | HP: 4/135 [??? (2)]
 19098 | D:13     | HP: 4/135 [??? (2)]
 19104 | D:13     | HP: 4/135 [??? (1)]
 19109 | D:13     | HP: 3/135 [??? (1)]
 19114 | D:13     | HP: 3/135 [??? (1)]
 19120 | D:13     | HP: 3/135 [??? (1)]
 19127 | D:13     | HP: 4/135 [??? (1)]
 19138 | D:13     | HP: 5/135 [??? (2)]
 19143 | D:13     | HP: 3/135 [??? (1)]
 19151 | D:13     | HP: 4/135 [??? (1)]
 19156 | D:13     | HP: 4/135 [??? (1)]
 19161 | D:13     | HP: 4/135 [??? (1)]
 19167 | D:13     | HP: 4/135 [??? (1)]
 19173 | D:13     | HP: 4/135 [??? (1)]
 19178 | D:13     | HP: 4/135 [??? (1)]
 19184 | D:13     | HP: 4/135 [??? (1)]
 19189 | D:13     | HP: 4/135 [??? (1)]
 19195 | D:13     | HP: 4/135 [??? (1)]
 19200 | D:13     | HP: 3/135 [??? (1)]
 19209 | D:13     | HP: 4/135 [??? (1)]
 19215 | D:13     | HP: 4/135 [??? (1)]
 19220 | D:13     | HP: 3/135 [??? (1)]
 19227 | D:13     | HP: 4/135 [??? (2)]
 19232 | D:13     | HP: 3/135 [??? (1)]
 19237 | D:13     | HP: 3/135 [??? (1)]
 19243 | D:13     | HP: 3/135 [??? (1)]
 19250 | D:13     | HP: 4/135 [??? (1)]
 19260 | D:13     | HP: 4/135 [??? (1)]
 19276 | D:13     | HP: 6/135 [??? (3)]
 19282 | D:13     | HP: 5/135 [??? (2)]
 19287 | D:13     | HP: 3/135 [??? (1)]
 19294 | D:13     | HP: 4/135 [??? (1)]
 19301 | D:13     | HP: 4/135 [??? (2)]
 19315 | D:13     | HP: 6/135 [??? (3)]
 19321 | D:13     | HP: 4/135 [??? (2)]
 19334 | D:13     | HP: 5/135 [??? (2)]
 19342 | D:13     | HP: 4/135 [??? (1)]
 19357 | D:13     | HP: 5/135 [??? (3)]
 19362 | D:13     | HP: 5/135 [??? (2)]
 19370 | D:13     | HP: 5/135 [??? (3)]
 19377 | D:13     | HP: 4/135 [??? (1)]
 19382 | D:13     | HP: 3/135 [??? (1)]
 19391 | D:13     | HP: 4/135 [??? (1)]
 19396 | D:13     | HP: 4/135 [??? (1)]
 19404 | D:13     | HP: 4/135 [??? (1)]
 19409 | D:13     | HP: 4/135 [??? (1)]
 19415 | D:13     | HP: 5/135 [??? (2)]
 19422 | D:13     | HP: 5/135 [??? (2)]
 19428 | D:13     | HP: 3/135 [??? (1)]
 19435 | D:13     | HP: 4/135 [??? (1)]
 19447 | D:13     | HP: 5/135 [??? (2)]
 19452 | D:13     | HP: 4/135 [??? (1)]
 19462 | D:13     | HP: 5/135 [??? (2)]
 19467 | D:13     | HP: 3/135 [??? (1)]
 19473 | D:13     | HP: 4/135 [??? (2)]
 19478 | D:13     | HP: 3/135 [??? (1)]
 19484 | D:13     | HP: 3/135 [??? (1)]
 19492 | D:13     | HP: 4/135 [??? (1)]
 19501 | D:13     | HP: 4/135 [??? (1)]
 19510 | D:13     | HP: 4/135 [??? (2)]
 19518 | D:13     | HP: 5/135 [??? (2)]
 19523 | D:13     | HP: 4/135 [??? (2)]
 19530 | D:13     | HP: 4/135 [??? (2)]
 19540 | D:13     | HP: 5/135 [??? (3)]
 19546 | D:13     | HP: 4/135 [??? (2)]
 19551 | D:13     | HP: 4/135 [??? (2)]
 19557 | D:13     | HP: 4/135 [??? (1)]
 19564 | D:13     | HP: 5/135 [??? (2)]
 19572 | D:13     | HP: 6/135 [??? (3)]
 19578 | D:13     | HP: 5/135 [??? (3)]
 19583 | D:13     | HP: 4/135 [??? (1)]
 19589 | D:13     | HP: 3/135 [??? (1)]
 19601 | D:13     | HP: 5/135 [??? (2)]
 19607 | D:13     | HP: 3/135 [??? (1)]
 19616 | D:13     | HP: 4/135 [??? (2)]
 19622 | D:13     | HP: 3/135 [??? (1)]
 19629 | D:13     | HP: 3/135 [??? (1)]
 19635 | D:13     | HP: 4/135 [??? (1)]
 19642 | D:13     | HP: 5/135 [??? (2)]
 19648 | D:13     | HP: 5/135 [??? (2)]
 19660 | D:13     | HP: 5/135 [??? (2)]
 19667 | D:13     | HP: 4/135 [??? (1)]
 19673 | D:13     | HP: 4/135 [??? (1)]
 19685 | D:13     | HP: 4/135 [??? (2)]
 19690 | D:13     | HP: 3/135 [??? (1)]
 19697 | D:13     | HP: 3/135 [??? (1)]
 19702 | D:13     | HP: 4/135 [??? (1)]
 19707 | D:13     | HP: 3/135 [??? (1)]
 19717 | D:13     | HP: 5/135 [??? (2)]
 19723 | D:13     | HP: 4/135 [??? (1)]
 19733 | D:13     | HP: 4/135 [??? (2)]
 19738 | D:13     | HP: 4/135 [??? (2)]
 19744 | D:13     | HP: 4/135 [??? (1)]
 19750 | D:13     | HP: 3/135 [??? (1)]
 19760 | D:13     | HP: 4/135 [??? (1)]
 19768 | D:13     | HP: 5/135 [??? (2)]
 19774 | D:13     | HP: 4/135 [??? (1)]
 19781 | D:13     | HP: 4/135 [??? (1)]
 19787 | D:13     | HP: 3/135 [??? (1)]
 19792 | D:13     | HP: 4/135 [??? (1)]
 19797 | D:13     | HP: 4/135 [??? (1)]
 19803 | D:13     | HP: 4/135 [??? (2)]
 19808 | D:13     | HP: 3/135 [??? (1)]
 19815 | D:13     | HP: 4/135 [??? (2)]
 19822 | D:13     | HP: 4/135 [??? (2)]
 19827 | D:13     | HP: 4/135 [??? (1)]
 19832 | D:13     | HP: 4/135 [??? (1)]
 19837 | D:13     | HP: 4/135 [??? (1)]
 19842 | D:13     | HP: 3/135 [??? (1)]
 19849 | D:13     | HP: 3/135 [??? (1)]
 19857 | D:13     | HP: 4/135 [??? (2)]
 19866 | D:13     | HP: 5/135 [??? (2)]
 19873 | D:13     | HP: 4/135 [??? (1)]
 19878 | D:13     | HP: 3/135 [??? (1)]
 19885 | D:13     | HP: 3/135 [??? (1)]
 19896 | D:13     | HP: 4/135 [??? (2)]
 19902 | D:13     | HP: 4/135 [??? (2)]
 19915 | D:13     | HP: 6/135 [??? (3)]
 19920 | D:13     | HP: 4/135 [??? (2)]
 19925 | D:13     | HP: 3/135 [??? (1)]
 19930 | D:13     | HP: 4/135 [??? (1)]
 19935 | D:13     | HP: 3/135 [??? (1)]
 19942 | D:13     | HP: 3/135 [??? (1)]
 19955 | D:13     | HP: 5/135 [??? (3)]
 19964 | D:13     | HP: 5/135 [??? (2)]
 19973 | D:13     | HP: 5/135 [??? (2)]
 19978 | D:13     | HP: 4/135 [??? (2)]
 19984 | D:13     | HP: 3/135 [??? (1)]
 20000 | D:13     | HP: 5/135 [??? (3)]
 20006 | D:13     | HP: 4/135 [??? (2)]
 20014 | D:13     | HP: 4/135 [??? (1)]
 20020 | D:13     | HP: 4/135 [??? (1)]
 20027 | D:13     | HP: 4/135 [??? (1)]
 20032 | D:13     | HP: 4/135 [??? (1)]
 20038 | D:13     | HP: 3/135 [??? (1)]
 20045 | D:13     | HP: 4/135 [??? (2)]
 20052 | D:13     | HP: 4/135 [??? (1)]
 20063 | D:13     | HP: 4/135 [??? (2)]
 20072 | D:13     | HP: 4/135 [??? (2)]
 20077 | D:13     | HP: 4/135 [??? (2)]
 20088 | D:13     | HP: 5/135 [??? (2)]
 20095 | D:13     | HP: 4/135 [??? (2)]
 20101 | D:13     | HP: 5/135 [??? (2)]
 20107 | D:13     | HP: 4/135 [??? (2)]
 20114 | D:13     | 20114 ||| READING 4 scrolls of teleportation.
 20115 | D:13     | 20115 ||| DRINKING potion of heal wounds.
 20115 | D:13     | HP: 14/135 [??? (11)]
 20116 | D:13     | 20116 ||| INVOKING Heroism.
 20527 | D:13     | HP: 20/135 [??? (18)]
 20529 | D:13     | HP: 7/135 [??? (5)]
 20534 | D:13     | HP: 5/135 [??? (2)]
 20540 | D:13     | HP: 3/135 [??? (1)]
 20547 | D:13     | HP: 4/135 [??? (2)]
 20554 | D:13     | HP: 4/135 [??? (1)]
 20560 | D:13     | HP: 5/135 [??? (2)]
 20566 | D:13     | HP: 3/135 [??? (1)]
 20572 | D:13     | HP: 3/135 [??? (1)]
 20579 | D:13     | HP: 4/135 [??? (1)]
 20587 | D:13     | HP: 4/135 [??? (2)]
 20593 | D:13     | HP: 4/135 [??? (2)]
 20603 | D:13     | HP: 5/135 [??? (3)]
 20608 | D:13     | HP: 4/135 [??? (1)]
 20613 | D:13     | HP: 4/135 [??? (2)]
 20621 | D:13     | HP: 4/135 [??? (2)]
 20626 | D:13     | HP: 3/135 [??? (1)]
 20631 | D:13     | HP: 4/135 [??? (1)]
 20638 | D:13     | HP: 4/135 [??? (1)]
 20651 | D:13     | HP: 5/135 [??? (2)]
 20658 | D:13     | HP: 4/135 [??? (2)]
 20668 | D:13     | HP: 5/135 [??? (3)]
 20673 | D:13     | HP: 4/135 [??? (1)]
 20681 | D:13     | HP: 3/135 [??? (1)]
 20686 | D:13     | HP: 3/135 [??? (1)]
 20693 | D:13     | HP: 4/135 [??? (1)]
 20700 | D:13     | HP: 4/135 [??? (1)]
 20709 | D:13     | HP: 5/135 [??? (3)]
 20714 | D:13     | HP: 5/135 [??? (2)]
 20721 | D:13     | HP: 4/135 [??? (2)]
 20727 | D:13     | HP: 4/135 [??? (1)]
 20733 | D:13     | HP: 3/135 [??? (1)]
 20741 | D:13     | HP: 4/135 [??? (1)]
 20746 | D:13     | HP: 3/135 [??? (1)]
 20754 | D:13     | HP: 4/135 [??? (1)]
 20760 | D:13     | HP: 4/135 [??? (1)]
 20768 | D:13     | HP: 4/135 [??? (2)]
 20773 | D:13     | HP: 4/135 [??? (2)]
 20780 | D:13     | HP: 3/135 [??? (1)]
 20785 | D:13     | HP: 3/135 [??? (1)]
 20794 | D:13     | HP: 4/135 [??? (2)]
 20799 | D:13     | HP: 4/135 [??? (1)]
 20809 | D:13     | HP: 4/135 [??? (1)]
 20814 | D:13     | HP: 4/135 [??? (2)]
 20822 | D:13     | HP: 4/135 [??? (2)]
 20828 | D:13     | HP: 4/135 [??? (1)]
 20842 | D:13     | HP: 5/135 [??? (3)]
 20848 | D:13     | HP: 3/135 [??? (1)]
 20855 | D:13     | HP: 4/135 [??? (1)]
 20860 | D:13     | HP: 4/135 [??? (1)]
 20866 | D:13     | HP: 3/135 [??? (1)]
 20873 | D:13     | HP: 3/135 [??? (1)]
 20878 | D:13     | HP: 4/135 [??? (1)]
 20884 | D:13     | HP: 5/135 [??? (2)]
 20898 | D:13     | HP: 6/135 [??? (4)]
 20906 | D:13     | HP: 4/135 [??? (2)]
 20912 | D:13     | HP: 4/135 [??? (2)]
 20919 | D:13     | HP: 4/135 [??? (2)]
 20925 | D:13     | HP: 3/135 [??? (1)]
 20933 | D:13     | HP: 4/135 [??? (1)]
 20938 | D:13     | HP: 3/135 [??? (1)]
 20944 | D:13     | HP: 4/135 [??? (1)]
 20950 | D:13     | HP: 4/135 [??? (1)]
 20957 | D:13     | HP: 3/135 [??? (1)]
 20967 | D:13     | HP: 4/135 [??? (2)]
 20973 | D:13     | HP: 4/135 [??? (1)]
 20978 | D:13     | HP: 4/135 [??? (1)]
 20984 | D:13     | HP: 5/135 [??? (2)]
 20989 | D:13     | HP: 5/135 [??? (2)]
 20994 | D:13     | HP: 3/135 [??? (1)]
 21001 | D:13     | HP: 4/135 [??? (1)]
 21007 | D:13     | HP: 4/135 [??? (2)]
 21020 | D:13     | HP: 5/135 [??? (3)]
 21031 | D:13     | HP: 5/135 [??? (2)]
 21037 | D:13     | HP: 5/135 [??? (3)]
 21044 | D:13     | HP: 3/135 [??? (1)]
 21051 | D:13     | HP: 4/135 [??? (2)]
 21057 | D:13     | HP: 3/135 [??? (1)]
 21068 | D:13     | HP: 4/135 [??? (2)]
 21077 | D:13     | HP: 4/135 [??? (1)]
 21082 | D:13     | HP: 3/135 [??? (1)]
 21090 | D:13     | HP: 4/135 [??? (1)]
 21095 | D:13     | HP: 3/135 [??? (1)]
 21102 | D:13     | HP: 4/135 [??? (1)]
 21108 | D:13     | HP: 4/135 [??? (2)]
 21120 | D:13     | HP: 5/135 [??? (2)]
 21126 | D:13     | HP: 4/135 [??? (1)]
 21135 | D:13     | HP: 4/135 [??? (1)]
 21143 | D:13     | HP: 4/135 [??? (1)]
 21157 | D:13     | HP: 5/135 [??? (2)]
 21163 | D:13     | HP: 4/135 [??? (2)]
 21168 | D:13     | HP: 3/135 [??? (1)]
 21174 | D:13     | HP: 3/135 [??? (1)]
 21179 | D:13     | HP: 4/135 [??? (1)]
 21184 | D:13     | HP: 4/135 [??? (1)]
 21191 | D:13     | HP: 4/135 [??? (2)]
 21196 | D:13     | HP: 4/135 [??? (1)]
 21203 | D:13     | HP: 4/135 [??? (1)]
 21208 | D:13     | HP: 4/135 [??? (1)]
 21213 | D:13     | HP: 3/135 [??? (1)]
 21223 | D:13     | HP: 4/135 [??? (2)]
 21228 | D:13     | HP: 4/135 [??? (1)]
 21238 | D:13     | HP: 5/135 [??? (2)]
 21246 | D:13     | HP: 4/135 [??? (2)]
 21251 | D:13     | HP: 4/135 [??? (2)]
 21257 | D:13     | HP: 3/135 [??? (1)]
 21264 | D:13     | HP: 3/135 [??? (1)]
 21270 | D:13     | HP: 4/135 [??? (1)]
 21275 | D:13     | HP: 4/135 [??? (1)]
 21280 | D:13     | HP: 4/135 [??? (1)]
 21285 | D:13     | HP: 3/135 [??? (1)]
 21303 | D:13     | HP: 6/135 [??? (4)]
 21316 | D:13     | HP: 6/135 [??? (3)]
 21324 | D:13     | HP: 5/135 [??? (2)]
 21330 | D:13     | HP: 4/135 [??? (1)]
 21339 | D:13     | HP: 4/135 [??? (1)]
 21347 | D:13     | HP: 4/135 [??? (1)]
 21353 | D:13     | HP: 5/135 [??? (2)]
 21358 | D:13     | HP: 3/135 [??? (1)]
 21363 | D:13     | HP: 3/135 [??? (1)]
 21371 | D:13     | HP: 4/135 [??? (2)]
 21379 | D:13     | HP: 4/135 [??? (2)]
 21385 | D:13     | HP: 3/135 [??? (1)]
 21391 | D:13     | HP: 4/135 [??? (1)]
 21396 | D:13     | HP: 3/135 [??? (1)]
 21404 | D:13     | HP: 4/135 [??? (1)]
 21416 | D:13     | HP: 6/135 [??? (3)]
 21427 | D:13     | HP: 7/135 [??? (4)]
 21434 | D:13     | HP: 6/135 [??? (4)]
 21446 | D:13     | HP: 5/135 [??? (3)]
 21452 | D:13     | HP: 4/135 [??? (1)]
 21459 | D:13     | HP: 4/135 [??? (1)]
 21466 | D:13     | HP: 5/135 [??? (2)]
 21471 | D:13     | HP: 5/135 [??? (2)]
 21480 | D:13     | HP: 4/135 [??? (2)]
 21486 | D:13     | HP: 3/135 [??? (1)]
 21491 | D:13     | HP: 3/135 [??? (1)]
 21496 | D:13     | HP: 4/135 [??? (1)]
 21501 | D:13     | HP: 4/135 [??? (1)]
 21508 | D:13     | HP: 4/135 [??? (1)]
 21514 | D:13     | HP: 4/135 [??? (1)]
 21521 | D:13     | HP: 4/135 [??? (2)]
 21527 | D:13     | HP: 4/135 [??? (1)]
 21533 | D:13     | HP: 4/135 [??? (1)]
 21542 | D:13     | HP: 4/135 [??? (2)]
 21549 | D:13     | HP: 4/135 [??? (1)]
 21556 | D:13     | HP: 4/135 [??? (1)]
 21562 | D:13     | HP: 4/135 [??? (2)]
 21576 | D:13     | HP: 5/135 [??? (3)]
 21581 | D:13     | HP: 3/135 [??? (1)]
 21588 | D:13     | HP: 4/135 [??? (2)]
 21593 | D:13     | HP: 3/135 [??? (1)]
 21599 | D:13     | HP: 4/135 [??? (1)]
 21604 | D:13     | HP: 3/135 [??? (1)]
 21609 | D:13     | HP: 4/135 [??? (1)]
 21619 | D:13     | HP: 4/135 [??? (2)]
 21624 | D:13     | HP: 4/135 [??? (2)]
 21631 | D:13     | HP: 4/135 [??? (2)]
 21637 | D:13     | HP: 4/135 [??? (2)]
 21645 | D:13     | HP: 4/135 [??? (2)]
 21651 | D:13     | HP: 4/135 [??? (1)]
 21656 | D:13     | HP: 4/135 [??? (1)]
 21663 | D:13     | HP: 3/135 [??? (1)]
 21671 | D:13     | HP: 4/135 [??? (1)]
 21683 | D:13     | HP: 5/135 [??? (2)]
 21688 | D:13     | HP: 4/135 [??? (1)]
 21694 | D:13     | HP: 4/135 [??? (1)]
 21700 | D:13     | HP: 3/135 [??? (1)]
 21708 | D:13     | HP: 4/135 [??? (2)]
 21719 | D:13     | HP: 5/135 [??? (3)]
 21729 | D:13     | HP: 4/135 [??? (2)]
 21734 | D:13     | HP: 4/135 [??? (2)]
 21740 | D:13     | HP: 3/135 [??? (1)]
 21748 | D:13     | HP: 4/135 [??? (2)]
 21753 | D:13     | HP: 4/135 [??? (2)]
 21763 | D:13     | HP: 5/135 [??? (2)]
 21765 | D:13     | 21765 ||| READING 3 scrolls of teleportation.
 21766 | D:13     | 21766 ||| INVOKING Heroism.
 21943 | D:13     | 21943 ||| INVOKING Heroism.
 22143 | D:13     | HP: 20/135 [??? (18)]
 22149 | D:13     | HP: 8/135 [??? (5)]
 22152 | D:13     | HP: 3/135 [??? (1)]
 22157 | D:13     | HP: 3/135 [??? (1)]
 22162 | D:13     | HP: 3/135 [??? (1)]
 22167 | D:13     | HP: 4/135 [??? (1)]
 22176 | D:13     | HP: 4/135 [??? (2)]
 22190 | D:13     | HP: 5/135 [??? (3)]
 22197 | D:13     | HP: 4/135 [??? (1)]
 22205 | D:13     | HP: 4/135 [??? (1)]
 22213 | D:13     | HP: 4/135 [??? (1)]
 22219 | D:13     | HP: 4/135 [??? (1)]
 22225 | D:13     | HP: 3/135 [??? (1)]
 22230 | D:13     | HP: 3/135 [??? (1)]
 22236 | D:13     | HP: 4/135 [??? (2)]
 22242 | D:13     | HP: 4/135 [??? (1)]
 22252 | D:13     | HP: 4/135 [??? (2)]
 22258 | D:13     | HP: 3/135 [??? (1)]
 22265 | D:13     | HP: 3/135 [??? (1)]
 22270 | D:13     | HP: 3/135 [??? (1)]
 22276 | D:13     | HP: 4/135 [??? (2)]
 22282 | D:13     | HP: 4/135 [??? (1)]
 22287 | D:13     | HP: 4/135 [??? (2)]
 22292 | D:13     | HP: 4/135 [??? (2)]
 22304 | D:13     | HP: 4/135 [??? (2)]
 22311 | D:13     | HP: 5/135 [??? (2)]
 22322 | D:13     | HP: 6/135 [??? (4)]
 22329 | D:13     | HP: 4/135 [??? (1)]
 22335 | D:13     | HP: 4/135 [??? (2)]
 22344 | D:13     | HP: 5/135 [??? (2)]
 22349 | D:13     | HP: 4/135 [??? (1)]
 22357 | D:13     | HP: 5/135 [??? (3)]
 22365 | D:13     | HP: 5/135 [??? (3)]
 22371 | D:13     | HP: 4/135 [??? (1)]
 22377 | D:13     | HP: 3/135 [??? (1)]
 22384 | D:13     | HP: 4/135 [??? (1)]
 22392 | D:13     | HP: 3/135 [??? (1)]
 22405 | D:13     | HP: 5/135 [??? (3)]
 22410 | D:13     | HP: 3/135 [??? (1)]
 22417 | D:13     | HP: 4/135 [??? (1)]
 22423 | D:13     | HP: 3/135 [??? (1)]
 22429 | D:13     | HP: 4/135 [??? (1)]
 22434 | D:13     | HP: 3/135 [??? (1)]
 22443 | D:13     | HP: 5/135 [??? (2)]
 22448 | D:13     | HP: 3/135 [??? (1)]
 22453 | D:13     | HP: 3/135 [??? (1)]
 22462 | D:13     | HP: 4/135 [??? (2)]
 22468 | D:13     | HP: 3/135 [??? (1)]
 22477 | D:13     | HP: 4/135 [??? (2)]
 22482 | D:13     | HP: 3/135 [??? (1)]
 22489 | D:13     | HP: 4/135 [??? (2)]
 22494 | D:13     | HP: 4/135 [??? (2)]
 22500 | D:13     | HP: 4/135 [??? (2)]
 22515 | D:13     | HP: 5/135 [??? (3)]
 22529 | D:13     | HP: 5/135 [??? (3)]
 22535 | D:13     | HP: 3/135 [??? (1)]
 22541 | D:13     | HP: 4/135 [??? (1)]
 22547 | D:13     | HP: 4/135 [??? (1)]
 22553 | D:13     | HP: 4/135 [??? (1)]
 22559 | D:13     | HP: 4/135 [??? (2)]
 22567 | D:13     | HP: 4/135 [??? (1)]
 22572 | D:13     | HP: 4/135 [??? (2)]
 22579 | D:13     | HP: 3/135 [??? (1)]
 22584 | D:13     | HP: 3/135 [??? (1)]
 22592 | D:13     | HP: 4/135 [??? (1)]
 22604 | D:13     | HP: 4/135 [??? (2)]
 22609 | D:13     | HP: 3/135 [??? (1)]
 22615 | D:13     | HP: 4/135 [??? (2)]
 22620 | D:13     | HP: 3/135 [??? (1)]
 22626 | D:13     | HP: 4/135 [??? (2)]
 22637 | D:13     | HP: 4/135 [??? (2)]
 22643 | D:13     | HP: 4/135 [??? (2)]
 22649 | D:13     | HP: 4/135 [??? (1)]
 22655 | D:13     | HP: 3/135 [??? (1)]
 22660 | D:13     | HP: 3/135 [??? (1)]
 22671 | D:13     | HP: 4/135 [??? (2)]
 22676 | D:13     | HP: 3/135 [??? (1)]
 22683 | D:13     | HP: 3/135 [??? (1)]
 22689 | D:13     | HP: 4/135 [??? (1)]
 22698 | D:13     | HP: 4/135 [??? (2)]
 22703 | D:13     | HP: 3/135 [??? (1)]
 22719 | D:13     | HP: 6/135 [??? (3)]
 22727 | D:13     | HP: 5/135 [??? (2)]
 22734 | D:13     | HP: 4/135 [??? (2)]
 22740 | D:13     | HP: 4/135 [??? (1)]
 22750 | D:13     | HP: 5/135 [??? (2)]
 22755 | D:13     | HP: 4/135 [??? (1)]
 22760 | D:13     | HP: 3/135 [??? (1)]
 22765 | D:13     | HP: 4/135 [??? (1)]
 22773 | D:13     | HP: 3/135 [??? (1)]
 22787 | D:13     | HP: 5/135 [??? (3)]
 22793 | D:13     | HP: 4/135 [??? (1)]
 22806 | D:13     | HP: 6/135 [??? (3)]
 22812 | D:13     | HP: 3/135 [??? (1)]
 22817 | D:13     | HP: 3/135 [??? (1)]
 22823 | D:13     | HP: 3/135 [??? (1)]
 22829 | D:13     | HP: 3/135 [??? (1)]
 22834 | D:13     | HP: 3/135 [??? (1)]
 22842 | D:13     | HP: 3/135 [??? (1)]
 22848 | D:13     | HP: 4/135 [??? (1)]
 22853 | D:13     | HP: 4/135 [??? (1)]
 22858 | D:13     | HP: 3/135 [??? (1)]
 22864 | D:13     | HP: 3/135 [??? (1)]
 22869 | D:13     | HP: 3/135 [??? (1)]
 22885 | D:13     | HP: 6/135 [??? (3)]
 22892 | D:13     | HP: 3/135 [??? (1)]
 22901 | D:13     | HP: 4/135 [??? (1)]
 22911 | D:13     | HP: 5/135 [??? (2)]
 22916 | D:13     | HP: 3/135 [??? (1)]
 22922 | D:13     | HP: 4/135 [??? (1)]
 22931 | D:13     | HP: 5/135 [??? (2)]
 22936 | D:13     | HP: 4/135 [??? (1)]
 22941 | D:13     | HP: 3/135 [??? (1)]
 22948 | D:13     | HP: 3/135 [??? (1)]
 22953 | D:13     | HP: 4/135 [??? (1)]
 22959 | D:13     | HP: 4/135 [??? (1)]
 22966 | D:13     | HP: 4/135 [??? (1)]
 22975 | D:13     | HP: 4/135 [??? (2)]
 22983 | D:13     | HP: 3/135 [??? (1)]
 22993 | D:13     | HP: 5/135 [??? (3)]
 23001 | D:13     | HP: 4/135 [??? (1)]
 23007 | D:13     | HP: 4/135 [??? (1)]
 23013 | D:13     | HP: 4/135 [??? (1)]
 23019 | D:13     | HP: 4/135 [??? (2)]
 23027 | D:13     | HP: 4/135 [??? (2)]
 23035 | D:13     | HP: 4/135 [??? (1)]
 23043 | D:13     | HP: 4/135 [??? (2)]
 23048 | D:13     | HP: 4/135 [??? (1)]
 23053 | D:13     | HP: 3/135 [??? (1)]
 23058 | D:13     | HP: 3/135 [??? (1)]
 23070 | D:13     | HP: 5/135 [??? (2)]
 23081 | D:13     | HP: 6/135 [??? (4)]
 23095 | D:13     | HP: 6/135 [??? (4)]
 23102 | D:13     | HP: 5/135 [??? (3)]
 23118 | D:13     | HP: 6/135 [??? (4)]
 23123 | D:13     | HP: 5/135 [??? (3)]
 23135 | D:13     | HP: 5/135 [??? (3)]
 23140 | D:13     | HP: 5/135 [??? (2)]
 23147 | D:13     | HP: 5/135 [??? (3)]
 23152 | D:13     | HP: 4/135 [??? (1)]
 23159 | D:13     | HP: 5/135 [??? (2)]
 23171 | D:13     | HP: 4/135 [??? (2)]
 23184 | D:13     | HP: 6/135 [??? (4)]
 23190 | D:13     | HP: 3/135 [??? (1)]
 23197 | D:13     | HP: 3/135 [??? (1)]
 23204 | D:13     | HP: 4/135 [??? (2)]
 23210 | D:13     | HP: 4/135 [??? (2)]
 23215 | D:13     | HP: 3/135 [??? (1)]
 23224 | D:13     | HP: 4/135 [??? (2)]
 23230 | D:13     | HP: 4/135 [??? (2)]
 23238 | D:13     | HP: 5/135 [??? (3)]
 23244 | D:13     | HP: 4/135 [??? (1)]
 23249 | D:13     | HP: 4/135 [??? (2)]
 23254 | D:13     | HP: 3/135 [??? (1)]
 23259 | D:13     | HP: 3/135 [??? (1)]
 23267 | D:13     | HP: 5/135 [??? (2)]
 23280 | D:13     | HP: 5/135 [??? (3)]
 23285 | D:13     | HP: 3/135 [??? (1)]
 23290 | D:13     | HP: 3/135 [??? (1)]
 23295 | D:13     | HP: 4/135 [??? (1)]
 23305 | D:13     | HP: 4/135 [??? (2)]
 23310 | D:13     | HP: 3/135 [??? (1)]
 23315 | D:13     | HP: 3/135 [??? (1)]
 23322 | D:13     | HP: 4/135 [??? (2)]
 23329 | D:13     | HP: 4/135 [??? (1)]
 23334 | D:13     | HP: 4/135 [??? (1)]
 23340 | D:13     | HP: 3/135 [??? (1)]
 23346 | D:13     | HP: 4/135 [??? (1)]
 23355 | D:13     | HP: 4/135 [??? (2)]
 23360 | D:13     | HP: 4/135 [??? (2)]
 23369 | D:13     | HP: 4/135 [??? (2)]
 23376 | D:13     | HP: 4/135 [??? (1)]
 23382 | D:13     | HP: 4/135 [??? (1)]
 23389 | D:13     | HP: 5/135 [??? (2)]
 23394 | D:13     | HP: 3/135 [??? (1)]
 23399 | D:13     | HP: 3/135 [??? (1)]
 23406 | D:13     | HP: 4/135 [??? (1)]
 23411 | D:13     | HP: 4/135 [??? (1)]
 23420 | D:13     | HP: 4/135 [??? (2)]
 23426 | D:13     | HP: 4/135 [??? (2)]
 23433 | D:13     | HP: 4/135 [??? (2)]
 23439 | D:13     | HP: 4/135 [??? (2)]
 23448 | D:13     | HP: 4/135 [??? (2)]
 23453 | D:13     | HP: 4/135 [??? (1)]
 23463 | D:13     | HP: 4/135 [??? (1)]
 23469 | D:13     | HP: 5/135 [??? (2)]
 23475 | D:13     | HP: 5/135 [??? (2)]
 23482 | D:13     | HP: 5/135 [??? (3)]
 23487 | D:13     | HP: 3/135 [??? (1)]
 23494 | D:13     | HP: 3/135 [??? (1)]
 23500 | D:13     | HP: 3/135 [??? (1)]
 23505 | D:13     | HP: 3/135 [??? (1)]
 23512 | D:13     | HP: 4/135 [??? (1)]
 23517 | D:13     | HP: 3/135 [??? (1)]
 23522 | D:13     | HP: 3/135 [??? (1)]
 23532 | D:13     | HP: 4/135 [??? (1)]
 23540 | D:13     | HP: 4/135 [??? (1)]
 23552 | D:13     | HP: 5/135 [??? (2)]
 23559 | D:13     | HP: 4/135 [??? (1)]
 23564 | D:13     | HP: 4/135 [??? (1)]
 23569 | D:13     | HP: 5/135 [??? (2)]
 23574 | D:13     | HP: 5/135 [??? (2)]
 23580 | D:13     | HP: 5/135 [??? (2)]
 23585 | D:13     | HP: 3/135 [??? (1)]
 23591 | D:13     | HP: 4/135 [??? (1)]
 23599 | D:13     | HP: 4/135 [??? (2)]
 23605 | D:13     | HP: 4/135 [??? (1)]
 23610 | D:13     | HP: 3/135 [??? (1)]
 23618 | D:13     | HP: 4/135 [??? (1)]
 23623 | D:13     | HP: 3/135 [??? (1)]
 23628 | D:13     | HP: 3/135 [??? (1)]
 23637 | D:13     | HP: 4/135 [??? (1)]
 23644 | D:13     | HP: 5/135 [??? (2)]
 23649 | D:13     | HP: 4/135 [??? (1)]
 23659 | D:13     | HP: 5/135 [??? (2)]
 23664 | D:13     | HP: 3/135 [??? (1)]
 23670 | D:13     | HP: 4/135 [??? (2)]
 23677 | D:13     | HP: 4/135 [??? (1)]
 23684 | D:13     | HP: 4/135 [??? (1)]
 23692 | D:13     | HP: 4/135 [??? (1)]
 23699 | D:13     | HP: 3/135 [??? (1)]
 23704 | D:13     | HP: 3/135 [??? (1)]
 23715 | D:13     | HP: 5/135 [??? (2)]
 23721 | D:13     | HP: 3/135 [??? (1)]
 23726 | D:13     | HP: 4/135 [??? (1)]
 23732 | D:13     | HP: 4/135 [??? (1)]
 23737 | D:13     | HP: 3/135 [??? (1)]
 23742 | D:13     | HP: 3/135 [??? (1)]
 23751 | D:13     | HP: 4/135 [??? (2)]
 23757 | D:13     | HP: 4/135 [??? (2)]
 23762 | D:13     | HP: 4/135 [??? (1)]
 23772 | D:13     | HP: 4/135 [??? (2)]
 23782 | D:13     | HP: 5/135 [??? (2)]
 23787 | D:13     | HP: 5/135 [??? (2)]
 23793 | D:13     | HP: 4/135 [??? (2)]
 23798 | D:13     | HP: 4/135 [??? (1)]
 23806 | D:13     | HP: 4/135 [??? (1)]
 23812 | D:13     | HP: 3/135 [??? (1)]
 23817 | D:13     | HP: 4/135 [??? (1)]
 23829 | D:13     | HP: 5/135 [??? (2)]
 23836 | D:13     | HP: 5/135 [??? (3)]
 23852 | D:13     | HP: 6/135 [??? (3)]
 23860 | D:13     | HP: 6/135 [??? (4)]
 23867 | D:13     | HP: 5/135 [??? (2)]
 23872 | D:13     | HP: 5/135 [??? (2)]
 23882 | D:13     | HP: 4/135 [??? (2)]
 23888 | D:13     | HP: 3/135 [??? (1)]
 23893 | D:13     | HP: 4/135 [??? (1)]
 23901 | D:13     | HP: 4/135 [??? (2)]
 23906 | D:13     | HP: 3/135 [??? (1)]
 23912 | D:13     | HP: 4/135 [??? (1)]
 23917 | D:13     | HP: 4/135 [??? (1)]
 23924 | D:13     | HP: 5/135 [??? (2)]
 23929 | D:13     | HP: 4/135 [??? (2)]
 23936 | D:13     | HP: 4/135 [??? (1)]
 23942 | D:13     | HP: 3/135 [??? (1)]
 23949 | D:13     | HP: 3/135 [??? (1)]
 23955 | D:13     | HP: 3/135 [??? (1)]
 23962 | D:13     | HP: 4/135 [??? (1)]
 23967 | D:13     | HP: 3/135 [??? (1)]
 23972 | D:13     | HP: 3/135 [??? (1)]
 23977 | D:13     | HP: 3/135 [??? (1)]
 23985 | D:13     | HP: 3/135 [??? (1)]
 23990 | D:13     | HP: 4/135 [??? (1)]
 23995 | D:13     | HP: 3/135 [??? (1)]
 24000 | D:13     | HP: 4/135 [??? (1)]
 24006 | D:13     | HP: 4/135 [??? (1)]
 24015 | D:13     | HP: 4/135 [??? (1)]
 24022 | D:13     | HP: 4/135 [??? (1)]
 24031 | D:13     | HP: 5/135 [??? (2)]
 24037 | D:13     | HP: 4/135 [??? (1)]
 24048 | D:13     | HP: 5/135 [??? (2)]
 24057 | D:13     | HP: 4/135 [??? (2)]
 24063 | D:13     | HP: 3/135 [??? (1)]
 24069 | D:13     | HP: 4/135 [??? (2)]
 24076 | D:13     | HP: 4/135 [??? (1)]
 24085 | D:13     | HP: 4/135 [??? (1)]
 24090 | D:13     | HP: 4/135 [??? (2)]
 24097 | D:13     | HP: 4/135 [??? (2)]
 24109 | D:13     | HP: 4/135 [??? (2)]
 24115 | D:13     | HP: 4/135 [??? (1)]
 24126 | D:13     | HP: 5/135 [??? (2)]
 24132 | D:13     | HP: 4/135 [??? (1)]
 24139 | D:13     | HP: 3/135 [??? (1)]
 24148 | D:13     | HP: 4/135 [??? (1)]
 24156 | D:13     | HP: 4/135 [??? (1)]
 24162 | D:13     | HP: 3/135 [??? (1)]
 24172 | D:13     | HP: 5/135 [??? (2)]
 24182 | D:13     | HP: 5/135 [??? (2)]
 24187 | D:13     | HP: 4/135 [??? (1)]
 24195 | D:13     | HP: 5/135 [??? (3)]
 24200 | D:13     | HP: 4/135 [??? (2)]
 24207 | D:13     | HP: 5/135 [??? (2)]
 24212 | D:13     | HP: 3/135 [??? (1)]
 24219 | D:13     | HP: 4/135 [??? (1)]
 24224 | D:13     | HP: 4/135 [??? (1)]
 24229 | D:13     | HP: 4/135 [??? (1)]
 24235 | D:13     | HP: 3/135 [??? (1)]
 24240 | D:13     | HP: 3/135 [??? (1)]
 24245 | D:13     | HP: 4/135 [??? (1)]
 24252 | D:13     | HP: 4/135 [??? (1)]
 24262 | D:13     | HP: 4/135 [??? (2)]
 24267 | D:13     | HP: 4/135 [??? (2)]
 24273 | D:13     | HP: 3/135 [??? (1)]
 24280 | D:13     | HP: 3/135 [??? (1)]
 24285 | D:13     | HP: 4/135 [??? (1)]
 24294 | D:13     | HP: 4/135 [??? (1)]
 24300 | D:13     | HP: 4/135 [??? (1)]
 24306 | D:13     | HP: 3/135 [??? (1)]
 24313 | D:13     | HP: 4/135 [??? (1)]
 24323 | D:13     | HP: 4/135 [??? (2)]
 24337 | D:13     | HP: 5/135 [??? (3)]
 24345 | D:13     | HP: 5/135 [??? (2)]
 24353 | D:13     | HP: 4/135 [??? (1)]
 24364 | D:13     | HP: 4/135 [??? (2)]
 24370 | D:13     | HP: 3/135 [??? (1)]
 24375 | D:13     | HP: 3/135 [??? (1)]
 24380 | D:13     | HP: 4/135 [??? (1)]
 24387 | D:13     | HP: 4/135 [??? (1)]
 24392 | D:13     | HP: 4/135 [??? (1)]
 24397 | D:13     | HP: 3/135 [??? (1)]
 24403 | D:13     | HP: 3/135 [??? (1)]
 24408 | D:13     | HP: 4/135 [??? (1)]
 24420 | D:13     | HP: 4/135 [??? (2)]
 24430 | D:13     | HP: 4/135 [??? (2)]
 24435 | D:13     | HP: 3/135 [??? (1)]
 24443 | D:13     | HP: 5/135 [??? (2)]
 24454 | D:13     | HP: 4/135 [??? (2)]
 24461 | D:13     | HP: 3/135 [??? (1)]
 24467 | D:13     | HP: 4/135 [??? (1)]
 24473 | D:13     | HP: 3/135 [??? (1)]
 24482 | D:13     | HP: 4/135 [??? (1)]
 24487 | D:13     | HP: 4/135 [??? (1)]
 24495 | D:13     | HP: 4/135 [??? (1)]
 24500 | D:13     | HP: 3/135 [??? (1)]
 24505 | D:13     | HP: 3/135 [??? (1)]
 24512 | D:13     | HP: 4/135 [??? (1)]
 24517 | D:13     | HP: 3/135 [??? (1)]
 24525 | D:13     | HP: 4/135 [??? (1)]
 24533 | D:13     | HP: 4/135 [??? (1)]
 24538 | D:13     | HP: 4/135 [??? (1)]
 24545 | D:13     | HP: 4/135 [??? (2)]
 24550 | D:13     | HP: 3/135 [??? (1)]
 24555 | D:13     | HP: 4/135 [??? (1)]
 24560 | D:13     | HP: 3/135 [??? (1)]
 24567 | D:13     | HP: 4/135 [??? (1)]
 24572 | D:13     | HP: 3/135 [??? (1)]
 24579 | D:13     | HP: 4/135 [??? (1)]
 24598 | D:13     | HP: 7/135 [??? (4)]
 24603 | D:13     | HP: 6/135 [??? (3)]
 24608 | D:13     | HP: 3/135 [??? (1)]
 24614 | D:13     | HP: 3/135 [??? (1)]
 24620 | D:13     | HP: 4/135 [??? (2)]
 24633 | D:13     | HP: 4/135 [??? (2)]
 24641 | D:13     | HP: 5/135 [??? (3)]
 24647 | D:13     | HP: 3/135 [??? (1)]
 24655 | D:13     | HP: 4/135 [??? (1)]
 24660 | D:13     | HP: 3/135 [??? (1)]
 24665 | D:13     | HP: 4/135 [??? (1)]
 24670 | D:13     | HP: 4/135 [??? (1)]
 24676 | D:13     | HP: 4/135 [??? (1)]
 24682 | D:13     | HP: 4/135 [??? (2)]
 24689 | D:13     | HP: 4/135 [??? (1)]
 24694 | D:13     | HP: 4/135 [??? (1)]
 24705 | D:13     | HP: 5/135 [??? (2)]
 24712 | D:13     | HP: 5/135 [??? (3)]
 24717 | D:13     | HP: 4/135 [??? (1)]
 24722 | D:13     | HP: 3/135 [??? (1)]
 24727 | D:13     | HP: 3/135 [??? (1)]
 24734 | D:13     | HP: 3/135 [??? (1)]
 24739 | D:13     | HP: 3/135 [??? (1)]
 24745 | D:13     | HP: 4/135 [??? (2)]
 24753 | D:13     | HP: 4/135 [??? (1)]
 24763 | D:13     | HP: 4/135 [??? (1)]
 24769 | D:13     | HP: 5/135 [??? (2)]
 24774 | D:13     | HP: 4/135 [??? (1)]
 24782 | D:13     | HP: 4/135 [??? (1)]
 24788 | D:13     | HP: 4/135 [??? (1)]
 24793 | D:13     | HP: 3/135 [??? (1)]
 24798 | D:13     | HP: 4/135 [??? (1)]
 24804 | D:13     | HP: 4/135 [??? (1)]
 24810 | D:13     | HP: 4/135 [??? (1)]
 24816 | D:13     | HP: 4/135 [??? (1)]
 24821 | D:13     | HP: 4/135 [??? (1)]
 24826 | D:13     | HP: 3/135 [??? (1)]
 24831 | D:13     | HP: 3/135 [??? (1)]
 24836 | D:13     | HP: 4/135 [??? (1)]
 24843 | D:13     | HP: 4/135 [??? (1)]
 24848 | D:13     | HP: 4/135 [??? (1)]
 24858 | D:13     | HP: 5/135 [??? (2)]
 24865 | D:13     | HP: 4/135 [??? (2)]
 24877 | D:13     | HP: 6/135 [??? (3)]
 24885 | D:13     | HP: 5/135 [??? (2)]
 24890 | D:13     | HP: 5/135 [??? (2)]
 24898 | D:13     | HP: 6/135 [??? (3)]
 24913 | D:13     | HP: 7/135 [??? (5)]
 24919 | D:13     | HP: 4/135 [??? (2)]
 24928 | D:13     | HP: 4/135 [??? (1)]
 24935 | D:13     | HP: 3/135 [??? (1)]
 24942 | D:13     | HP: 4/135 [??? (1)]
 24947 | D:13     | HP: 3/135 [??? (1)]
 24956 | D:13     | HP: 4/135 [??? (1)]
 24962 | D:13     | HP: 4/135 [??? (1)]
 24967 | D:13     | HP: 3/135 [??? (1)]
 24972 | D:13     | HP: 4/135 [??? (1)]
 24979 | D:13     | HP: 4/135 [??? (2)]
 24985 | D:13     | HP: 3/135 [??? (1)]
 24992 | D:13     | HP: 4/135 [??? (2)]
 24998 | D:13     | HP: 3/135 [??? (1)]
 25004 | D:13     | HP: 4/135 [??? (1)]
 25009 | D:13     | HP: 3/135 [??? (1)]
 25014 | D:13     | HP: 4/135 [??? (1)]
 25019 | D:13     | HP: 5/135 [??? (2)]
 25026 | D:13     | HP: 4/135 [??? (1)]
 25031 | D:13     | HP: 4/135 [??? (2)]
 25045 | D:13     | HP: 5/135 [??? (3)]
 25050 | D:13     | HP: 4/135 [??? (1)]
 25056 | D:13     | HP: 3/135 [??? (1)]
 25063 | D:13     | HP: 4/135 [??? (2)]
 25069 | D:13     | HP: 4/135 [??? (2)]
 25075 | D:13     | HP: 4/135 [??? (1)]
 25080 | D:13     | HP: 3/135 [??? (1)]
 25086 | D:13     | HP: 3/135 [??? (1)]
 25092 | D:13     | HP: 4/135 [??? (1)]
 25097 | D:13     | HP: 4/135 [??? (1)]
 25104 | D:13     | HP: 3/135 [??? (1)]
 25109 | D:13     | HP: 3/135 [??? (1)]
 25115 | D:13     | HP: 4/135 [??? (1)]
 25122 | D:13     | HP: 4/135 [??? (1)]
 25127 | D:13     | HP: 4/135 [??? (1)]
 25132 | D:13     | HP: 3/135 [??? (1)]
 25139 | D:13     | HP: 4/135 [??? (1)]
 25144 | D:13     | HP: 3/135 [??? (1)]
 25150 | D:13     | HP: 3/135 [??? (1)]
 25156 | D:13     | HP: 3/135 [??? (1)]
 25164 | D:13     | HP: 4/135 [??? (1)]
 25169 | D:13     | HP: 4/135 [??? (1)]
 25179 | D:13     | HP: 5/135 [??? (2)]
 25189 | D:13     | HP: 5/135 [??? (2)]
 25194 | D:13     | HP: 3/135 [??? (1)]
 25199 | D:13     | HP: 4/135 [??? (1)]
 25207 | D:13     | HP: 4/135 [??? (2)]
 25217 | D:13     | HP: 5/135 [??? (2)]
 25225 | D:13     | HP: 4/135 [??? (2)]
 25230 | D:13     | HP: 3/135 [??? (1)]
 25235 | D:13     | HP: 3/135 [??? (1)]
 25240 | D:13     | HP: 4/135 [??? (1)]
 25247 | D:13     | HP: 4/135 [??? (1)]
 25253 | D:13     | HP: 5/135 [??? (2)]
 25258 | D:13     | HP: 4/135 [??? (1)]
 25266 | D:13     | HP: 3/135 [??? (1)]
 25276 | D:13     | HP: 4/135 [??? (2)]
 25282 | D:13     | HP: 4/135 [??? (1)]
 25287 | D:13     | HP: 3/135 [??? (1)]
 25294 | D:13     | HP: 3/135 [??? (1)]
 25302 | D:13     | HP: 3/135 [??? (1)]
 25310 | D:13     | HP: 4/135 [??? (2)]
 25318 | D:13     | HP: 4/135 [??? (2)]
 25324 | D:13     | HP: 3/135 [??? (1)]
 25331 | D:13     | HP: 4/135 [??? (1)]
 25337 | D:13     | HP: 3/135 [??? (1)]
 25342 | D:13     | HP: 4/135 [??? (1)]
 25349 | D:13     | HP: 4/135 [??? (1)]
 25357 | D:13     | HP: 4/135 [??? (1)]
 25362 | D:13     | HP: 3/135 [??? (1)]
 25367 | D:13     | HP: 4/135 [??? (1)]
 25372 | D:13     | HP: 3/135 [??? (1)]
 25382 | D:13     | HP: 5/135 [??? (2)]
 25387 | D:13     | HP: 5/135 [??? (2)]
 25393 | D:13     | HP: 5/135 [??? (3)]
 25398 | D:13     | HP: 4/135 [??? (2)]
 25405 | D:13     | HP: 4/135 [??? (1)]
 25411 | D:13     | HP: 4/135 [??? (1)]
 25416 | D:13     | HP: 4/135 [??? (1)]
 25422 | D:13     | HP: 3/135 [??? (1)]
 25427 | D:13     | HP: 4/135 [??? (1)]
 25432 | D:13     | HP: 4/135 [??? (2)]
 25440 | D:13     | HP: 4/135 [??? (1)]
 25446 | D:13     | HP: 4/135 [??? (1)]
 25453 | D:13     | HP: 5/135 [??? (2)]
 25467 | D:13     | HP: 7/135 [??? (4)]
 25474 | D:13     | HP: 6/135 [??? (4)]
 25481 | D:13     | HP: 4/135 [??? (2)]
 25497 | D:13     | HP: 6/135 [??? (3)]
 25509 | D:13     | HP: 5/135 [??? (2)]
 25514 | D:13     | HP: 5/135 [??? (2)]
 25520 | D:13     | HP: 4/135 [??? (2)]
 25527 | D:13     | HP: 5/135 [??? (2)]
 25536 | D:13     | HP: 4/135 [??? (2)]
 25542 | D:13     | HP: 3/135 [??? (1)]
 25549 | D:13     | HP: 4/135 [??? (2)]
 25565 | D:13     | HP: 6/135 [??? (3)]
 25570 | D:13     | HP: 4/135 [??? (2)]
 25576 | D:13     | HP: 4/135 [??? (1)]
 25584 | D:13     | HP: 4/135 [??? (2)]
 25590 | D:13     | HP: 3/135 [??? (1)]
 25596 | D:13     | HP: 4/135 [??? (1)]
 25602 | D:13     | HP: 4/135 [??? (2)]
 25607 | D:13     | HP: 4/135 [??? (1)]
 25621 | D:13     | HP: 6/135 [??? (3)]
 25631 | D:13     | HP: 7/135 [??? (4)]
 25639 | D:13     | HP: 5/135 [??? (2)]
 25644 | D:13     | HP: 3/135 [??? (1)]
 25656 | D:13     | HP: 5/135 [??? (2)]
 25664 | D:13     | HP: 3/135 [??? (1)]
 25669 | D:13     | HP: 4/135 [??? (2)]
 25674 | D:13     | HP: 4/135 [??? (2)]
 25683 | D:13     | HP: 5/135 [??? (2)]
 25688 | D:13     | HP: 4/135 [??? (1)]
 25697 | D:13     | HP: 4/135 [??? (1)]
 25702 | D:13     | HP: 4/135 [??? (2)]
 25709 | D:13     | HP: 4/135 [??? (2)]
 25715 | D:13     | HP: 4/135 [??? (1)]
 25720 | D:13     | HP: 4/135 [??? (2)]
 25726 | D:13     | HP: 3/135 [??? (1)]
 25731 | D:13     | HP: 4/135 [??? (1)]
 25736 | D:13     | HP: 4/135 [??? (1)]
 25741 | D:13     | HP: 3/135 [??? (1)]
 25746 | D:13     | HP: 3/135 [??? (1)]
 25757 | D:13     | HP: 5/135 [??? (3)]
 25766 | D:13     | HP: 4/135 [??? (1)]
 25774 | D:13     | HP: 5/135 [??? (3)]
 25780 | D:13     | HP: 3/135 [??? (1)]
 25789 | D:13     | HP: 5/135 [??? (2)]
 25798 | D:13     | HP: 5/135 [??? (2)]
 25804 | D:13     | HP: 5/135 [??? (2)]
 25809 | D:13     | HP: 4/135 [??? (1)]
 25814 | D:13     | HP: 3/135 [??? (1)]
 25819 | D:13     | HP: 3/135 [??? (1)]
 25825 | D:13     | HP: 3/135 [??? (1)]
 25833 | D:13     | HP: 4/135 [??? (1)]
 25838 | D:13     | HP: 4/135 [??? (1)]
 25843 | D:13     | HP: 4/135 [??? (2)]
 25850 | D:13     | HP: 5/135 [??? (2)]
 25856 | D:13     | HP: 3/135 [??? (1)]
 25864 | D:13     | HP: 4/135 [??? (1)]
 25872 | D:13     | HP: 5/135 [??? (3)]
 25877 | D:13     | HP: 5/135 [??? (2)]
 25885 | D:13     | HP: 4/135 [??? (2)]
 25890 | D:13     | HP: 3/135 [??? (1)]
 25896 | D:13     | HP: 3/135 [??? (1)]
 25901 | D:13     | HP: 4/135 [??? (1)]
 25906 | D:13     | HP: 3/135 [??? (1)]
 25911 | D:13     | HP: 4/135 [??? (1)]
 25916 | D:13     | HP: 3/135 [??? (1)]
 25923 | D:13     | HP: 3/135 [??? (1)]
 25935 | D:13     | HP: 4/135 [??? (2)]
 25942 | D:13     | HP: 3/135 [??? (1)]
 25950 | D:13     | HP: 4/135 [??? (2)]
 25956 | D:13     | HP: 3/135 [??? (1)]
 25962 | D:13     | HP: 3/135 [??? (1)]
 25967 | D:13     | HP: 4/135 [??? (1)]
 25973 | D:13     | HP: 4/135 [??? (1)]
 25980 | D:13     | HP: 3/135 [??? (1)]
 25985 | D:13     | HP: 4/135 [??? (1)]
 25991 | D:13     | HP: 4/135 [??? (1)]
 25997 | D:13     | HP: 4/135 [??? (2)]
 26003 | D:13     | HP: 4/135 [??? (1)]
 26009 | D:13     | HP: 3/135 [??? (1)]
 26015 | D:13     | HP: 3/135 [??? (1)]
 26020 | D:13     | HP: 3/135 [??? (1)]
 26026 | D:13     | HP: 3/135 [??? (1)]
 26039 | D:13     | HP: 5/135 [??? (3)]
 26045 | D:13     | HP: 4/135 [??? (1)]
 26053 | D:13     | HP: 4/135 [??? (2)]
 26063 | D:13     | HP: 4/135 [??? (2)]
 26078 | D:13     | HP: 5/135 [??? (3)]
 26087 | D:13     | HP: 4/135 [??? (1)]
 26097 | D:13     | HP: 5/135 [??? (2)]
 26115 | D:13     | HP: 7/135 [??? (4)]
 26120 | D:13     | HP: 5/135 [??? (2)]
 26125 | D:13     | HP: 5/135 [??? (2)]
 26133 | D:13     | HP: 4/135 [??? (2)]
 26143 | D:13     | HP: 6/135 [??? (3)]
 26153 | D:13     | HP: 6/135 [??? (4)]
 26164 | D:13     | HP: 4/135 [??? (2)]
 26169 | D:13     | HP: 4/135 [??? (1)]
 26179 | D:13     | HP: 4/135 [??? (2)]
 26189 | D:13     | HP: 5/135 [??? (3)]
 26194 | D:13     | HP: 4/135 [??? (1)]
 26202 | D:13     | HP: 4/135 [??? (1)]
 26210 | D:13     | HP: 5/135 [??? (3)]
 26215 | D:13     | HP: 5/135 [??? (2)]
 26222 | D:13     | HP: 5/135 [??? (3)]
 26231 | D:13     | HP: 5/135 [??? (3)]
 26240 | D:13     | HP: 5/135 [??? (2)]
 26250 | D:13     | HP: 5/135 [??? (3)]
 26258 | D:13     | HP: 5/135 [??? (3)]
 26264 | D:13     | HP: 5/135 [??? (2)]
 26271 | D:13     | HP: 4/135 [??? (2)]
 26277 | D:13     | HP: 3/135 [??? (1)]
 26285 | D:13     | HP: 3/135 [??? (1)]
 26292 | D:13     | HP: 4/135 [??? (2)]
 26299 | D:13     | HP: 4/135 [??? (1)]
 26309 | D:13     | HP: 4/135 [??? (1)]
 26315 | D:13     | HP: 3/135 [??? (1)]
 26320 | D:13     | HP: 3/135 [??? (1)]
 26329 | D:13     | HP: 4/135 [??? (2)]
 26335 | D:13     | HP: 4/135 [??? (2)]
 26345 | D:13     | HP: 6/135 [??? (3)]
 26351 | D:13     | HP: 3/135 [??? (1)]
 26356 | D:13     | HP: 4/135 [??? (1)]
 26363 | D:13     | HP: 3/135 [??? (1)]
 26368 | D:13     | HP: 3/135 [??? (1)]
 26374 | D:13     | HP: 4/135 [??? (1)]
 26379 | D:13     | HP: 3/135 [??? (1)]
 26385 | D:13     | HP: 4/135 [??? (1)]
 26392 | D:13     | HP: 4/135 [??? (1)]
 26401 | D:13     | HP: 5/135 [??? (2)]
 26413 | D:13     | HP: 5/135 [??? (3)]
 26421 | D:13     | HP: 4/135 [??? (2)]
 26427 | D:13     | HP: 5/135 [??? (2)]
 26435 | D:13     | HP: 4/135 [??? (1)]
 26445 | D:13     | HP: 4/135 [??? (2)]
 26452 | D:13     | HP: 4/135 [??? (1)]
 26457 | D:13     | HP: 4/135 [??? (1)]
 26465 | D:13     | HP: 4/135 [??? (2)]
 26470 | D:13     | HP: 3/135 [??? (1)]
 26476 | D:13     | HP: 4/135 [??? (2)]
 26484 | D:13     | HP: 4/135 [??? (1)]
 26493 | D:13     | HP: 5/135 [??? (3)]
 26498 | D:13     | HP: 5/135 [??? (2)]
 26504 | D:13     | HP: 4/135 [??? (1)]
 26514 | D:13     | HP: 4/135 [??? (1)]
 26525 | D:13     | HP: 5/135 [??? (2)]
 26535 | D:13     | HP: 5/135 [??? (2)]
 26541 | D:13     | HP: 3/135 [??? (1)]
 26548 | D:13     | HP: 4/135 [??? (1)]
 26555 | D:13     | HP: 4/135 [??? (2)]
 26561 | D:13     | HP: 3/135 [??? (1)]
 26566 | D:13     | HP: 3/135 [??? (1)]
 26575 | D:13     | HP: 5/135 [??? (2)]
 26583 | D:13     | HP: 3/135 [??? (1)]
 26589 | D:13     | HP: 4/135 [??? (2)]
 26594 | D:13     | HP: 4/135 [??? (1)]
 26601 | D:13     | HP: 3/135 [??? (1)]
 26607 | D:13     | HP: 4/135 [??? (1)]
 26614 | D:13     | HP: 3/135 [??? (1)]
 26620 | D:13     | HP: 3/135 [??? (1)]
 26626 | D:13     | HP: 3/135 [??? (1)]
 26632 | D:13     | HP: 3/135 [??? (1)]
 26640 | D:13     | HP: 4/135 [??? (2)]
 26645 | D:13     | HP: 3/135 [??? (1)]
 26650 | D:13     | HP: 4/135 [??? (1)]
 26656 | D:13     | HP: 4/135 [??? (2)]
 26664 | D:13     | HP: 5/135 [??? (2)]
 26669 | D:13     | HP: 3/135 [??? (1)]
 26676 | D:13     | HP: 4/135 [??? (2)]
 26681 | D:13     | HP: 3/135 [??? (1)]
 26690 | D:13     | HP: 4/135 [??? (1)]
 26695 | D:13     | HP: 4/135 [??? (1)]
 26700 | D:13     | HP: 4/135 [??? (1)]
 26705 | D:13     | HP: 4/135 [??? (1)]
 26710 | D:13     | HP: 4/135 [??? (2)]
 26715 | D:13     | HP: 3/135 [??? (1)]
 26720 | D:13     | HP: 4/135 [??? (1)]
 26730 | D:13     | HP: 4/135 [??? (2)]
 26738 | D:13     | HP: 4/135 [??? (2)]
 26744 | D:13     | HP: 4/135 [??? (2)]
 26749 | D:13     | HP: 3/135 [??? (1)]
 26755 | D:13     | HP: 4/135 [??? (1)]
 26762 | D:13     | HP: 4/135 [??? (1)]
 26768 | D:13     | HP: 4/135 [??? (1)]
 26773 | D:13     | HP: 4/135 [??? (2)]
 26781 | D:13     | HP: 4/135 [??? (1)]
 26788 | D:13     | HP: 4/135 [??? (2)]
 26793 | D:13     | HP: 3/135 [??? (1)]
 26798 | D:13     | HP: 3/135 [??? (1)]
 26803 | D:13     | HP: 3/135 [??? (1)]
 26808 | D:13     | HP: 4/135 [??? (1)]
 26816 | D:13     | HP: 3/135 [??? (1)]
 26822 | D:13     | HP: 3/135 [??? (1)]
 26827 | D:13     | HP: 3/135 [??? (1)]
 26832 | D:13     | HP: 4/135 [??? (1)]
 26838 | D:13     | HP: 4/135 [??? (1)]
 26843 | D:13     | HP: 4/135 [??? (2)]
 26848 | D:13     | HP: 3/135 [??? (1)]
 26854 | D:13     | HP: 3/135 [??? (1)]
 26859 | D:13     | HP: 4/135 [??? (1)]
 26869 | D:13     | HP: 5/135 [??? (2)]
 26879 | D:13     | HP: 5/135 [??? (2)]
 26895 | D:13     | HP: 6/135 [??? (4)]
 26900 | D:13     | HP: 4/135 [??? (2)]
 26909 | D:13     | HP: 4/135 [??? (1)]
 26917 | D:13     | HP: 5/135 [??? (2)]
 26923 | D:13     | HP: 3/135 [??? (1)]
 26928 | D:13     | HP: 4/135 [??? (1)]
 26937 | D:13     | HP: 5/135 [??? (2)]
 26943 | D:13     | HP: 4/135 [??? (2)]
 26949 | D:13     | HP: 4/135 [??? (1)]
 26958 | D:13     | HP: 5/135 [??? (2)]
 26963 | D:13     | HP: 3/135 [??? (1)]
 26968 | D:13     | HP: 4/135 [??? (1)]
 26974 | D:13     | HP: 3/135 [??? (1)]
 26979 | D:13     | HP: 4/135 [??? (1)]
 26985 | D:13     | HP: 4/135 [??? (2)]
 26991 | D:13     | HP: 5/135 [??? (2)]
 26999 | D:13     | HP: 3/135 [??? (1)]
 27013 | D:13     | HP: 5/135 [??? (2)]
 27022 | D:13     | HP: 4/135 [??? (1)]
 27032 | D:13     | HP: 4/135 [??? (1)]
 27047 | D:13     | HP: 6/135 [??? (4)]
 27059 | D:13     | HP: 4/135 [??? (2)]
 27065 | D:13     | HP: 5/135 [??? (2)]
 27072 | D:13     | HP: 3/135 [??? (1)]
 27077 | D:13     | HP: 3/135 [??? (1)]
 27083 | D:13     | HP: 3/135 [??? (1)]
 27092 | D:13     | HP: 4/135 [??? (2)]
 27099 | D:13     | HP: 3/135 [??? (1)]
 27104 | D:13     | HP: 3/135 [??? (1)]
 27115 | D:13     | HP: 5/135 [??? (3)]
 27120 | D:13     | HP: 5/135 [??? (2)]
 27126 | D:13     | HP: 4/135 [??? (2)]
 27132 | D:13     | HP: 4/135 [??? (1)]
 27138 | D:13     | HP: 4/135 [??? (2)]
 27145 | D:13     | HP: 4/135 [??? (1)]
 27151 | D:13     | HP: 4/135 [??? (1)]
 27156 | D:13     | HP: 4/135 [??? (1)]
 27161 | D:13     | HP: 3/135 [??? (1)]
 27167 | D:13     | HP: 4/135 [??? (2)]
 27172 | D:13     | HP: 3/135 [??? (1)]
 27180 | D:13     | HP: 4/135 [??? (1)]
 27190 | D:13     | HP: 4/135 [??? (2)]
 27199 | D:13     | HP: 4/135 [??? (2)]
 27205 | D:13     | HP: 4/135 [??? (2)]
 27212 | D:13     | HP: 4/135 [??? (1)]
 27220 | D:13     | HP: 4/135 [??? (1)]
 27225 | D:13     | HP: 3/135 [??? (1)]
 27235 | D:13     | HP: 4/135 [??? (1)]
 27242 | D:13     | HP: 3/135 [??? (1)]
 27249 | D:13     | HP: 4/135 [??? (2)]
 27256 | D:13     | HP: 5/135 [??? (2)]
 27269 | D:13     | HP: 6/135 [??? (3)]
 27274 | D:13     | HP: 4/135 [??? (2)]
 27279 | D:13     | HP: 4/135 [??? (1)]
 27285 | D:13     | HP: 3/135 [??? (1)]
 27292 | D:13     | HP: 3/135 [??? (1)]
 27298 | D:13     | HP: 3/135 [??? (1)]
 27304 | D:13     | HP: 3/135 [??? (1)]
 27317 | D:13     | HP: 5/135 [??? (2)]
 27324 | D:13     | HP: 4/135 [??? (2)]
 27334 | D:13     | HP: 5/135 [??? (3)]
 27339 | D:13     | HP: 4/135 [??? (2)]
 27345 | D:13     | HP: 4/135 [??? (1)]
 27352 | D:13     | HP: 4/135 [??? (2)]
 27362 | D:13     | HP: 5/135 [??? (3)]
 27368 | D:13     | HP: 4/135 [??? (1)]
 27375 | D:13     | HP: 4/135 [??? (1)]
 27381 | D:13     | HP: 3/135 [??? (1)]
 27388 | D:13     | HP: 4/135 [??? (2)]
 27405 | D:13     | HP: 6/135 [??? (4)]
 27411 | D:13     | HP: 4/135 [??? (1)]
 27416 | D:13     | HP: 4/135 [??? (2)]
 27422 | D:13     | HP: 4/135 [??? (2)]
 27431 | D:13     | HP: 4/135 [??? (2)]
 27437 | D:13     | HP: 4/135 [??? (1)]
 27442 | D:13     | HP: 4/135 [??? (2)]
 27448 | D:13     | HP: 3/135 [??? (1)]
 27454 | D:13     | HP: 4/135 [??? (1)]
 27465 | D:13     | HP: 5/135 [??? (2)]
 27471 | D:13     | HP: 5/135 [??? (2)]
 27477 | D:13     | HP: 4/135 [??? (2)]
 27484 | D:13     | HP: 4/135 [??? (2)]
 27489 | D:13     | HP: 4/135 [??? (2)]
 27494 | D:13     | HP: 3/135 [??? (1)]
 27501 | D:13     | HP: 4/135 [??? (1)]
 27518 | D:13     | HP: 5/135 [??? (3)]
 27526 | D:13     | HP: 5/135 [??? (2)]
 27531 | D:13     | HP: 4/135 [??? (1)]
 27542 | D:13     | HP: 5/135 [??? (3)]
 27549 | D:13     | HP: 4/135 [??? (1)]
 27555 | D:13     | HP: 5/135 [??? (2)]
 27560 | D:13     | HP: 5/135 [??? (2)]
 27573 | D:13     | HP: 5/135 [??? (2)]
 27579 | D:13     | HP: 4/135 [??? (1)]
 27587 | D:13     | HP: 5/135 [??? (2)]
 27594 | D:13     | HP: 4/135 [??? (2)]
 27599 | D:13     | HP: 4/135 [??? (1)]
 27605 | D:13     | HP: 3/135 [??? (1)]
 27610 | D:13     | HP: 3/135 [??? (1)]
 27618 | D:13     | HP: 4/135 [??? (1)]
 27625 | D:13     | HP: 3/135 [??? (1)]
 27640 | D:13     | HP: 5/135 [??? (2)]
 27649 | D:13     | HP: 4/135 [??? (1)]
 27663 | D:13     | HP: 5/135 [??? (3)]
 27670 | D:13     | HP: 4/135 [??? (1)]
 27675 | D:13     | HP: 3/135 [??? (1)]
 27680 | D:13     | HP: 3/135 [??? (1)]
 27685 | D:13     | HP: 4/135 [??? (1)]
 27697 | D:13     | HP: 6/135 [??? (3)]
 27702 | D:13     | HP: 3/135 [??? (1)]
 27707 | D:13     | HP: 4/135 [??? (2)]
 27713 | D:13     | HP: 4/135 [??? (1)]
 27719 | D:13     | HP: 4/135 [??? (1)]
 27724 | D:13     | HP: 4/135 [??? (2)]
 27738 | D:13     | HP: 5/135 [??? (3)]
 27743 | D:13     | HP: 4/135 [??? (1)]
 27749 | D:13     | HP: 4/135 [??? (2)]
 27757 | D:13     | HP: 5/135 [??? (2)]
 27767 | D:13     | HP: 5/135 [??? (2)]
 27774 | D:13     | HP: 4/135 [??? (2)]
 27781 | D:13     | HP: 4/135 [??? (2)]
 27790 | D:13     | HP: 4/135 [??? (2)]
 27797 | D:13     | HP: 4/135 [??? (2)]
 27802 | D:13     | HP: 4/135 [??? (1)]
 27809 | D:13     | HP: 4/135 [??? (1)]
 27820 | D:13     | HP: 5/135 [??? (2)]
 27827 | D:13     | HP: 4/135 [??? (1)]
 27836 | D:13     | HP: 4/135 [??? (2)]
 27841 | D:13     | HP: 3/135 [??? (1)]
 27846 | D:13     | HP: 4/135 [??? (1)]
 27858 | D:13     | HP: 4/135 [??? (2)]
 27863 | D:13     | HP: 3/135 [??? (1)]
 27885 | D:13     | HP: 7/135 [??? (4)]
 27889 | D:13     | HP: 3/135 [??? (1)]
 27895 | D:13     | HP: 4/135 [??? (2)]
 27900 | D:13     | HP: 4/135 [??? (1)]
 27905 | D:13     | HP: 4/135 [??? (1)]
 27912 | D:13     | HP: 4/135 [??? (1)]
 27919 | D:13     | HP: 4/135 [??? (2)]
 27930 | D:13     | HP: 4/135 [??? (2)]
 27937 | D:13     | HP: 4/135 [??? (1)]
 27942 | D:13     | HP: 3/135 [??? (1)]
 27947 | D:13     | HP: 4/135 [??? (1)]
 27955 | D:13     | HP: 4/135 [??? (2)]
 27960 | D:13     | HP: 4/135 [??? (1)]
 27967 | D:13     | HP: 4/135 [??? (1)]
 27972 | D:13     | HP: 4/135 [??? (2)]
 27979 | D:13     | HP: 4/135 [??? (2)]
 27985 | D:13     | HP: 4/135 [??? (1)]
 27990 | D:13     | HP: 3/135 [??? (1)]
 28002 | D:13     | HP: 5/135 [??? (2)]
 28012 | D:13     | HP: 5/135 [??? (2)]
 28019 | D:13     | HP: 4/135 [??? (1)]
 28024 | D:13     | HP: 4/135 [??? (1)]
 28029 | D:13     | HP: 4/135 [??? (1)]
 28036 | D:13     | HP: 4/135 [??? (2)]
 28043 | D:13     | HP: 4/135 [??? (1)]
 28049 | D:13     | HP: 4/135 [??? (1)]
 28057 | D:13     | HP: 4/135 [??? (2)]
 28071 | D:13     | HP: 6/135 [??? (3)]
 28078 | D:13     | HP: 4/135 [??? (2)]
 28084 | D:13     | HP: 3/135 [??? (1)]
 28092 | D:13     | HP: 3/135 [??? (1)]
 28097 | D:13     | HP: 3/135 [??? (1)]
 28103 | D:13     | HP: 3/135 [??? (1)]
 28109 | D:13     | HP: 3/135 [??? (1)]
 28118 | D:13     | HP: 4/135 [??? (2)]
 28125 | D:13     | HP: 4/135 [??? (1)]
 28133 | D:13     | HP: 4/135 [??? (2)]
 28140 | D:13     | HP: 4/135 [??? (1)]
 28146 | D:13     | HP: 3/135 [??? (1)]
 28156 | D:13     | HP: 4/135 [??? (1)]
 28163 | D:13     | HP: 4/135 [??? (1)]
 28178 | D:13     | HP: 6/135 [??? (3)]
 28197 | D:13     | HP: 6/135 [??? (4)]
 28202 | D:13     | HP: 3/135 [??? (1)]
 28207 | D:13     | HP: 3/135 [??? (1)]
 28213 | D:13     | HP: 3/135 [??? (1)]
 28219 | D:13     | HP: 4/135 [??? (1)]
 28224 | D:13     | HP: 4/135 [??? (1)]
 28232 | D:13     | HP: 4/135 [??? (1)]
 28245 | D:13     | HP: 6/135 [??? (3)]
 28250 | D:13     | HP: 4/135 [??? (2)]
 28255 | D:13     | HP: 4/135 [??? (1)]
 28260 | D:13     | HP: 3/135 [??? (1)]
 28266 | D:13     | HP: 4/135 [??? (1)]
 28275 | D:13     | HP: 4/135 [??? (1)]
 28280 | D:13     | HP: 4/135 [??? (1)]
 28286 | D:13     | HP: 5/135 [??? (2)]
 28292 | D:13     | HP: 4/135 [??? (1)]
 28298 | D:13     | HP: 4/135 [??? (1)]
 28304 | D:13     | HP: 3/135 [??? (1)]
 28310 | D:13     | HP: 3/135 [??? (1)]
 28315 | D:13     | HP: 3/135 [??? (1)]
 28320 | D:13     | HP: 3/135 [??? (1)]
 28326 | D:13     | HP: 3/135 [??? (1)]
 28332 | D:13     | HP: 3/135 [??? (1)]
 28342 | D:13     | HP: 5/135 [??? (2)]
 28352 | D:13     | HP: 4/135 [??? (2)]
 28358 | D:13     | HP: 4/135 [??? (1)]
 28363 | D:13     | HP: 3/135 [??? (1)]
 28369 | D:13     | HP: 4/135 [??? (1)]
 28374 | D:13     | HP: 4/135 [??? (1)]
 28379 | D:13     | HP: 4/135 [??? (1)]
 28385 | D:13     | HP: 3/135 [??? (1)]
 28395 | D:13     | HP: 4/135 [??? (2)]
 28400 | D:13     | HP: 3/135 [??? (1)]
 28412 | D:13     | HP: 5/135 [??? (3)]
 28417 | D:13     | HP: 4/135 [??? (2)]
 28423 | D:13     | HP: 3/135 [??? (1)]
 28432 | D:13     | HP: 4/135 [??? (2)]
 28441 | D:13     | HP: 4/135 [??? (2)]
 28447 | D:13     | HP: 3/135 [??? (1)]
 28454 | D:13     | HP: 3/135 [??? (1)]
 28459 | D:13     | HP: 3/135 [??? (1)]
 28465 | D:13     | HP: 3/135 [??? (1)]
 28470 | D:13     | HP: 4/135 [??? (1)]
 28476 | D:13     | HP: 4/135 [??? (1)]
 28483 | D:13     | HP: 4/135 [??? (1)]
 28490 | D:13     | HP: 4/135 [??? (1)]
 28495 | D:13     | HP: 4/135 [??? (1)]
 28502 | D:13     | HP: 3/135 [??? (1)]
 28507 | D:13     | HP: 4/135 [??? (1)]
 28515 | D:13     | HP: 4/135 [??? (1)]
 28526 | D:13     | HP: 5/135 [??? (2)]
 28537 | D:13     | HP: 4/135 [??? (2)]
 28547 | D:13     | HP: 4/135 [??? (2)]
 28554 | D:13     | HP: 3/135 [??? (1)]
 28561 | D:13     | HP: 4/135 [??? (2)]
 28566 | D:13     | HP: 4/135 [??? (1)]
 28572 | D:13     | HP: 3/135 [??? (1)]
 28582 | D:13     | HP: 4/135 [??? (1)]
 28587 | D:13     | HP: 4/135 [??? (1)]
 28592 | D:13     | HP: 3/135 [??? (1)]
 28599 | D:13     | HP: 3/135 [??? (1)]
 28606 | D:13     | HP: 3/135 [??? (1)]
 28611 | D:13     | HP: 3/135 [??? (1)]
 28616 | D:13     | HP: 4/135 [??? (1)]
 28622 | D:13     | HP: 3/135 [??? (1)]
 28630 | D:13     | HP: 4/135 [??? (1)]
 28638 | D:13     | HP: 5/135 [??? (3)]
 28643 | D:13     | HP: 4/135 [??? (2)]
 28650 | D:13     | HP: 4/135 [??? (1)]
 28657 | D:13     | HP: 4/135 [??? (1)]
 28667 | D:13     | HP: 4/135 [??? (2)]
 28675 | D:13     | HP: 4/135 [??? (2)]
 28682 | D:13     | HP: 4/135 [??? (2)]
 28690 | D:13     | HP: 4/135 [??? (2)]
 28699 | D:13     | HP: 4/135 [??? (2)]
 28707 | D:13     | HP: 4/135 [??? (1)]
 28716 | D:13     | HP: 5/135 [??? (2)]
 28723 | D:13     | HP: 5/135 [??? (3)]
 28730 | D:13     | HP: 4/135 [??? (2)]
 28742 | D:13     | HP: 5/135 [??? (3)]
 28747 | D:13     | HP: 4/135 [??? (1)]
 28755 | D:13     | HP: 4/135 [??? (1)]
 28765 | D:13     | HP: 5/135 [??? (3)]
 28770 | D:13     | HP: 5/135 [??? (2)]
 28776 | D:13     | HP: 4/135 [??? (1)]
 28782 | D:13     | HP: 4/135 [??? (2)]
 28790 | D:13     | HP: 3/135 [??? (1)]
 28795 | D:13     | HP: 3/135 [??? (1)]
 28803 | D:13     | HP: 4/135 [??? (1)]
 28811 | D:13     | HP: 3/135 [??? (1)]
 28822 | D:13     | HP: 4/135 [??? (2)]
 28831 | D:13     | HP: 4/135 [??? (2)]
 28837 | D:13     | HP: 4/135 [??? (1)]
 28842 | D:13     | HP: 4/135 [??? (1)]
 28850 | D:13     | HP: 4/135 [??? (2)]
 28859 | D:13     | HP: 4/135 [??? (2)]
 28865 | D:13     | HP: 3/135 [??? (1)]
 28873 | D:13     | HP: 4/135 [??? (2)]
 28880 | D:13     | HP: 3/135 [??? (1)]
 28890 | D:13     | HP: 5/135 [??? (2)]
 28896 | D:13     | HP: 3/135 [??? (1)]
 28903 | D:13     | HP: 3/135 [??? (1)]
 28912 | D:13     | HP: 4/135 [??? (1)]
 28921 | D:13     | HP: 4/135 [??? (2)]
 28927 | D:13     | HP: 4/135 [??? (2)]
 28935 | D:13     | HP: 4/135 [??? (1)]
 28943 | D:13     | HP: 5/135 [??? (3)]
 28949 | D:13     | HP: 4/135 [??? (1)]
 28957 | D:13     | HP: 5/135 [??? (2)]
 28964 | D:13     | HP: 4/135 [??? (1)]
 28969 | D:13     | HP: 5/135 [??? (2)]
 28974 | D:13     | HP: 3/135 [??? (1)]
 28985 | D:13     | HP: 4/135 [??? (2)]
 28990 | D:13     | HP: 3/135 [??? (1)]
 28999 | D:13     | HP: 4/135 [??? (2)]
 29004 | D:13     | HP: 3/135 [??? (1)]
 29011 | D:13     | HP: 4/135 [??? (1)]
 29016 | D:13     | HP: 3/135 [??? (1)]
 29023 | D:13     | HP: 3/135 [??? (1)]
 29028 | D:13     | HP: 3/135 [??? (1)]
 29039 | D:13     | HP: 5/135 [??? (2)]
 29046 | D:13     | HP: 5/135 [??? (3)]
 29055 | D:13     | HP: 5/135 [??? (3)]
 29062 | D:13     | HP: 4/135 [??? (1)]
 29067 | D:13     | HP: 4/135 [??? (1)]
 29078 | D:13     | HP: 4/135 [??? (2)]
 29084 | D:13     | HP: 4/135 [??? (1)]
 29090 | D:13     | HP: 4/135 [??? (2)]
 29095 | D:13     | HP: 4/135 [??? (2)]
 29100 | D:13     | HP: 4/135 [??? (1)]
 29114 | D:13     | HP: 6/135 [??? (3)]
 29120 | D:13     | HP: 4/135 [??? (1)]
 29126 | D:13     | HP: 4/135 [??? (1)]
 29132 | D:13     | HP: 3/135 [??? (1)]
 29139 | D:13     | HP: 3/135 [??? (1)]
 29146 | D:13     | HP: 4/135 [??? (1)]
 29151 | D:13     | HP: 4/135 [??? (1)]
 29157 | D:13     | HP: 4/135 [??? (1)]
 29162 | D:13     | HP: 4/135 [??? (1)]
 29167 | D:13     | HP: 4/135 [??? (1)]
 29174 | D:13     | HP: 4/135 [??? (1)]
 29179 | D:13     | HP: 3/135 [??? (1)]
 29185 | D:13     | HP: 3/135 [??? (1)]
 29192 | D:13     | HP: 3/135 [??? (1)]
 29198 | D:13     | HP: 3/135 [??? (1)]
 29204 | D:13     | HP: 4/135 [??? (1)]
 29212 | D:13     | HP: 4/135 [??? (2)]
 29222 | D:13     | HP: 5/135 [??? (2)]
 29228 | D:13     | HP: 3/135 [??? (1)]
 29235 | D:13     | HP: 3/135 [??? (1)]
 29242 | D:13     | HP: 4/135 [??? (1)]
 29248 | D:13     | HP: 4/135 [??? (2)]
 29257 | D:13     | HP: 5/135 [??? (2)]
 29264 | D:13     | HP: 4/135 [??? (2)]
 29269 | D:13     | HP: 4/135 [??? (2)]
 29276 | D:13     | HP: 4/135 [??? (1)]
 29284 | D:13     | HP: 4/135 [??? (1)]
 29290 | D:13     | HP: 3/135 [??? (1)]
 29297 | D:13     | HP: 4/135 [??? (1)]
 29302 | D:13     | HP: 4/135 [??? (2)]
 29312 | D:13     | HP: 4/135 [??? (2)]
 29317 | D:13     | HP: 4/135 [??? (2)]
 29326 | D:13     | HP: 5/135 [??? (2)]
 29331 | D:13     | HP: 3/135 [??? (1)]
 29338 | D:13     | HP: 4/135 [??? (2)]
 29343 | D:13     | HP: 4/135 [??? (1)]
 29348 | D:13     | HP: 3/135 [??? (1)]
 29361 | D:13     | HP: 5/135 [??? (2)]
 29368 | D:13     | HP: 4/135 [??? (2)]
 29374 | D:13     | HP: 4/135 [??? (2)]
 29382 | D:13     | HP: 4/135 [??? (2)]
 29387 | D:13     | HP: 4/135 [??? (2)]
 29392 | D:13     | HP: 3/135 [??? (1)]
 29399 | D:13     | HP: 3/135 [??? (1)]
 29405 | D:13     | HP: 3/135 [??? (1)]
 29410 | D:13     | HP: 4/135 [??? (1)]
 29415 | D:13     | HP: 3/135 [??? (1)]
 29423 | D:13     | HP: 3/135 [??? (1)]
 29429 | D:13     | HP: 3/135 [??? (1)]
 29434 | D:13     | HP: 4/135 [??? (1)]
 29440 | D:13     | HP: 4/135 [??? (2)]
 29445 | D:13     | HP: 3/135 [??? (1)]
 29450 | D:13     | HP: 4/135 [??? (1)]
 29457 | D:13     | HP: 4/135 [??? (2)]
 29463 | D:13     | HP: 3/135 [??? (1)]
 29470 | D:13     | HP: 3/135 [??? (1)]
 29475 | D:13     | HP: 4/135 [??? (1)]
 29482 | D:13     | HP: 3/135 [??? (1)]
 29489 | D:13     | HP: 3/135 [??? (1)]
 29494 | D:13     | HP: 3/135 [??? (1)]
 29500 | D:13     | HP: 3/135 [??? (1)]
 29505 | D:13     | HP: 4/135 [??? (1)]
 29510 | D:13     | HP: 3/135 [??? (1)]
 29518 | D:13     | HP: 4/135 [??? (1)]
 29523 | D:13     | HP: 3/135 [??? (1)]
 29531 | D:13     | HP: 5/135 [??? (2)]
 29538 | D:13     | HP: 5/135 [??? (2)]
 29543 | D:13     | HP: 4/135 [??? (2)]
 29549 | D:13     | HP: 3/135 [??? (1)]
 29555 | D:13     | HP: 4/135 [??? (1)]
 29560 | D:13     | HP: 4/135 [??? (1)]
 29565 | D:13     | HP: 3/135 [??? (1)]
 29571 | D:13     | HP: 3/135 [??? (1)]
 29577 | D:13     | HP: 4/135 [??? (1)]
 29584 | D:13     | HP: 4/135 [??? (2)]
 29590 | D:13     | HP: 4/135 [??? (1)]
 29597 | D:13     | HP: 3/135 [??? (1)]
 29603 | D:13     | HP: 4/135 [??? (1)]
 29610 | D:13     | HP: 4/135 [??? (1)]
 29617 | D:13     | HP: 5/135 [??? (2)]
 29622 | D:13     | HP: 3/135 [??? (1)]
 29630 | D:13     | HP: 4/135 [??? (2)]
 29637 | D:13     | HP: 4/135 [??? (1)]
 29643 | D:13     | HP: 4/135 [??? (1)]
 29648 | D:13     | HP: 4/135 [??? (1)]
 29657 | D:13     | HP: 5/135 [??? (3)]
 29666 | D:13     | HP: 5/135 [??? (2)]
 29675 | D:13     | HP: 4/135 [??? (1)]
 29680 | D:13     | HP: 3/135 [??? (1)]
 29685 | D:13     | HP: 4/135 [??? (1)]
 29696 | D:13     | HP: 5/135 [??? (2)]
 29701 | D:13     | HP: 3/135 [??? (1)]
 29707 | D:13     | HP: 4/135 [??? (1)]
 29712 | D:13     | HP: 3/135 [??? (1)]
 29720 | D:13     | HP: 4/135 [??? (1)]
 29725 | D:13     | HP: 4/135 [??? (1)]
 29730 | D:13     | HP: 4/135 [??? (1)]
 29740 | D:13     | HP: 4/135 [??? (1)]
 29749 | D:13     | HP: 4/135 [??? (2)]
 29755 | D:13     | HP: 4/135 [??? (1)]
 29770 | D:13     | HP: 6/135 [??? (3)]
 29780 | D:13     | HP: 5/135 [??? (3)]
 29785 | D:13     | HP: 3/135 [??? (1)]
 29791 | D:13     | HP: 4/135 [??? (2)]
 29799 | D:13     | HP: 4/135 [??? (1)]
 29810 | D:13     | HP: 5/135 [??? (2)]
 29815 | D:13     | HP: 3/135 [??? (1)]
 29821 | D:13     | HP: 3/135 [??? (1)]
 29827 | D:13     | HP: 4/135 [??? (2)]
 29832 | D:13     | HP: 3/135 [??? (1)]
 29837 | D:13     | HP: 3/135 [??? (1)]
 29843 | D:13     | HP: 3/135 [??? (1)]
 29849 | D:13     | HP: 3/135 [??? (1)]
 29863 | D:13     | HP: 5/135 [??? (2)]
 29872 | D:13     | HP: 5/135 [??? (3)]
 29878 | D:13     | HP: 4/135 [??? (1)]
 29885 | D:13     | HP: 3/135 [??? (1)]
 29893 | D:13     | HP: 4/135 [??? (2)]
 29907 | D:13     | HP: 5/135 [??? (3)]
 29913 | D:13     | HP: 3/135 [??? (1)]
 29921 | D:13     | HP: 4/135 [??? (1)]
 29930 | D:13     | HP: 4/135 [??? (1)]
 29938 | D:13     | HP: 4/135 [??? (1)]
 29945 | D:13     | HP: 4/135 [??? (1)]
 29952 | D:13     | HP: 3/135 [??? (1)]
 29961 | D:13     | HP: 5/135 [??? (2)]
 29966 | D:13     | HP: 3/135 [??? (1)]
 29976 | D:13     | HP: 4/135 [??? (2)]
 29981 | D:13     | HP: 4/135 [??? (2)]
 29987 | D:13     | HP: 4/135 [??? (1)]
 29993 | D:13     | HP: 4/135 [??? (1)]
 29998 | D:13     | HP: 3/135 [??? (1)]
 30003 | D:13     | HP: 4/135 [??? (1)]
 30009 | D:13     | HP: 4/135 [??? (2)]
 30017 | D:13     | HP: 4/135 [??? (1)]
 30024 | D:13     | HP: 4/135 [??? (1)]
 30030 | D:13     | HP: 4/135 [??? (1)]
 30039 | D:13     | HP: 4/135 [??? (2)]
 30045 | D:13     | HP: 4/135 [??? (1)]
 30051 | D:13     | HP: 4/135 [??? (1)]
 30069 | D:13     | HP: 6/135 [??? (4)]
 30074 | D:13     | HP: 4/135 [??? (1)]
 30079 | D:13     | HP: 3/135 [??? (1)]
 30084 | D:13     | HP: 4/135 [??? (1)]
 30093 | D:13     | HP: 5/135 [??? (2)]
 30103 | D:13     | HP: 5/135 [??? (2)]
 30109 | D:13     | HP: 3/135 [??? (1)]
 30115 | D:13     | HP: 3/135 [??? (1)]
 30124 | D:13     | HP: 5/135 [??? (2)]
 30132 | D:13     | HP: 4/135 [??? (2)]
 30138 | D:13     | HP: 5/135 [??? (2)]
 30144 | D:13     | HP: 4/135 [??? (1)]
 30149 | D:13     | HP: 3/135 [??? (1)]
 30159 | D:13     | HP: 4/135 [??? (1)]
 30166 | D:13     | HP: 4/135 [??? (1)]
 30178 | D:13     | HP: 5/135 [??? (2)]
 30185 | D:13     | HP: 3/135 [??? (1)]
 30191 | D:13     | HP: 3/135 [??? (1)]
 30200 | D:13     | HP: 4/135 [??? (1)]
 30211 | D:13     | HP: 5/135 [??? (2)]
 30220 | D:13     | HP: 5/135 [??? (2)]
 30225 | D:13     | HP: 4/135 [??? (1)]
 30231 | D:13     | HP: 4/135 [??? (2)]
 30239 | D:13     | HP: 4/135 [??? (2)]
 30245 | D:13     | HP: 3/135 [??? (1)]
 30250 | D:13     | HP: 4/135 [??? (1)]
 30255 | D:13     | HP: 4/135 [??? (1)]
 30262 | D:13     | HP: 4/135 [??? (1)]
 30268 | D:13     | HP: 4/135 [??? (1)]
 30274 | D:13     | HP: 4/135 [??? (2)]
 30281 | D:13     | HP: 5/135 [??? (2)]
 30287 | D:13     | HP: 5/135 [??? (2)]
 30293 | D:13     | HP: 4/135 [??? (1)]
 30299 | D:13     | HP: 4/135 [??? (1)]
 30304 | D:13     | HP: 3/135 [??? (1)]
 30309 | D:13     | HP: 3/135 [??? (1)]
 30314 | D:13     | HP: 4/135 [??? (1)]
 30319 | D:13     | HP: 3/135 [??? (1)]
 30325 | D:13     | HP: 4/135 [??? (1)]
 30331 | D:13     | HP: 4/135 [??? (1)]
 30338 | D:13     | HP: 4/135 [??? (2)]
 30344 | D:13     | HP: 4/135 [??? (2)]
 30351 | D:13     | HP: 5/135 [??? (2)]
 30356 | D:13     | HP: 4/135 [??? (1)]
 30365 | D:13     | HP: 4/135 [??? (2)]
 30372 | D:13     | HP: 5/135 [??? (2)]
 30377 | D:13     | HP: 3/135 [??? (1)]
 30383 | D:13     | HP: 3/135 [??? (1)]
 30389 | D:13     | HP: 4/135 [??? (1)]
 30394 | D:13     | HP: 3/135 [??? (1)]
 30399 | D:13     | HP: 3/135 [??? (1)]
 30404 | D:13     | HP: 3/135 [??? (1)]
 30412 | D:13     | HP: 4/135 [??? (2)]
 30417 | D:13     | HP: 3/135 [??? (1)]
 30422 | D:13     | HP: 3/135 [??? (1)]
 30431 | D:13     | HP: 4/135 [??? (2)]
 30436 | D:13     | HP: 3/135 [??? (1)]
 30445 | D:13     | HP: 5/135 [??? (2)]
 30451 | D:13     | HP: 4/135 [??? (1)]
 30456 | D:13     | HP: 4/135 [??? (1)]
 30461 | D:13     | HP: 3/135 [??? (1)]
 30470 | D:13     | HP: 4/135 [??? (1)]
 30478 | D:13     | HP: 4/135 [??? (2)]
 30488 | D:13     | HP: 6/135 [??? (3)]
 30494 | D:13     | HP: 4/135 [??? (2)]
 30502 | D:13     | HP: 3/135 [??? (1)]
 30507 | D:13     | HP: 4/135 [??? (1)]
 30519 | D:13     | HP: 5/135 [??? (3)]
 30526 | D:13     | HP: 4/135 [??? (2)]
 30532 | D:13     | HP: 4/135 [??? (1)]
 30540 | D:13     | HP: 4/135 [??? (2)]
 30545 | D:13     | HP: 4/135 [??? (1)]
 30564 | D:13     | HP: 6/135 [??? (3)]
 30569 | D:13     | HP: 4/135 [??? (2)]
 30575 | D:13     | HP: 4/135 [??? (1)]
 30580 | D:13     | HP: 4/135 [??? (1)]
 30588 | D:13     | HP: 5/135 [??? (2)]
 30600 | D:13     | HP: 5/135 [??? (3)]
 30605 | D:13     | HP: 3/135 [??? (1)]
 30612 | D:13     | HP: 4/135 [??? (1)]
 30617 | D:13     | HP: 4/135 [??? (2)]
 30622 | D:13     | HP: 3/135 [??? (1)]
 30628 | D:13     | HP: 3/135 [??? (1)]
 30637 | D:13     | HP: 5/135 [??? (2)]
 30642 | D:13     | HP: 3/135 [??? (1)]
 30647 | D:13     | HP: 4/135 [??? (1)]
 30652 | D:13     | HP: 4/135 [??? (1)]
 30659 | D:13     | HP: 3/135 [??? (1)]
 30666 | D:13     | HP: 3/135 [??? (1)]
 30672 | D:13     | HP: 3/135 [??? (1)]
 30688 | D:13     | HP: 6/135 [??? (3)]
 30700 | D:13     | HP: 6/135 [??? (3)]
 30705 | D:13     | HP: 5/135 [??? (3)]
 30712 | D:13     | HP: 4/135 [??? (1)]
 30720 | D:13     | HP: 4/135 [??? (2)]
 30727 | D:13     | HP: 5/135 [??? (2)]
 30734 | D:13     | HP: 4/135 [??? (2)]
 30740 | D:13     | HP: 4/135 [??? (1)]
 30749 | D:13     | HP: 5/135 [??? (2)]
 30756 | D:13     | HP: 3/135 [??? (1)]
 30762 | D:13     | HP: 4/135 [??? (1)]
 30770 | D:13     | HP: 4/135 [??? (1)]
 30775 | D:13     | HP: 3/135 [??? (1)]
 30780 | D:13     | HP: 3/135 [??? (1)]
 30786 | D:13     | HP: 4/135 [??? (1)]
 30794 | D:13     | HP: 4/135 [??? (1)]
 30799 | D:13     | HP: 3/135 [??? (1)]
 30808 | D:13     | HP: 4/135 [??? (2)]
 30819 | D:13     | HP: 4/135 [??? (2)]
 30825 | D:13     | HP: 4/135 [??? (2)]
 30831 | D:13     | HP: 4/135 [??? (2)]
 30837 | D:13     | HP: 4/135 [??? (2)]
 30846 | D:13     | HP: 4/135 [??? (2)]
 30857 | D:13     | HP: 6/135 [??? (3)]
 30863 | D:13     | HP: 4/135 [??? (2)]
 30868 | D:13     | HP: 4/135 [??? (1)]
 30875 | D:13     | HP: 4/135 [??? (1)]
 30880 | D:13     | HP: 3/135 [??? (1)]
 30885 | D:13     | HP: 4/135 [??? (1)]
 30895 | D:13     | HP: 5/135 [??? (2)]
 30901 | D:13     | HP: 4/135 [??? (1)]
 30914 | D:13     | HP: 6/135 [??? (3)]
 30921 | D:13     | HP: 6/135 [??? (3)]
 30926 | D:13     | HP: 4/135 [??? (1)]
 30949 | D:13     | HP: 7/135 [??? (5)]
 30951 | D:13     | HP: 3/135 [??? (1)]
 30956 | D:13     | HP: 3/135 [??? (1)]
 30962 | D:13     | HP: 3/135 [??? (1)]
 30968 | D:13     | HP: 4/135 [??? (1)]
 30973 | D:13     | HP: 3/135 [??? (1)]
 30979 | D:13     | HP: 4/135 [??? (1)]
 30989 | D:13     | HP: 4/135 [??? (2)]
 30997 | D:13     | HP: 5/135 [??? (2)]
 31002 | D:13     | HP: 4/135 [??? (1)]
 31010 | D:13     | HP: 5/135 [??? (2)]
 31015 | D:13     | HP: 4/135 [??? (2)]
 31022 | D:13     | HP: 4/135 [??? (1)]
 31031 | D:13     | HP: 5/135 [??? (2)]
 31038 | D:13     | HP: 5/135 [??? (2)]
 31044 | D:13     | HP: 5/135 [??? (2)]
 31051 | D:13     | HP: 5/135 [??? (3)]
 31056 | D:13     | HP: 4/135 [??? (2)]
 31062 | D:13     | HP: 4/135 [??? (1)]
 31073 | D:13     | HP: 4/135 [??? (2)]
 31081 | D:13     | HP: 4/135 [??? (1)]
 31088 | D:13     | HP: 4/135 [??? (1)]
 31093 | D:13     | HP: 3/135 [??? (1)]
 31099 | D:13     | HP: 4/135 [??? (1)]
 31108 | D:13     | HP: 4/135 [??? (1)]
 31115 | D:13     | HP: 4/135 [??? (2)]
 31127 | D:13     | HP: 5/135 [??? (2)]
 31133 | D:13     | HP: 4/135 [??? (1)]
 31139 | D:13     | HP: 4/135 [??? (2)]
 31144 | D:13     | HP: 3/135 [??? (1)]
 31149 | D:13     | HP: 4/135 [??? (1)]
 31159 | D:13     | HP: 4/135 [??? (1)]
 31165 | D:13     | HP: 4/135 [??? (1)]
 31173 | D:13     | HP: 4/135 [??? (2)]
 31181 | D:13     | HP: 5/135 [??? (3)]
 31190 | D:13     | HP: 5/135 [??? (2)]
 31195 | D:13     | HP: 5/135 [??? (3)]
 31202 | D:13     | HP: 3/135 [??? (1)]
 31210 | D:13     | HP: 4/135 [??? (2)]
 31223 | D:13     | HP: 5/135 [??? (3)]
 31231 | D:13     | HP: 5/135 [??? (2)]
 31238 | D:13     | HP: 5/135 [??? (3)]
 31244 | D:13     | HP: 5/135 [??? (2)]
 31255 | D:13     | HP: 4/135 [??? (2)]
 31262 | D:13     | HP: 4/135 [??? (2)]
 31271 | D:13     | HP: 4/135 [??? (1)]
 31279 | D:13     | HP: 5/135 [??? (3)]
 31285 | D:13     | HP: 3/135 [??? (1)]
 31290 | D:13     | HP: 3/135 [??? (1)]
 31298 | D:13     | HP: 4/135 [??? (2)]
 31304 | D:13     | HP: 4/135 [??? (1)]
 31314 | D:13     | HP: 4/135 [??? (1)]
 31320 | D:13     | HP: 5/135 [??? (2)]
 31326 | D:13     | HP: 4/135 [??? (2)]
 31333 | D:13     | HP: 4/135 [??? (1)]
 31349 | D:13     | HP: 7/135 [??? (4)]
 31355 | D:13     | HP: 5/135 [??? (2)]
 31361 | D:13     | HP: 4/135 [??? (1)]
 31368 | D:13     | HP: 5/135 [??? (2)]
 31376 | D:13     | HP: 6/135 [??? (3)]
 31381 | D:13     | HP: 4/135 [??? (1)]
 31386 | D:13     | HP: 3/135 [??? (1)]
 31391 | D:13     | HP: 4/135 [??? (1)]
 31396 | D:13     | HP: 4/135 [??? (1)]
 31404 | D:13     | HP: 3/135 [??? (1)]
 31412 | D:13     | HP: 4/135 [??? (2)]
 31417 | D:13     | HP: 3/135 [??? (1)]
 31422 | D:13     | HP: 3/135 [??? (1)]
 31427 | D:13     | HP: 4/135 [??? (1)]
 31433 | D:13     | HP: 3/135 [??? (1)]
 31444 | D:13     | HP: 5/135 [??? (2)]
 31453 | D:13     | HP: 5/135 [??? (2)]
 31458 | D:13     | HP: 3/135 [??? (1)]
 31465 | D:13     | HP: 4/135 [??? (1)]
 31473 | D:13     | HP: 4/135 [??? (1)]
 31478 | D:13     | HP: 3/135 [??? (1)]
 31486 | D:13     | HP: 4/135 [??? (1)]
 31492 | D:13     | HP: 4/135 [??? (1)]
 31497 | D:13     | HP: 3/135 [??? (1)]
 31502 | D:13     | HP: 4/135 [??? (1)]
 31508 | D:13     | HP: 5/135 [??? (2)]
 31517 | D:13     | HP: 5/135 [??? (2)]
 31525 | D:13     | HP: 5/135 [??? (3)]
 31532 | D:13     | HP: 3/135 [??? (1)]
 31537 | D:13     | HP: 3/135 [??? (1)]
 31543 | D:13     | HP: 4/135 [??? (1)]
 31548 | D:13     | HP: 3/135 [??? (1)]
 31555 | D:13     | HP: 4/135 [??? (1)]
 31570 | D:13     | HP: 5/135 [??? (3)]
 31575 | D:13     | HP: 3/135 [??? (1)]
 31585 | D:13     | HP: 4/135 [??? (2)]
 31590 | D:13     | HP: 3/135 [??? (1)]
 31595 | D:13     | HP: 4/135 [??? (2)]
 31600 | D:13     | HP: 3/135 [??? (1)]
 31607 | D:13     | HP: 4/135 [??? (1)]
 31614 | D:13     | HP: 3/135 [??? (1)]
 31627 | D:13     | HP: 5/135 [??? (3)]
 31634 | D:13     | HP: 4/135 [??? (2)]
 31642 | D:13     | HP: 5/135 [??? (2)]
 31651 | D:13     | HP: 4/135 [??? (1)]
 31657 | D:13     | HP: 4/135 [??? (1)]
 31666 | D:13     | HP: 5/135 [??? (2)]
 31672 | D:13     | HP: 4/135 [??? (2)]
 31677 | D:13     | HP: 4/135 [??? (1)]
 31683 | D:13     | HP: 3/135 [??? (1)]
 31691 | D:13     | HP: 4/135 [??? (2)]
 31701 | D:13     | HP: 4/135 [??? (2)]
 31707 | D:13     | HP: 4/135 [??? (2)]
 31712 | D:13     | HP: 4/135 [??? (2)]
 31718 | D:13     | HP: 3/135 [??? (1)]
 31726 | D:13     | HP: 4/135 [??? (2)]
 31732 | D:13     | HP: 3/135 [??? (1)]
 31743 | D:13     | HP: 5/135 [??? (3)]
 31750 | D:13     | HP: 4/135 [??? (2)]
 31758 | D:13     | HP: 4/135 [??? (1)]
 31763 | D:13     | HP: 4/135 [??? (2)]
 31770 | D:13     | HP: 3/135 [??? (1)]
 31776 | D:13     | HP: 4/135 [??? (1)]
 31781 | D:13     | HP: 4/135 [??? (1)]
 31787 | D:13     | HP: 4/135 [??? (1)]
 31799 | D:13     | HP: 6/135 [??? (3)]
 31805 | D:13     | HP: 4/135 [??? (2)]
 31810 | D:13     | HP: 4/135 [??? (2)]
 31816 | D:13     | HP: 4/135 [??? (1)]
 31822 | D:13     | HP: 4/135 [??? (2)]
 31827 | D:13     | HP: 4/135 [??? (1)]
 31833 | D:13     | HP: 3/135 [??? (1)]
 31839 | D:13     | HP: 4/135 [??? (2)]
 31845 | D:13     | HP: 3/135 [??? (1)]
 31850 | D:13     | HP: 4/135 [??? (1)]
 31855 | D:13     | HP: 3/135 [??? (1)]
 31864 | D:13     | HP: 4/135 [??? (2)]
 31869 | D:13     | HP: 4/135 [??? (1)]
 31879 | D:13     | HP: 4/135 [??? (2)]
 31886 | D:13     | HP: 4/135 [??? (2)]
 31891 | D:13     | HP: 3/135 [??? (1)]
 31898 | D:13     | HP: 4/135 [??? (2)]
 31904 | D:13     | HP: 4/135 [??? (1)]
 31910 | D:13     | HP: 4/135 [??? (1)]
 31920 | D:13     | HP: 5/135 [??? (3)]
 31925 | D:13     | HP: 4/135 [??? (1)]
 31932 | D:13     | HP: 4/135 [??? (1)]
 31944 | D:13     | HP: 4/135 [??? (2)]
 31950 | D:13     | HP: 5/135 [??? (2)]
 31957 | D:13     | HP: 5/135 [??? (3)]
 31962 | D:13     | HP: 4/135 [??? (2)]
 31969 | D:13     | HP: 5/135 [??? (2)]
 31974 | D:13     | HP: 3/135 [??? (1)]
 31979 | D:13     | HP: 4/135 [??? (1)]
 31986 | D:13     | HP: 4/135 [??? (1)]
 31992 | D:13     | HP: 4/135 [??? (1)]
 31997 | D:13     | HP: 4/135 [??? (1)]
 32002 | D:13     | HP: 3/135 [??? (1)]
 32008 | D:13     | HP: 4/135 [??? (1)]
 32017 | D:13     | HP: 5/135 [??? (2)]
 32024 | D:13     | HP: 4/135 [??? (1)]
 32035 | D:13     | HP: 4/135 [??? (2)]
 32040 | D:13     | HP: 3/135 [??? (1)]
 32051 | D:13     | HP: 5/135 [??? (3)]
 32056 | D:13     | HP: 3/135 [??? (1)]
 32062 | D:13     | HP: 4/135 [??? (1)]
 32068 | D:13     | HP: 4/135 [??? (1)]
 32076 | D:13     | HP: 4/135 [??? (2)]
 32082 | D:13     | HP: 3/135 [??? (1)]
 32087 | D:13     | HP: 4/135 [??? (1)]
 32093 | D:13     | HP: 4/135 [??? (1)]
 32100 | D:13     | HP: 4/135 [??? (2)]
 32105 | D:13     | HP: 3/135 [??? (1)]
 32114 | D:13     | HP: 4/135 [??? (2)]
 32119 | D:13     | HP: 4/135 [??? (1)]
 32124 | D:13     | HP: 3/135 [??? (1)]
 32129 | D:13     | HP: 4/135 [??? (1)]
 32136 | D:13     | HP: 4/135 [??? (2)]
 32142 | D:13     | HP: 3/135 [??? (1)]
 32147 | D:13     | HP: 3/135 [??? (1)]
 32153 | D:13     | HP: 3/135 [??? (1)]
 32160 | D:13     | HP: 3/135 [??? (1)]
 32166 | D:13     | HP: 3/135 [??? (1)]
 32175 | D:13     | HP: 4/135 [??? (2)]
 32182 | D:13     | HP: 4/135 [??? (2)]
 32189 | D:13     | HP: 4/135 [??? (1)]
 32195 | D:13     | HP: 5/135 [??? (2)]
 32202 | D:13     | HP: 4/135 [??? (1)]
 32210 | D:13     | HP: 5/135 [??? (3)]
 32220 | D:13     | HP: 4/135 [??? (2)]
 32228 | D:13     | HP: 4/135 [??? (1)]
 32234 | D:13     | HP: 4/135 [??? (1)]
 32239 | D:13     | HP: 4/135 [??? (1)]
 32244 | D:13     | HP: 4/135 [??? (1)]
 32252 | D:13     | HP: 4/135 [??? (1)]
 32257 | D:13     | HP: 4/135 [??? (1)]
 32262 | D:13     | HP: 3/135 [??? (1)]
 32267 | D:13     | HP: 3/135 [??? (1)]
 32277 | D:13     | HP: 4/135 [??? (2)]
 32284 | D:13     | HP: 4/135 [??? (2)]
 32289 | D:13     | HP: 4/135 [??? (2)]
 32299 | D:13     | HP: 4/135 [??? (2)]
 32304 | D:13     | HP: 3/135 [??? (1)]
 32313 | D:13     | HP: 4/135 [??? (2)]
 32320 | D:13     | HP: 4/135 [??? (1)]
 32325 | D:13     | HP: 4/135 [??? (1)]
 32333 | D:13     | HP: 4/135 [??? (2)]
 32340 | D:13     | HP: 4/135 [??? (2)]
 32345 | D:13     | HP: 3/135 [??? (1)]
 32351 | D:13     | HP: 4/135 [??? (1)]
 32358 | D:13     | HP: 4/135 [??? (1)]
 32363 | D:13     | HP: 3/135 [??? (1)]
 32370 | D:13     | HP: 4/135 [??? (2)]
 32376 | D:13     | HP: 4/135 [??? (2)]
 32382 | D:13     | HP: 4/135 [??? (2)]
 32389 | D:13     | HP: 3/135 [??? (1)]
 32401 | D:13     | HP: 5/135 [??? (2)]
 32406 | D:13     | HP: 4/135 [??? (1)]
 32411 | D:13     | HP: 4/135 [??? (2)]
 32419 | D:13     | HP: 4/135 [??? (2)]
 32428 | D:13     | HP: 4/135 [??? (1)]
 32439 | D:13     | HP: 4/135 [??? (2)]
 32446 | D:13     | HP: 4/135 [??? (1)]
 32453 | D:13     | HP: 4/135 [??? (1)]
 32459 | D:13     | HP: 3/135 [??? (1)]
 32465 | D:13     | HP: 3/135 [??? (1)]
 32470 | D:13     | HP: 3/135 [??? (1)]
 32478 | D:13     | HP: 4/135 [??? (1)]
 32483 | D:13     | HP: 4/135 [??? (1)]
 32490 | D:13     | HP: 3/135 [??? (1)]
 32497 | D:13     | HP: 3/135 [??? (1)]
 32505 | D:13     | HP: 4/135 [??? (2)]
 32510 | D:13     | HP: 3/135 [??? (1)]
 32515 | D:13     | HP: 3/135 [??? (1)]
 32523 | D:13     | HP: 4/135 [??? (2)]
 32536 | D:13     | HP: 5/135 [??? (2)]
 32546 | D:13     | HP: 5/135 [??? (2)]
 32551 | D:13     | HP: 4/135 [??? (1)]
 32556 | D:13     | HP: 4/135 [??? (1)]
 32565 | D:13     | HP: 4/135 [??? (2)]
 32572 | D:13     | HP: 4/135 [??? (1)]
 32580 | D:13     | HP: 5/135 [??? (2)]
 32588 | D:13     | HP: 6/135 [??? (3)]
 32595 | D:13     | HP: 6/135 [??? (3)]
 32600 | D:13     | HP: 3/135 [??? (1)]
 32608 | D:13     | HP: 4/135 [??? (1)]
 32614 | D:13     | HP: 4/135 [??? (1)]
 32620 | D:13     | HP: 3/135 [??? (1)]
 32626 | D:13     | HP: 4/135 [??? (2)]
 32631 | D:13     | HP: 4/135 [??? (1)]
 32636 | D:13     | HP: 4/135 [??? (1)]
 32649 | D:13     | HP: 5/135 [??? (2)]
 32655 | D:13     | HP: 5/135 [??? (3)]
 32665 | D:13     | HP: 5/135 [??? (2)]
 32671 | D:13     | HP: 4/135 [??? (2)]
 32678 | D:13     | HP: 5/135 [??? (2)]
 32683 | D:13     | HP: 4/135 [??? (2)]
 32690 | D:13     | HP: 3/135 [??? (1)]
 32695 | D:13     | HP: 4/135 [??? (1)]
 32705 | D:13     | HP: 4/135 [??? (2)]
 32715 | D:13     | HP: 5/135 [??? (2)]
 32721 | D:13     | HP: 5/135 [??? (2)]
 32726 | D:13     | HP: 4/135 [??? (2)]
 32731 | D:13     | HP: 4/135 [??? (1)]
 32737 | D:13     | HP: 3/135 [??? (1)]
 32742 | D:13     | HP: 4/135 [??? (1)]
 32755 | D:13     | HP: 6/135 [??? (3)]
 32761 | D:13     | HP: 4/135 [??? (2)]
 32768 | D:13     | HP: 3/135 [??? (1)]
 32773 | D:13     | HP: 3/135 [??? (1)]
 32778 | D:13     | HP: 3/135 [??? (1)]
 32784 | D:13     | HP: 3/135 [??? (1)]
 32790 | D:13     | HP: 4/135 [??? (1)]
 32796 | D:13     | HP: 3/135 [??? (1)]
 32805 | D:13     | HP: 4/135 [??? (1)]
 32828 | D:13     | HP: 7/135 [??? (4)]
 32833 | D:13     | HP: 3/135 [??? (1)]
 32841 | D:13     | HP: 4/135 [??? (1)]
 32846 | D:13     | HP: 3/135 [??? (1)]
 32858 | D:13     | HP: 4/135 [??? (2)]
 32865 | D:13     | HP: 3/135 [??? (1)]
 32880 | D:13     | HP: 5/135 [??? (2)]
 32886 | D:13     | HP: 4/135 [??? (1)]
 32891 | D:13     | HP: 3/135 [??? (1)]
 32897 | D:13     | HP: 3/135 [??? (1)]
 32902 | D:13     | HP: 4/135 [??? (1)]
 32910 | D:13     | HP: 4/135 [??? (1)]
 32915 | D:13     | HP: 4/135 [??? (2)]
 32926 | D:13     | HP: 4/135 [??? (2)]
 32934 | D:13     | HP: 4/135 [??? (1)]
 32941 | D:13     | HP: 5/135 [??? (2)]
 32947 | D:13     | HP: 5/135 [??? (2)]
 32955 | D:13     | HP: 5/135 [??? (2)]
 32960 | D:13     | HP: 5/135 [??? (2)]
 32965 | D:13     | HP: 3/135 [??? (1)]
 32970 | D:13     | HP: 4/135 [??? (1)]
 32979 | D:13     | HP: 5/135 [??? (2)]
 32984 | D:13     | HP: 3/135 [??? (1)]
 32989 | D:13     | HP: 3/135 [??? (1)]
 32994 | D:13     | HP: 4/135 [??? (1)]
 33001 | D:13     | HP: 4/135 [??? (2)]
 33006 | D:13     | HP: 4/135 [??? (1)]
 33022 | D:13     | HP: 5/135 [??? (3)]
 33031 | D:13     | HP: 5/135 [??? (2)]
 33036 | D:13     | HP: 3/135 [??? (1)]
 33041 | D:13     | HP: 3/135 [??? (1)]
 33046 | D:13     | HP: 3/135 [??? (1)]
 33053 | D:13     | HP: 3/135 [??? (1)]
 33061 | D:13     | HP: 3/135 [??? (1)]
 33070 | D:13     | HP: 5/135 [??? (2)]
 33081 | D:13     | HP: 6/135 [??? (3)]
 33087 | D:13     | HP: 4/135 [??? (2)]
 33093 | D:13     | HP: 3/135 [??? (1)]
 33104 | D:13     | HP: 4/135 [??? (2)]
 33109 | D:13     | HP: 4/135 [??? (2)]
 33115 | D:13     | HP: 4/135 [??? (1)]
 33120 | D:13     | HP: 4/135 [??? (1)]
 33125 | D:13     | HP: 4/135 [??? (2)]
 33130 | D:13     | HP: 3/135 [??? (1)]
 33136 | D:13     | HP: 3/135 [??? (1)]
 33142 | D:13     | HP: 3/135 [??? (1)]
 33149 | D:13     | HP: 4/135 [??? (2)]
 33158 | D:13     | HP: 4/135 [??? (2)]
 33163 | D:13     | HP: 4/135 [??? (2)]
 33174 | D:13     | HP: 5/135 [??? (2)]
 33181 | D:13     | HP: 4/135 [??? (1)]
 33187 | D:13     | HP: 3/135 [??? (1)]
 33193 | D:13     | HP: 3/135 [??? (1)]
 33199 | D:13     | HP: 4/135 [??? (1)]
 33205 | D:13     | HP: 4/135 [??? (1)]
 33211 | D:13     | HP: 4/135 [??? (1)]
 33216 | D:13     | HP: 4/135 [??? (2)]
 33228 | D:13     | HP: 6/135 [??? (3)]
 33233 | D:13     | HP: 4/135 [??? (1)]
 33250 | D:13     | HP: 6/135 [??? (4)]
 33259 | D:13     | HP: 4/135 [??? (2)]
 33267 | D:13     | HP: 4/135 [??? (1)]
 33272 | D:13     | HP: 4/135 [??? (1)]
 33277 | D:13     | HP: 3/135 [??? (1)]
 33285 | D:13     | HP: 3/135 [??? (1)]
 33295 | D:13     | HP: 4/135 [??? (2)]
 33300 | D:13     | HP: 3/135 [??? (1)]
 33305 | D:13     | HP: 4/135 [??? (1)]
 33310 | D:13     | HP: 4/135 [??? (2)]
 33315 | D:13     | HP: 3/135 [??? (1)]
 33322 | D:13     | HP: 4/135 [??? (2)]
 33331 | D:13     | HP: 5/135 [??? (3)]
 33337 | D:13     | HP: 4/135 [??? (1)]
 33342 | D:13     | HP: 4/135 [??? (1)]
 33349 | D:13     | HP: 5/135 [??? (2)]
 33357 | D:13     | HP: 6/135 [??? (3)]
 33365 | D:13     | HP: 5/135 [??? (2)]
 33370 | D:13     | HP: 4/135 [??? (1)]
 33377 | D:13     | HP: 5/135 [??? (2)]
 33384 | D:13     | HP: 4/135 [??? (2)]
 33389 | D:13     | HP: 3/135 [??? (1)]
 33395 | D:13     | HP: 3/135 [??? (1)]
 33407 | D:13     | HP: 5/135 [??? (3)]
 33413 | D:13     | HP: 3/135 [??? (1)]
 33420 | D:13     | HP: 4/135 [??? (2)]
 33425 | D:13     | HP: 4/135 [??? (2)]
 33433 | D:13     | HP: 4/135 [??? (1)]
 33438 | D:13     | HP: 4/135 [??? (1)]
 33443 | D:13     | HP: 3/135 [??? (1)]
 33450 | D:13     | HP: 4/135 [??? (2)]
 33457 | D:13     | HP: 4/135 [??? (2)]
 33462 | D:13     | HP: 4/135 [??? (1)]
 33467 | D:13     | HP: 3/135 [??? (1)]
 33473 | D:13     | HP: 3/135 [??? (1)]
 33479 | D:13     | HP: 3/135 [??? (1)]
 33485 | D:13     | HP: 3/135 [??? (1)]
 33491 | D:13     | HP: 3/135 [??? (1)]
 33500 | D:13     | HP: 4/135 [??? (1)]
 33507 | D:13     | HP: 4/135 [??? (2)]
 33512 | D:13     | HP: 4/135 [??? (1)]
 33518 | D:13     | HP: 3/135 [??? (1)]
 33527 | D:13     | HP: 4/135 [??? (2)]
 33532 | D:13     | HP: 4/135 [??? (1)]
 33537 | D:13     | HP: 3/135 [??? (1)]
 33543 | D:13     | HP: 4/135 [??? (1)]
 33550 | D:13     | HP: 4/135 [??? (2)]
 33558 | D:13     | HP: 5/135 [??? (2)]
 33567 | D:13     | HP: 5/135 [??? (2)]
 33572 | D:13     | HP: 3/135 [??? (1)]
 33580 | D:13     | HP: 3/135 [??? (1)]
 33585 | D:13     | HP: 3/135 [??? (1)]
 33591 | D:13     | HP: 3/135 [??? (1)]
 33599 | D:13     | HP: 3/135 [??? (1)]
 33604 | D:13     | HP: 3/135 [??? (1)]
 33611 | D:13     | HP: 3/135 [??? (1)]
 33616 | D:13     | HP: 3/135 [??? (1)]
 33622 | D:13     | HP: 4/135 [??? (1)]
 33629 | D:13     | HP: 4/135 [??? (1)]
 33637 | D:13     | HP: 4/135 [??? (1)]
 33646 | D:13     | HP: 4/135 [??? (2)]
 33657 | D:13     | HP: 4/135 [??? (2)]
 33662 | D:13     | HP: 4/135 [??? (1)]
 33670 | D:13     | HP: 4/135 [??? (1)]
 33675 | D:13     | HP: 3/135 [??? (1)]
 33680 | D:13     | HP: 3/135 [??? (1)]
 33696 | D:13     | HP: 6/135 [??? (3)]
 33703 | D:13     | HP: 5/135 [??? (2)]
 33712 | D:13     | HP: 6/135 [??? (3)]
 33717 | D:13     | HP: 4/135 [??? (1)]
 33725 | D:13     | HP: 5/135 [??? (2)]
 33731 | D:13     | HP: 4/135 [??? (2)]
 33736 | D:13     | HP: 3/135 [??? (1)]
 33742 | D:13     | HP: 3/135 [??? (1)]
 33755 | D:13     | HP: 5/135 [??? (3)]
 33760 | D:13     | HP: 4/135 [??? (1)]
 33765 | D:13     | HP: 3/135 [??? (1)]
 33776 | D:13     | HP: 4/135 [??? (2)]
 33785 | D:13     | HP: 4/135 [??? (1)]
 33792 | D:13     | HP: 3/135 [??? (1)]
 33797 | D:13     | HP: 4/135 [??? (1)]
 33812 | D:13     | HP: 6/135 [??? (3)]
 33820 | D:13     | HP: 4/135 [??? (2)]
 33825 | D:13     | HP: 3/135 [??? (1)]
 33833 | D:13     | HP: 4/135 [??? (1)]
 33839 | D:13     | HP: 3/135 [??? (1)]
 33849 | D:13     | HP: 5/135 [??? (2)]
 33856 | D:13     | HP: 5/135 [??? (3)]
 33863 | D:13     | HP: 4/135 [??? (2)]
 33869 | D:13     | HP: 4/135 [??? (2)]
 33879 | D:13     | HP: 5/135 [??? (2)]
 33886 | D:13     | HP: 4/135 [??? (1)]
 33891 | D:13     | HP: 3/135 [??? (1)]
 33899 | D:13     | HP: 3/135 [??? (1)]
 33907 | D:13     | HP: 4/135 [??? (2)]
 33912 | D:13     | HP: 4/135 [??? (1)]
 33917 | D:13     | HP: 3/135 [??? (1)]
 33923 | D:13     | HP: 3/135 [??? (1)]
 33932 | D:13     | HP: 4/135 [??? (1)]
 33939 | D:13     | HP: 4/135 [??? (1)]
 33945 | D:13     | HP: 4/135 [??? (1)]
 33952 | D:13     | HP: 4/135 [??? (1)]
 33958 | D:13     | HP: 3/135 [??? (1)]
 33963 | D:13     | HP: 3/135 [??? (1)]
 33968 | D:13     | HP: 3/135 [??? (1)]
 33973 | D:13     | HP: 3/135 [??? (1)]
 33979 | D:13     | HP: 4/135 [??? (2)]
 33984 | D:13     | HP: 4/135 [??? (1)]
 33990 | D:13     | HP: 4/135 [??? (1)]
 33999 | D:13     | HP: 4/135 [??? (1)]
 34007 | D:13     | HP: 4/135 [??? (2)]
 34012 | D:13     | HP: 3/135 [??? (1)]
 34020 | D:13     | HP: 4/135 [??? (1)]
 34027 | D:13     | HP: 4/135 [??? (2)]
 34038 | D:13     | HP: 5/135 [??? (2)]
 34043 | D:13     | HP: 4/135 [??? (1)]
 34048 | D:13     | HP: 4/135 [??? (2)]
 34059 | D:13     | HP: 4/135 [??? (2)]
 34071 | D:13     | HP: 5/135 [??? (3)]
 34076 | D:13     | HP: 4/135 [??? (2)]
 34082 | D:13     | HP: 3/135 [??? (1)]
 34090 | D:13     | HP: 4/135 [??? (2)]
 34097 | D:13     | HP: 4/135 [??? (1)]
 34102 | D:13     | HP: 3/135 [??? (1)]
 34108 | D:13     | HP: 4/135 [??? (1)]
 34117 | D:13     | HP: 5/135 [??? (2)]
 34123 | D:13     | HP: 5/135 [??? (2)]
 34128 | D:13     | HP: 3/135 [??? (1)]
 34133 | D:13     | HP: 3/135 [??? (1)]
 34142 | D:13     | HP: 5/135 [??? (2)]
 34150 | D:13     | HP: 4/135 [??? (2)]
 34155 | D:13     | HP: 3/135 [??? (1)]
 34160 | D:13     | HP: 3/135 [??? (1)]
 34167 | D:13     | HP: 4/135 [??? (1)]
 34175 | D:13     | HP: 4/135 [??? (1)]
 34180 | D:13     | HP: 3/135 [??? (1)]
 34186 | D:13     | HP: 3/135 [??? (1)]
 34191 | D:13     | HP: 3/135 [??? (1)]
 34196 | D:13     | HP: 3/135 [??? (1)]
 34201 | D:13     | HP: 3/135 [??? (1)]
 34207 | D:13     | HP: 4/135 [??? (1)]
 34213 | D:13     | HP: 3/135 [??? (1)]
 34218 | D:13     | HP: 3/135 [??? (1)]
 34223 | D:13     | HP: 3/135 [??? (1)]
 34234 | D:13     | HP: 5/135 [??? (2)]
 34241 | D:13     | HP: 4/135 [??? (1)]
 34246 | D:13     | HP: 3/135 [??? (1)]
 34251 | D:13     | HP: 3/135 [??? (1)]
 34256 | D:13     | HP: 3/135 [??? (1)]
 34261 | D:13     | HP: 4/135 [??? (1)]
 34266 | D:13     | HP: 4/135 [??? (2)]
 34273 | D:13     | HP: 3/135 [??? (1)]
 34280 | D:13     | HP: 4/135 [??? (2)]
 34285 | D:13     | HP: 4/135 [??? (2)]
 34293 | D:13     | HP: 4/135 [??? (1)]
 34299 | D:13     | HP: 3/135 [??? (1)]
 34306 | D:13     | HP: 4/135 [??? (1)]
 34314 | D:13     | HP: 4/135 [??? (1)]
 34321 | D:13     | HP: 3/135 [??? (1)]
 34328 | D:13     | HP: 3/135 [??? (1)]
 34335 | D:13     | HP: 3/135 [??? (1)]
 34343 | D:13     | HP: 5/135 [??? (2)]
 34348 | D:13     | HP: 3/135 [??? (1)]
 34359 | D:13     | HP: 4/135 [??? (2)]
 34365 | D:13     | HP: 5/135 [??? (2)]
 34373 | D:13     | HP: 5/135 [??? (3)]
 34378 | D:13     | HP: 5/135 [??? (2)]
 34383 | D:13     | HP: 5/135 [??? (2)]
 34388 | D:13     | HP: 5/135 [??? (3)]
 34393 | D:13     | HP: 5/135 [??? (2)]
 34398 | D:13     | HP: 3/135 [??? (1)]
 34403 | D:13     | HP: 3/135 [??? (1)]
 34410 | D:13     | HP: 4/135 [??? (1)]
 34420 | D:13     | HP: 5/135 [??? (3)]
 34425 | D:13     | HP: 3/135 [??? (1)]
 34430 | D:13     | HP: 4/135 [??? (1)]
 34437 | D:13     | HP: 4/135 [??? (1)]
 34445 | D:13     | HP: 4/135 [??? (1)]
 34453 | D:13     | HP: 4/135 [??? (1)]
 34462 | D:13     | HP: 5/135 [??? (2)]
 34467 | D:13     | HP: 3/135 [??? (1)]
 34472 | D:13     | HP: 3/135 [??? (1)]
 34480 | D:13     | HP: 3/135 [??? (1)]
 34486 | D:13     | HP: 3/135 [??? (1)]
 34496 | D:13     | HP: 4/135 [??? (2)]
 34503 | D:13     | HP: 5/135 [??? (2)]
 34510 | D:13     | HP: 4/135 [??? (2)]
 34521 | D:13     | HP: 5/135 [??? (2)]
 34527 | D:13     | HP: 3/135 [??? (1)]
 34533 | D:13     | HP: 3/135 [??? (1)]
 34543 | D:13     | HP: 4/135 [??? (2)]
 34549 | D:13     | HP: 4/135 [??? (2)]
 34559 | D:13     | HP: 5/135 [??? (3)]
 34565 | D:13     | HP: 3/135 [??? (1)]
 34570 | D:13     | HP: 3/135 [??? (1)]
 34578 | D:13     | HP: 4/135 [??? (1)]
 34586 | D:13     | HP: 4/135 [??? (2)]
 34598 | D:13     | HP: 5/135 [??? (3)]
 34606 | D:13     | HP: 4/135 [??? (1)]
 34612 | D:13     | HP: 4/135 [??? (2)]
 34622 | D:13     | HP: 4/135 [??? (2)]
 34627 | D:13     | HP: 4/135 [??? (2)]
 34639 | D:13     | HP: 5/135 [??? (3)]
 34645 | D:13     | HP: 3/135 [??? (1)]
 34652 | D:13     | HP: 4/135 [??? (1)]
 34664 | D:13     | HP: 5/135 [??? (2)]
 34670 | D:13     | HP: 4/135 [??? (2)]
 34678 | D:13     | HP: 4/135 [??? (1)]
 34686 | D:13     | HP: 5/135 [??? (2)]
 34692 | D:13     | HP: 5/135 [??? (2)]
 34698 | D:13     | HP: 5/135 [??? (2)]
 34705 | D:13     | HP: 4/135 [??? (1)]
 34721 | D:13     | HP: 6/135 [??? (3)]
 34726 | D:13     | HP: 6/135 [??? (3)]
 34738 | D:13     | HP: 5/135 [??? (2)]
 34746 | D:13     | HP: 4/135 [??? (2)]
 34757 | D:13     | HP: 5/135 [??? (2)]
 34763 | D:13     | HP: 4/135 [??? (2)]
 34769 | D:13     | HP: 4/135 [??? (2)]
 34778 | D:13     | HP: 5/135 [??? (2)]
 34789 | D:13     | HP: 4/135 [??? (2)]
 34795 | D:13     | HP: 4/135 [??? (2)]
 34802 | D:13     | HP: 3/135 [??? (1)]
 34813 | D:13     | HP: 4/135 [??? (2)]
 34818 | D:13     | HP: 3/135 [??? (1)]
 34824 | D:13     | HP: 3/135 [??? (1)]
 34829 | D:13     | HP: 3/135 [??? (1)]
 34836 | D:13     | HP: 4/135 [??? (1)]
 34843 | D:13     | HP: 4/135 [??? (2)]
 34850 | D:13     | HP: 4/135 [??? (1)]
 34861 | D:13     | HP: 5/135 [??? (3)]
 34867 | D:13     | HP: 4/135 [??? (2)]
 34877 | D:13     | HP: 4/135 [??? (2)]
 34882 | D:13     | HP: 3/135 [??? (1)]
 34888 | D:13     | HP: 4/135 [??? (1)]
 34895 | D:13     | HP: 4/135 [??? (1)]
 34901 | D:13     | HP: 3/135 [??? (1)]
 34907 | D:13     | HP: 3/135 [??? (1)]
 34913 | D:13     | HP: 3/135 [??? (1)]
 34919 | D:13     | HP: 3/135 [??? (1)]
 34924 | D:13     | HP: 4/135 [??? (1)]
 34932 | D:13     | HP: 4/135 [??? (1)]
 34938 | D:13     | HP: 5/135 [??? (2)]
 34945 | D:13     | HP: 4/135 [??? (2)]
 34951 | D:13     | HP: 4/135 [??? (2)]
 34958 | D:13     | HP: 4/135 [??? (1)]
 34965 | D:13     | HP: 3/135 [??? (1)]
 34973 | D:13     | HP: 4/135 [??? (1)]
 34988 | D:13     | HP: 7/135 [??? (4)]
 34994 | D:13     | HP: 5/135 [??? (2)]
 35000 | D:13     | HP: 4/135 [??? (1)]
 35005 | D:13     | HP: 4/135 [??? (1)]
 35010 | D:13     | HP: 3/135 [??? (1)]
 35015 | D:13     | HP: 3/135 [??? (1)]
 35020 | D:13     | HP: 3/135 [??? (1)]
 35032 | D:13     | HP: 5/135 [??? (2)]
 35037 | D:13     | HP: 3/135 [??? (1)]
 35042 | D:13     | HP: 4/135 [??? (1)]
 35049 | D:13     | HP: 3/135 [??? (1)]
 35057 | D:13     | HP: 4/135 [??? (2)]
 35062 | D:13     | HP: 4/135 [??? (1)]
 35068 | D:13     | HP: 3/135 [??? (1)]
 35076 | D:13     | HP: 4/135 [??? (2)]
 35083 | D:13     | HP: 4/135 [??? (1)]
 35090 | D:13     | HP: 4/135 [??? (1)]
 35095 | D:13     | HP: 4/135 [??? (1)]
 35101 | D:13     | HP: 3/135 [??? (1)]
 35108 | D:13     | HP: 4/135 [??? (1)]
 35119 | D:13     | HP: 4/135 [??? (2)]
 35125 | D:13     | HP: 4/135 [??? (1)]
 35130 | D:13     | HP: 3/135 [??? (1)]
 35136 | D:13     | HP: 4/135 [??? (1)]
 35142 | D:13     | HP: 3/135 [??? (1)]
 35152 | D:13     | HP: 4/135 [??? (1)]
 35159 | D:13     | HP: 4/135 [??? (1)]
 35166 | D:13     | HP: 3/135 [??? (1)]
 35172 | D:13     | HP: 4/135 [??? (1)]
 35180 | D:13     | HP: 4/135 [??? (2)]
 35185 | D:13     | HP: 4/135 [??? (1)]
 35190 | D:13     | HP: 4/135 [??? (1)]
 35196 | D:13     | HP: 3/135 [??? (1)]
 35203 | D:13     | HP: 4/135 [??? (1)]
 35209 | D:13     | HP: 4/135 [??? (1)]
 35215 | D:13     | HP: 5/135 [??? (2)]
 35221 | D:13     | HP: 3/135 [??? (1)]
 35239 | D:13     | HP: 6/135 [??? (4)]
 35245 | D:13     | HP: 4/135 [??? (1)]
 35250 | D:13     | HP: 4/135 [??? (2)]
 35255 | D:13     | HP: 3/135 [??? (1)]
 35262 | D:13     | HP: 4/135 [??? (1)]
 35274 | D:13     | HP: 5/135 [??? (2)]
 35279 | D:13     | HP: 3/135 [??? (1)]
 35285 | D:13     | HP: 3/135 [??? (1)]
 35295 | D:13     | HP: 4/135 [??? (2)]
 35300 | D:13     | HP: 3/135 [??? (1)]
 35308 | D:13     | HP: 4/135 [??? (1)]
 35315 | D:13     | HP: 5/135 [??? (2)]
 35324 | D:13     | HP: 5/135 [??? (2)]
 35330 | D:13     | HP: 3/135 [??? (1)]
 35337 | D:13     | HP: 4/135 [??? (1)]
 35343 | D:13     | HP: 3/135 [??? (1)]
 35348 | D:13     | HP: 3/135 [??? (1)]
 35353 | D:13     | HP: 3/135 [??? (1)]
 35365 | D:13     | HP: 4/135 [??? (2)]
 35371 | D:13     | HP: 4/135 [??? (1)]
 35376 | D:13     | HP: 3/135 [??? (1)]
 35381 | D:13     | HP: 3/135 [??? (1)]
 35386 | D:13     | HP: 3/135 [??? (1)]
 35391 | D:13     | HP: 3/135 [??? (1)]
 35397 | D:13     | HP: 3/135 [??? (1)]
 35403 | D:13     | HP: 3/135 [??? (1)]
 35409 | D:13     | HP: 3/135 [??? (1)]
 35416 | D:13     | HP: 4/135 [??? (1)]
 35424 | D:13     | HP: 4/135 [??? (2)]
 35429 | D:13     | HP: 3/135 [??? (1)]
 35438 | D:13     | HP: 5/135 [??? (2)]
 35446 | D:13     | HP: 5/135 [??? (2)]
 35455 | D:13     | HP: 4/135 [??? (2)]
 35460 | D:13     | HP: 3/135 [??? (1)]
 35465 | D:13     | HP: 4/135 [??? (1)]
 35479 | D:13     | HP: 6/135 [??? (4)]
 35484 | D:13     | HP: 4/135 [??? (1)]
 35490 | D:13     | HP: 4/135 [??? (1)]
 35495 | D:13     | HP: 4/135 [??? (2)]
 35509 | D:13     | HP: 5/135 [??? (2)]
 35515 | D:13     | HP: 3/135 [??? (1)]
 35521 | D:13     | HP: 3/135 [??? (1)]
 35526 | D:13     | HP: 4/135 [??? (1)]
 35531 | D:13     | HP: 3/135 [??? (1)]
 35537 | D:13     | HP: 3/135 [??? (1)]
 35542 | D:13     | HP: 3/135 [??? (1)]
 35549 | D:13     | HP: 4/135 [??? (1)]
 35555 | D:13     | HP: 5/135 [??? (2)]
 35561 | D:13     | HP: 3/135 [??? (1)]
 35570 | D:13     | HP: 4/135 [??? (1)]
 35576 | D:13     | HP: 3/135 [??? (1)]
 35587 | D:13     | HP: 4/135 [??? (2)]
 35592 | D:13     | HP: 4/135 [??? (1)]
 35598 | D:13     | HP: 5/135 [??? (2)]
 35603 | D:13     | HP: 4/135 [??? (2)]
 35608 | D:13     | HP: 3/135 [??? (1)]
 35616 | D:13     | HP: 4/135 [??? (2)]
 35631 | D:13     | HP: 5/135 [??? (3)]
 35642 | D:13     | HP: 5/135 [??? (3)]
 35647 | D:13     | HP: 4/135 [??? (1)]
 35653 | D:13     | HP: 4/135 [??? (1)]
 35662 | D:13     | HP: 4/135 [??? (2)]
 35667 | D:13     | HP: 4/135 [??? (2)]
 35674 | D:13     | HP: 4/135 [??? (2)]
 35680 | D:13     | HP: 3/135 [??? (1)]
 35685 | D:13     | HP: 3/135 [??? (1)]
 35692 | D:13     | HP: 4/135 [??? (1)]
 35702 | D:13     | HP: 4/135 [??? (2)]
 35710 | D:13     | HP: 4/135 [??? (1)]
 35715 | D:13     | HP: 4/135 [??? (2)]
 35725 | D:13     | HP: 5/135 [??? (2)]
 35731 | D:13     | HP: 5/135 [??? (3)]
 35739 | D:13     | HP: 4/135 [??? (2)]
 35749 | D:13     | HP: 4/135 [??? (1)]
 35756 | D:13     | HP: 4/135 [??? (1)]
 35761 | D:13     | HP: 4/135 [??? (1)]
 35767 | D:13     | HP: 3/135 [??? (1)]
 35775 | D:13     | HP: 4/135 [??? (1)]
 35783 | D:13     | HP: 4/135 [??? (1)]
 35790 | D:13     | HP: 4/135 [??? (1)]
 35797 | D:13     | HP: 4/135 [??? (2)]
 35802 | D:13     | HP: 3/135 [??? (1)]
 35813 | D:13     | HP: 5/135 [??? (3)]
 35818 | D:13     | HP: 3/135 [??? (1)]
 35824 | D:13     | HP: 4/135 [??? (1)]
 35835 | D:13     | HP: 4/135 [??? (2)]
 35842 | D:13     | HP: 4/135 [??? (1)]
 35850 | D:13     | HP: 4/135 [??? (1)]
 35858 | D:13     | HP: 4/135 [??? (1)]
 35865 | D:13     | HP: 4/135 [??? (1)]
 35870 | D:13     | HP: 3/135 [??? (1)]
 35876 | D:13     | HP: 3/135 [??? (1)]
 35883 | D:13     | HP: 3/135 [??? (1)]
 35889 | D:13     | HP: 3/135 [??? (1)]
 35896 | D:13     | HP: 3/135 [??? (1)]
 35903 | D:13     | HP: 4/135 [??? (1)]
 35909 | D:13     | HP: 4/135 [??? (1)]
 35919 | D:13     | HP: 5/135 [??? (2)]
 35926 | D:13     | HP: 5/135 [??? (3)]
 35931 | D:13     | HP: 3/135 [??? (1)]
 35941 | D:13     | HP: 4/135 [??? (2)]
 35947 | D:13     | HP: 3/135 [??? (1)]
 35954 | D:13     | HP: 3/135 [??? (1)]
 35959 | D:13     | HP: 4/135 [??? (1)]
 35966 | D:13     | HP: 3/135 [??? (1)]
 35974 | D:13     | HP: 4/135 [??? (1)]
 35980 | D:13     | HP: 3/135 [??? (1)]
 35985 | D:13     | HP: 3/135 [??? (1)]
 35990 | D:13     | HP: 4/135 [??? (1)]
 36000 | D:13     | HP: 5/135 [??? (3)]
 36005 | D:13     | HP: 4/135 [??? (2)]
 36012 | D:13     | HP: 5/135 [??? (2)]
 36019 | D:13     | HP: 5/135 [??? (3)]
 36025 | D:13     | HP: 3/135 [??? (1)]
 36031 | D:13     | HP: 4/135 [??? (1)]
 36038 | D:13     | HP: 5/135 [??? (2)]
 36043 | D:13     | HP: 3/135 [??? (1)]
 36048 | D:13     | HP: 4/135 [??? (1)]
 36055 | D:13     | HP: 5/135 [??? (2)]
 36062 | D:13     | HP: 5/135 [??? (3)]
 36067 | D:13     | HP: 4/135 [??? (1)]
 36072 | D:13     | HP: 3/135 [??? (1)]
 36082 | D:13     | HP: 4/135 [??? (2)]
 36087 | D:13     | HP: 4/135 [??? (2)]
 36099 | D:13     | HP: 6/135 [??? (3)]
 36114 | D:13     | HP: 5/135 [??? (3)]
 36122 | D:13     | HP: 4/135 [??? (2)]
 36127 | D:13     | HP: 4/135 [??? (2)]
 36133 | D:13     | HP: 3/135 [??? (1)]
 36139 | D:13     | HP: 4/135 [??? (1)]
 36145 | D:13     | HP: 4/135 [??? (2)]
 36151 | D:13     | HP: 4/135 [??? (1)]
 36158 | D:13     | HP: 4/135 [??? (1)]
 36163 | D:13     | HP: 4/135 [??? (1)]
 36169 | D:13     | HP: 4/135 [??? (1)]
 36174 | D:13     | HP: 4/135 [??? (1)]
 36179 | D:13     | HP: 4/135 [??? (2)]
 36187 | D:13     | HP: 4/135 [??? (1)]
 36192 | D:13     | HP: 3/135 [??? (1)]
 36198 | D:13     | HP: 4/135 [??? (1)]
 36204 | D:13     | HP: 4/135 [??? (1)]
 36209 | D:13     | HP: 3/135 [??? (1)]
 36214 | D:13     | HP: 3/135 [??? (1)]
 36224 | D:13     | HP: 5/135 [??? (2)]
 36230 | D:13     | HP: 4/135 [??? (1)]
 36235 | D:13     | HP: 3/135 [??? (1)]
 36249 | D:13     | HP: 5/135 [??? (2)]
 36255 | D:13     | HP: 3/135 [??? (1)]
 36262 | D:13     | HP: 4/135 [??? (1)]
 36267 | D:13     | HP: 4/135 [??? (1)]
 36274 | D:13     | HP: 4/135 [??? (2)]
 36285 | D:13     | HP: 5/135 [??? (3)]
 36296 | D:13     | HP: 6/135 [??? (4)]
 36301 | D:13     | HP: 4/135 [??? (1)]
 36310 | D:13     | HP: 4/135 [??? (1)]
 36315 | D:13     | HP: 3/135 [??? (1)]
 36325 | D:13     | HP: 5/135 [??? (2)]
 36331 | D:13     | HP: 4/135 [??? (1)]
 36338 | D:13     | HP: 4/135 [??? (1)]
 36346 | D:13     | HP: 4/135 [??? (2)]
 36367 | D:13     | HP: 7/135 [??? (4)]
 36372 | D:13     | HP: 5/135 [??? (2)]
 36378 | D:13     | HP: 5/135 [??? (2)]
 36387 | D:13     | HP: 5/135 [??? (2)]
 36395 | D:13     | HP: 4/135 [??? (2)]
 36402 | D:13     | HP: 4/135 [??? (2)]
 36409 | D:13     | HP: 4/135 [??? (1)]
 36417 | D:13     | HP: 5/135 [??? (3)]
 36422 | D:13     | HP: 4/135 [??? (2)]
 36429 | D:13     | HP: 4/135 [??? (1)]
 36434 | D:13     | HP: 3/135 [??? (1)]
 36440 | D:13     | HP: 4/135 [??? (1)]
 36445 | D:13     | HP: 3/135 [??? (1)]
 36452 | D:13     | HP: 3/135 [??? (1)]
 36459 | D:13     | HP: 3/135 [??? (1)]
 36465 | D:13     | HP: 3/135 [??? (1)]
 36470 | D:13     | HP: 3/135 [??? (1)]
 36480 | D:13     | HP: 4/135 [??? (2)]
 36497 | D:13     | HP: 6/135 [??? (4)]
 36502 | D:13     | HP: 4/135 [??? (1)]
 36510 | D:13     | HP: 5/135 [??? (3)]
 36515 | D:13     | HP: 4/135 [??? (1)]
 36527 | D:13     | HP: 5/135 [??? (3)]
 36536 | D:13     | HP: 6/135 [??? (3)]
 36545 | D:13     | HP: 5/135 [??? (2)]
 36553 | D:13     | HP: 4/135 [??? (2)]
 36558 | D:13     | HP: 4/135 [??? (1)]
 36563 | D:13     | HP: 4/135 [??? (1)]
 36568 | D:13     | HP: 3/135 [??? (1)]
 36574 | D:13     | HP: 4/135 [??? (2)]
 36579 | D:13     | HP: 4/135 [??? (1)]
 36584 | D:13     | HP: 4/135 [??? (2)]
 36589 | D:13     | HP: 3/135 [??? (1)]
 36599 | D:13     | HP: 4/135 [??? (1)]
 36605 | D:13     | HP: 3/135 [??? (1)]
 36611 | D:13     | HP: 4/135 [??? (1)]
 36621 | D:13     | HP: 4/135 [??? (2)]
 36626 | D:13     | HP: 4/135 [??? (1)]
 36633 | D:13     | HP: 3/135 [??? (1)]
 36639 | D:13     | HP: 3/135 [??? (1)]
 36649 | D:13     | HP: 4/135 [??? (2)]
 36661 | D:13     | HP: 6/135 [??? (3)]
 36667 | D:13     | HP: 4/135 [??? (1)]
 36673 | D:13     | HP: 3/135 [??? (1)]
 36679 | D:13     | HP: 4/135 [??? (2)]
 36692 | D:13     | HP: 5/135 [??? (3)]
 36697 | D:13     | HP: 4/135 [??? (1)]
 36706 | D:13     | HP: 5/135 [??? (3)]
 36711 | D:13     | HP: 4/135 [??? (1)]
 36717 | D:13     | HP: 4/135 [??? (1)]
 36722 | D:13     | HP: 3/135 [??? (1)]
 36729 | D:13     | HP: 3/135 [??? (1)]
 36734 | D:13     | HP: 3/135 [??? (1)]
 36739 | D:13     | HP: 3/135 [??? (1)]
 36749 | D:13     | HP: 4/135 [??? (2)]
 36754 | D:13     | HP: 4/135 [??? (2)]
 36759 | D:13     | HP: 4/135 [??? (2)]
 36767 | D:13     | HP: 5/135 [??? (3)]
 36777 | D:13     | HP: 4/135 [??? (2)]
 36784 | D:13     | HP: 3/135 [??? (1)]
 36789 | D:13     | HP: 3/135 [??? (1)]
 36795 | D:13     | HP: 4/135 [??? (1)]
 36800 | D:13     | HP: 3/135 [??? (1)]
 36806 | D:13     | HP: 4/135 [??? (1)]
 36812 | D:13     | HP: 5/135 [??? (2)]
 36823 | D:13     | HP: 5/135 [??? (3)]
 36829 | D:13     | HP: 4/135 [??? (1)]
 36835 | D:13     | HP: 3/135 [??? (1)]
 36840 | D:13     | HP: 3/135 [??? (1)]
 36845 | D:13     | HP: 3/135 [??? (1)]
 36850 | D:13     | HP: 3/135 [??? (1)]
 36855 | D:13     | HP: 3/135 [??? (1)]
 36862 | D:13     | HP: 4/135 [??? (1)]
 36867 | D:13     | HP: 4/135 [??? (1)]
 36879 | D:13     | HP: 5/135 [??? (3)]
 36884 | D:13     | HP: 3/135 [??? (1)]
 36892 | D:13     | HP: 3/135 [??? (1)]
 36898 | D:13     | HP: 3/135 [??? (1)]
 36905 | D:13     | HP: 4/135 [??? (1)]
 36912 | D:13     | HP: 4/135 [??? (1)]
 36923 | D:13     | HP: 5/135 [??? (3)]
 36930 | D:13     | HP: 5/135 [??? (3)]
 36943 | D:13     | HP: 7/135 [??? (4)]
 36945 | D:13     | HP: 3/135 [??? (1)]
 36956 | D:13     | HP: 5/135 [??? (2)]
 36962 | D:13     | HP: 5/135 [??? (3)]
 36967 | D:13     | HP: 4/135 [??? (1)]
 36974 | D:13     | HP: 4/135 [??? (1)]
 36980 | D:13     | HP: 4/135 [??? (1)]
 36989 | D:13     | HP: 5/135 [??? (2)]
 36995 | D:13     | HP: 4/135 [??? (2)]
 37000 | D:13     | HP: 3/135 [??? (1)]
 37006 | D:13     | HP: 3/135 [??? (1)]
 37018 | D:13     | HP: 4/135 [??? (2)]
 37026 | D:13     | HP: 4/135 [??? (2)]
 37033 | D:13     | HP: 4/135 [??? (1)]
 37038 | D:13     | HP: 3/135 [??? (1)]
 37044 | D:13     | HP: 3/135 [??? (1)]
 37049 | D:13     | HP: 3/135 [??? (1)]
 37055 | D:13     | HP: 4/135 [??? (2)]
 37062 | D:13     | HP: 4/135 [??? (2)]
 37067 | D:13     | HP: 4/135 [??? (2)]
 37075 | D:13     | HP: 4/135 [??? (2)]
 37085 | D:13     | HP: 5/135 [??? (2)]
 37093 | D:13     | HP: 4/135 [??? (2)]
 37099 | D:13     | HP: 4/135 [??? (1)]
 37106 | D:13     | HP: 3/135 [??? (1)]
 37114 | D:13     | HP: 4/135 [??? (1)]
 37119 | D:13     | HP: 4/135 [??? (1)]
 37124 | D:13     | HP: 3/135 [??? (1)]
 37129 | D:13     | HP: 3/135 [??? (1)]
 37135 | D:13     | HP: 3/135 [??? (1)]
 37142 | D:13     | HP: 4/135 [??? (1)]
 37148 | D:13     | HP: 5/135 [??? (2)]
 37153 | D:13     | HP: 4/135 [??? (1)]
 37162 | D:13     | HP: 5/135 [??? (3)]
 37169 | D:13     | HP: 5/135 [??? (2)]
 37175 | D:13     | HP: 4/135 [??? (1)]
 37182 | D:13     | HP: 4/135 [??? (2)]
 37188 | D:13     | HP: 4/135 [??? (2)]
 37194 | D:13     | HP: 4/135 [??? (1)]
 37199 | D:13     | HP: 3/135 [??? (1)]
 37210 | D:13     | HP: 5/135 [??? (2)]
 37228 | D:13     | HP: 6/135 [??? (4)]
 37234 | D:13     | HP: 6/135 [??? (3)]
 37239 | D:13     | HP: 5/135 [??? (3)]
 37248 | D:13     | HP: 4/135 [??? (1)]
 37254 | D:13     | HP: 3/135 [??? (1)]
 37259 | D:13     | HP: 3/135 [??? (1)]
 37265 | D:13     | HP: 3/135 [??? (1)]
 37271 | D:13     | HP: 4/135 [??? (1)]
 37280 | D:13     | HP: 4/135 [??? (1)]
 37285 | D:13     | HP: 4/135 [??? (2)]
 37293 | D:13     | HP: 4/135 [??? (2)]
 37302 | D:13     | HP: 4/135 [??? (2)]
 37309 | D:13     | HP: 4/135 [??? (1)]
 37321 | D:13     | HP: 5/135 [??? (3)]
 37326 | D:13     | HP: 4/135 [??? (1)]
 37332 | D:13     | HP: 3/135 [??? (1)]
 37337 | D:13     | HP: 4/135 [??? (1)]
 37344 | D:13     | HP: 4/135 [??? (1)]
 37351 | D:13     | HP: 5/135 [??? (2)]
 37356 | D:13     | HP: 5/135 [??? (2)]
 37366 | D:13     | HP: 4/135 [??? (2)]
 37375 | D:13     | HP: 4/135 [??? (2)]
 37383 | D:13     | HP: 4/135 [??? (1)]
 37392 | D:13     | HP: 4/135 [??? (1)]
 37399 | D:13     | HP: 4/135 [??? (1)]
 37407 | D:13     | HP: 4/135 [??? (1)]
 37412 | D:13     | HP: 3/135 [??? (1)]
 37418 | D:13     | HP: 3/135 [??? (1)]
 37431 | D:13     | HP: 5/135 [??? (3)]
 37437 | D:13     | HP: 3/135 [??? (1)]
 37444 | D:13     | HP: 4/135 [??? (1)]
 37450 | D:13     | HP: 3/135 [??? (1)]
 37456 | D:13     | HP: 3/135 [??? (1)]
 37461 | D:13     | HP: 3/135 [??? (1)]
 37466 | D:13     | HP: 3/135 [??? (1)]
 37475 | D:13     | HP: 5/135 [??? (2)]
 37480 | D:13     | HP: 4/135 [??? (1)]
 37489 | D:13     | HP: 4/135 [??? (2)]
 37494 | D:13     | HP: 4/135 [??? (1)]
 37501 | D:13     | HP: 3/135 [??? (1)]
 37507 | D:13     | HP: 4/135 [??? (2)]
 37512 | D:13     | HP: 3/135 [??? (1)]
 37517 | D:13     | HP: 3/135 [??? (1)]
 37524 | D:13     | HP: 4/135 [??? (1)]
 37530 | D:13     | HP: 4/135 [??? (1)]
 37535 | D:13     | HP: 4/135 [??? (2)]
 37540 | D:13     | HP: 4/135 [??? (2)]
 37545 | D:13     | HP: 4/135 [??? (1)]
 37551 | D:13     | HP: 4/135 [??? (1)]
 37559 | D:13     | HP: 4/135 [??? (1)]
 37565 | D:13     | HP: 4/135 [??? (2)]
 37571 | D:13     | HP: 3/135 [??? (1)]
 37576 | D:13     | HP: 3/135 [??? (1)]
 37582 | D:13     | HP: 4/135 [??? (1)]
 37596 | D:13     | HP: 5/135 [??? (3)]
 37601 | D:13     | HP: 3/135 [??? (1)]
 37607 | D:13     | HP: 4/135 [??? (2)]
 37614 | D:13     | HP: 3/135 [??? (1)]
 37621 | D:13     | HP: 3/135 [??? (1)]
 37627 | D:13     | HP: 4/135 [??? (1)]
 37632 | D:13     | HP: 3/135 [??? (1)]
 37638 | D:13     | HP: 4/135 [??? (1)]
 37643 | D:13     | HP: 4/135 [??? (1)]
 37654 | D:13     | HP: 5/135 [??? (2)]
 37660 | D:13     | HP: 4/135 [??? (2)]
 37671 | D:13     | HP: 5/135 [??? (2)]
 37676 | D:13     | HP: 4/135 [??? (1)]
 37685 | D:13     | HP: 4/135 [??? (1)]
 37692 | D:13     | HP: 4/135 [??? (1)]
 37698 | D:13     | HP: 4/135 [??? (1)]
 37708 | D:13     | HP: 5/135 [??? (2)]
 37717 | D:13     | HP: 5/135 [??? (3)]
 37723 | D:13     | HP: 3/135 [??? (1)]
 37729 | D:13     | HP: 3/135 [??? (1)]
 37734 | D:13     | HP: 4/135 [??? (1)]
 37745 | D:13     | HP: 5/135 [??? (2)]
 37753 | D:13     | HP: 4/135 [??? (2)]
 37762 | D:13     | HP: 5/135 [??? (2)]
 37769 | D:13     | HP: 5/135 [??? (3)]
 37775 | D:13     | HP: 3/135 [??? (1)]
 37780 | D:13     | HP: 3/135 [??? (1)]
 37785 | D:13     | HP: 3/135 [??? (1)]
 37793 | D:13     | HP: 4/135 [??? (2)]
 37798 | D:13     | HP: 4/135 [??? (2)]
 37804 | D:13     | HP: 3/135 [??? (1)]
 37810 | D:13     | HP: 3/135 [??? (1)]
 37815 | D:13     | HP: 3/135 [??? (1)]
 37820 | D:13     | HP: 3/135 [??? (1)]
 37825 | D:13     | HP: 4/135 [??? (1)]
 37830 | D:13     | HP: 3/135 [??? (1)]
 37842 | D:13     | HP: 5/135 [??? (2)]
 37853 | D:13     | HP: 4/135 [??? (2)]
 37861 | D:13     | HP: 3/135 [??? (1)]
 37867 | D:13     | HP: 3/135 [??? (1)]
 37875 | D:13     | HP: 4/135 [??? (2)]
 37880 | D:13     | HP: 4/135 [??? (1)]
 37893 | D:13     | HP: 5/135 [??? (3)]
 37900 | D:13     | HP: 4/135 [??? (1)]
 37908 | D:13     | HP: 4/135 [??? (2)]
 37914 | D:13     | HP: 4/135 [??? (1)]
 37919 | D:13     | HP: 5/135 [??? (2)]
 37936 | D:13     | HP: 7/135 [??? (5)]
 37942 | D:13     | HP: 4/135 [??? (2)]
 37951 | D:13     | HP: 5/135 [??? (2)]
 37956 | D:13     | HP: 3/135 [??? (1)]
 37964 | D:13     | HP: 4/135 [??? (1)]
 37970 | D:13     | HP: 4/135 [??? (2)]
 37976 | D:13     | HP: 4/135 [??? (1)]
 37983 | D:13     | HP: 4/135 [??? (2)]
 37988 | D:13     | HP: 4/135 [??? (1)]
 37993 | D:13     | HP: 3/135 [??? (1)]
 38016 | D:13     | HP: 7/135 [??? (4)]
 38020 | D:13     | HP: 3/135 [??? (1)]
 38033 | D:13     | HP: 5/135 [??? (2)]
 38038 | D:13     | HP: 4/135 [??? (1)]
 38049 | D:13     | HP: 5/135 [??? (2)]
 38055 | D:13     | HP: 5/135 [??? (3)]
 38061 | D:13     | HP: 4/135 [??? (1)]
 38071 | D:13     | HP: 5/135 [??? (2)]
 38077 | D:13     | HP: 4/135 [??? (1)]
 38084 | D:13     | HP: 5/135 [??? (2)]
 38089 | D:13     | HP: 5/135 [??? (2)]
 38099 | D:13     | HP: 5/135 [??? (2)]
 38104 | D:13     | HP: 4/135 [??? (1)]
 38111 | D:13     | HP: 3/135 [??? (1)]
 38116 | D:13     | HP: 3/135 [??? (1)]
 38121 | D:13     | HP: 4/135 [??? (1)]
 38129 | D:13     | HP: 5/135 [??? (2)]
 38135 | D:13     | HP: 4/135 [??? (2)]
 38144 | D:13     | HP: 4/135 [??? (2)]
 38149 | D:13     | HP: 4/135 [??? (1)]
 38157 | D:13     | HP: 5/135 [??? (3)]
 38163 | D:13     | HP: 3/135 [??? (1)]
 38168 | D:13     | HP: 4/135 [??? (1)]
 38176 | D:13     | HP: 4/135 [??? (2)]
 38181 | D:13     | HP: 4/135 [??? (1)]
 38188 | D:13     | HP: 4/135 [??? (1)]
 38194 | D:13     | HP: 4/135 [??? (1)]
 38203 | D:13     | HP: 5/135 [??? (3)]
 38208 | D:13     | HP: 3/135 [??? (1)]
 38213 | D:13     | HP: 4/135 [??? (1)]
 38220 | D:13     | HP: 4/135 [??? (2)]
 38232 | D:13     | HP: 5/135 [??? (3)]
 38245 | D:13     | HP: 5/135 [??? (2)]
 38250 | D:13     | HP: 4/135 [??? (2)]
 38257 | D:13     | HP: 4/135 [??? (1)]
 38274 | D:13     | HP: 6/135 [??? (4)]
 38279 | D:13     | HP: 4/135 [??? (1)]
 38284 | D:13     | HP: 4/135 [??? (1)]
 38290 | D:13     | HP: 4/135 [??? (1)]
 38296 | D:13     | HP: 4/135 [??? (1)]
 38301 | D:13     | HP: 4/135 [??? (1)]
 38306 | D:13     | HP: 4/135 [??? (1)]
 38313 | D:13     | HP: 3/135 [??? (1)]
 38320 | D:13     | HP: 4/135 [??? (2)]
 38328 | D:13     | HP: 4/135 [??? (1)]
 38335 | D:13     | HP: 4/135 [??? (2)]
 38340 | D:13     | HP: 4/135 [??? (1)]
 38345 | D:13     | HP: 4/135 [??? (1)]
 38351 | D:13     | HP: 4/135 [??? (1)]
 38366 | D:13     | HP: 5/135 [??? (3)]
 38374 | D:13     | HP: 5/135 [??? (2)]
 38381 | D:13     | HP: 5/135 [??? (3)]
 38389 | D:13     | HP: 5/135 [??? (3)]
 38394 | D:13     | HP: 4/135 [??? (1)]
 38403 | D:13     | HP: 4/135 [??? (2)]
 38409 | D:13     | HP: 3/135 [??? (1)]
 38419 | D:13     | HP: 5/135 [??? (3)]
 38426 | D:13     | HP: 4/135 [??? (2)]
 38433 | D:13     | HP: 3/135 [??? (1)]
 38440 | D:13     | HP: 4/135 [??? (2)]
 38445 | D:13     | HP: 4/135 [??? (2)]
 38450 | D:13     | HP: 3/135 [??? (1)]
 38458 | D:13     | HP: 4/135 [??? (2)]
 38467 | D:13     | HP: 5/135 [??? (3)]
 38472 | D:13     | HP: 4/135 [??? (1)]
 38479 | D:13     | HP: 4/135 [??? (1)]
 38484 | D:13     | HP: 3/135 [??? (1)]
 38489 | D:13     | HP: 4/135 [??? (1)]
 38495 | D:13     | HP: 4/135 [??? (2)]
 38500 | D:13     | HP: 4/135 [??? (1)]
 38505 | D:13     | HP: 4/135 [??? (2)]
 38514 | D:13     | HP: 4/135 [??? (2)]
 38519 | D:13     | HP: 4/135 [??? (2)]
 38527 | D:13     | HP: 4/135 [??? (2)]
 38539 | D:13     | HP: 5/135 [??? (3)]
 38545 | D:13     | HP: 3/135 [??? (1)]
 38550 | D:13     | HP: 4/135 [??? (1)]
 38555 | D:13     | HP: 3/135 [??? (1)]
 38562 | D:13     | HP: 4/135 [??? (1)]
 38570 | D:13     | HP: 4/135 [??? (1)]
 38579 | D:13     | HP: 4/135 [??? (2)]
 38586 | D:13     | HP: 4/135 [??? (2)]
 38591 | D:13     | HP: 3/135 [??? (1)]
 38598 | D:13     | HP: 3/135 [??? (1)]
 38605 | D:13     | HP: 4/135 [??? (1)]
 38613 | D:13     | HP: 4/135 [??? (1)]
 38619 | D:13     | HP: 5/135 [??? (2)]
 38625 | D:13     | HP: 4/135 [??? (1)]
 38630 | D:13     | HP: 4/135 [??? (2)]
 38635 | D:13     | HP: 3/135 [??? (1)]
 38641 | D:13     | HP: 3/135 [??? (1)]
 38648 | D:13     | HP: 4/135 [??? (2)]
 38653 | D:13     | HP: 3/135 [??? (1)]
 38659 | D:13     | HP: 3/135 [??? (1)]
 38664 | D:13     | HP: 3/135 [??? (1)]
 38669 | D:13     | HP: 3/135 [??? (1)]
 38674 | D:13     | HP: 4/135 [??? (1)]
 38679 | D:13     | HP: 4/135 [??? (1)]
 38689 | D:13     | HP: 5/135 [??? (2)]
 38694 | D:13     | HP: 4/135 [??? (1)]
 38700 | D:13     | HP: 5/135 [??? (2)]
 38706 | D:13     | HP: 4/135 [??? (1)]
 38712 | D:13     | HP: 3/135 [??? (1)]
 38722 | D:13     | HP: 4/135 [??? (2)]
 38732 | D:13     | HP: 4/135 [??? (2)]
 38743 | D:13     | HP: 6/135 [??? (3)]
 38750 | D:13     | HP: 5/135 [??? (2)]
 38758 | D:13     | HP: 4/135 [??? (1)]
 38770 | D:13     | HP: 6/135 [??? (3)]
 38778 | D:13     | HP: 3/135 [??? (1)]
 38788 | D:13     | HP: 4/135 [??? (2)]
 38793 | D:13     | HP: 3/135 [??? (1)]
 38798 | D:13     | HP: 3/135 [??? (1)]
 38805 | D:13     | HP: 4/135 [??? (1)]
 38813 | D:13     | HP: 4/135 [??? (2)]
 38819 | D:13     | HP: 5/135 [??? (2)]
 38827 | D:13     | HP: 4/135 [??? (2)]
 38835 | D:13     | HP: 4/135 [??? (1)]
 38841 | D:13     | HP: 4/135 [??? (1)]
 38847 | D:13     | HP: 4/135 [??? (1)]
 38855 | D:13     | HP: 4/135 [??? (2)]
 38860 | D:13     | HP: 3/135 [??? (1)]
 38865 | D:13     | HP: 3/135 [??? (1)]
 38872 | D:13     | HP: 3/135 [??? (1)]
 38877 | D:13     | HP: 3/135 [??? (1)]
 38887 | D:13     | HP: 4/135 [??? (2)]
 38892 | D:13     | HP: 3/135 [??? (1)]
 38900 | D:13     | HP: 4/135 [??? (1)]
 38910 | D:13     | HP: 4/135 [??? (2)]
 38915 | D:13     | HP: 4/135 [??? (1)]
 38923 | D:13     | HP: 3/135 [??? (1)]
 38929 | D:13     | HP: 3/135 [??? (1)]
 38935 | D:13     | HP: 4/135 [??? (1)]
 38941 | D:13     | HP: 4/135 [??? (2)]
 38953 | D:13     | HP: 4/135 [??? (2)]
 38963 | D:13     | HP: 4/135 [??? (1)]
 38970 | D:13     | HP: 4/135 [??? (1)]
 38977 | D:13     | HP: 4/135 [??? (1)]
 38982 | D:13     | HP: 3/135 [??? (1)]
 38987 | D:13     | HP: 3/135 [??? (1)]
 38993 | D:13     | HP: 3/135 [??? (1)]
 38999 | D:13     | HP: 3/135 [??? (1)]
 39011 | D:13     | HP: 4/135 [??? (2)]
 39018 | D:13     | HP: 3/135 [??? (1)]
 39023 | D:13     | HP: 3/135 [??? (1)]
 39029 | D:13     | HP: 3/135 [??? (1)]
 39034 | D:13     | HP: 3/135 [??? (1)]
 39039 | D:13     | HP: 3/135 [??? (1)]
 39045 | D:13     | HP: 4/135 [??? (1)]
 39050 | D:13     | HP: 4/135 [??? (2)]
 39057 | D:13     | HP: 4/135 [??? (1)]
 39063 | D:13     | HP: 3/135 [??? (1)]
 39070 | D:13     | HP: 3/135 [??? (1)]
 39075 | D:13     | HP: 3/135 [??? (1)]
 39080 | D:13     | HP: 4/135 [??? (1)]
 39091 | D:13     | HP: 4/135 [??? (2)]
 39097 | D:13     | HP: 3/135 [??? (1)]
 39103 | D:13     | HP: 4/135 [??? (1)]
 39111 | D:13     | HP: 4/135 [??? (2)]
 39118 | D:13     | HP: 4/135 [??? (1)]
 39123 | D:13     | HP: 4/135 [??? (1)]
 39129 | D:13     | HP: 3/135 [??? (1)]
 39134 | D:13     | HP: 4/135 [??? (1)]
 39142 | D:13     | HP: 5/135 [??? (2)]
 39147 | D:13     | HP: 3/135 [??? (1)]
 39152 | D:13     | HP: 3/135 [??? (1)]
 39159 | D:13     | HP: 4/135 [??? (1)]
 39166 | D:13     | HP: 3/135 [??? (1)]
 39171 | D:13     | HP: 4/135 [??? (1)]
 39177 | D:13     | HP: 4/135 [??? (2)]
 39182 | D:13     | HP: 3/135 [??? (1)]
 39187 | D:13     | HP: 3/135 [??? (1)]
 39195 | D:13     | HP: 4/135 [??? (1)]
 39201 | D:13     | HP: 3/135 [??? (1)]
 39217 | D:13     | HP: 6/135 [??? (4)]
 39223 | D:13     | HP: 4/135 [??? (2)]
 39232 | D:13     | HP: 5/135 [??? (2)]
 39239 | D:13     | HP: 4/135 [??? (1)]
 39247 | D:13     | HP: 3/135 [??? (1)]
 39253 | D:13     | HP: 3/135 [??? (1)]
 39262 | D:13     | HP: 4/135 [??? (2)]
 39267 | D:13     | HP: 3/135 [??? (1)]
 39277 | D:13     | HP: 4/135 [??? (2)]
 39293 | D:13     | HP: 5/135 [??? (3)]
 39304 | D:13     | HP: 5/135 [??? (2)]
 39309 | D:13     | HP: 3/135 [??? (1)]
 39318 | D:13     | HP: 5/135 [??? (2)]
 39325 | D:13     | HP: 4/135 [??? (1)]
 39331 | D:13     | HP: 4/135 [??? (1)]
 39341 | D:13     | HP: 5/135 [??? (2)]
 39347 | D:13     | HP: 3/135 [??? (1)]
 39353 | D:13     | HP: 4/135 [??? (1)]
 39361 | D:13     | HP: 3/135 [??? (1)]
 39367 | D:13     | HP: 4/135 [??? (2)]
 39374 | D:13     | HP: 4/135 [??? (1)]
 39379 | D:13     | HP: 4/135 [??? (1)]
 39384 | D:13     | HP: 3/135 [??? (1)]
 39389 | D:13     | HP: 3/135 [??? (1)]
 39402 | D:13     | HP: 5/135 [??? (2)]
 39408 | D:13     | HP: 3/135 [??? (1)]
 39415 | D:13     | HP: 4/135 [??? (2)]
 39420 | D:13     | HP: 3/135 [??? (1)]
 39427 | D:13     | HP: 4/135 [??? (1)]
 39433 | D:13     | HP: 3/135 [??? (1)]
 39440 | D:13     | HP: 3/135 [??? (1)]
 39448 | D:13     | HP: 4/135 [??? (2)]
 39453 | D:13     | HP: 3/135 [??? (1)]
 39458 | D:13     | HP: 4/135 [??? (1)]
 39465 | D:13     | HP: 3/135 [??? (1)]
 39470 | D:13     | HP: 3/135 [??? (1)]
 39479 | D:13     | HP: 4/135 [??? (1)]
 39484 | D:13     | HP: 4/135 [??? (2)]
 39492 | D:13     | HP: 4/135 [??? (1)]
 39497 | D:13     | HP: 4/135 [??? (2)]
 39503 | D:13     | HP: 3/135 [??? (1)]
 39513 | D:13     | HP: 4/135 [??? (2)]
 39519 | D:13     | HP: 3/135 [??? (1)]
 39528 | D:13     | HP: 4/135 [??? (2)]
 39533 | D:13     | HP: 4/135 [??? (2)]
 39543 | D:13     | HP: 6/135 [??? (3)]
 39548 | D:13     | HP: 3/135 [??? (1)]
 39553 | D:13     | HP: 3/135 [??? (1)]
 39559 | D:13     | HP: 3/135 [??? (1)]
 39569 | D:13     | HP: 5/135 [??? (3)]
 39579 | D:13     | HP: 4/135 [??? (2)]
 39588 | D:13     | HP: 4/135 [??? (2)]
 39593 | D:13     | HP: 4/135 [??? (1)]
 39600 | D:13     | HP: 4/135 [??? (1)]
 39608 | D:13     | HP: 4/135 [??? (2)]
 39617 | D:13     | HP: 5/135 [??? (3)]
 39626 | D:13     | HP: 6/135 [??? (3)]
 39632 | D:13     | HP: 4/135 [??? (1)]
 39644 | D:13     | HP: 5/135 [??? (3)]
 39655 | D:13     | HP: 5/135 [??? (3)]
 39660 | D:13     | HP: 3/135 [??? (1)]
 39669 | D:13     | HP: 4/135 [??? (2)]
 39675 | D:13     | HP: 3/135 [??? (1)]
 39680 | D:13     | HP: 3/135 [??? (1)]
 39686 | D:13     | HP: 3/135 [??? (1)]
 39691 | D:13     | HP: 3/135 [??? (1)]
 39697 | D:13     | HP: 3/135 [??? (1)]
 39703 | D:13     | HP: 3/135 [??? (1)]
 39710 | D:13     | HP: 4/135 [??? (2)]
 39718 | D:13     | HP: 4/135 [??? (1)]
 39726 | D:13     | HP: 4/135 [??? (1)]
 39732 | D:13     | HP: 4/135 [??? (1)]
 39740 | D:13     | HP: 4/135 [??? (2)]
 39745 | D:13     | HP: 4/135 [??? (2)]
 39750 | D:13     | HP: 3/135 [??? (1)]
 39756 | D:13     | HP: 4/135 [??? (1)]
 39764 | D:13     | HP: 4/135 [??? (1)]
 39770 | D:13     | HP: 4/135 [??? (1)]
 39781 | D:13     | HP: 4/135 [??? (2)]
 39787 | D:13     | HP: 4/135 [??? (1)]
 39800 | D:13     | HP: 5/135 [??? (3)]
 39805 | D:13     | HP: 5/135 [??? (2)]
 39814 | D:13     | HP: 4/135 [??? (1)]
 39819 | D:13     | HP: 4/135 [??? (1)]
 39825 | D:13     | HP: 4/135 [??? (1)]
 39830 | D:13     | HP: 3/135 [??? (1)]
 39839 | D:13     | HP: 4/135 [??? (1)]
 39851 | D:13     | HP: 4/135 [??? (2)]
 39863 | D:13     | HP: 5/135 [??? (2)]
 39870 | D:13     | HP: 5/135 [??? (3)]
 39875 | D:13     | HP: 3/135 [??? (1)]
 39880 | D:13     | HP: 3/135 [??? (1)]
 39886 | D:13     | HP: 4/135 [??? (1)]
 39892 | D:13     | HP: 4/135 [??? (2)]
 39898 | D:13     | HP: 4/135 [??? (2)]
 39905 | D:13     | HP: 5/135 [??? (2)]
 39912 | D:13     | HP: 4/135 [??? (1)]
 39920 | D:13     | HP: 4/135 [??? (2)]
 39926 | D:13     | HP: 4/135 [??? (1)]
 39942 | D:13     | HP: 5/135 [??? (3)]
 39947 | D:13     | HP: 4/135 [??? (1)]
 39953 | D:13     | HP: 3/135 [??? (1)]
 39962 | D:13     | HP: 5/135 [??? (2)]
 39967 | D:13     | HP: 5/135 [??? (2)]
 39980 | D:13     | HP: 5/135 [??? (2)]
 39985 | D:13     | HP: 4/135 [??? (1)]
 39990 | D:13     | HP: 4/135 [??? (2)]
 39997 | D:13     | HP: 5/135 [??? (2)]
 40002 | D:13     | HP: 4/135 [??? (1)]
 40015 | D:13     | HP: 5/135 [??? (3)]
 40020 | D:13     | HP: 3/135 [??? (1)]
 40027 | D:13     | HP: 4/135 [??? (2)]
 40032 | D:13     | HP: 3/135 [??? (1)]
 40039 | D:13     | HP: 4/135 [??? (2)]
 40044 | D:13     | HP: 3/135 [??? (1)]
 40050 | D:13     | HP: 4/135 [??? (1)]
 40064 | D:13     | HP: 5/135 [??? (3)]
 40075 | D:13     | HP: 5/135 [??? (3)]
 40081 | D:13     | HP: 4/135 [??? (1)]
 40086 | D:13     | HP: 4/135 [??? (2)]
 40091 | D:13     | HP: 3/135 [??? (1)]
 40097 | D:13     | HP: 4/135 [??? (1)]
 40103 | D:13     | HP: 5/135 [??? (2)]
 40110 | D:13     | HP: 4/135 [??? (2)]
 40118 | D:13     | HP: 4/135 [??? (1)]
 40124 | D:13     | HP: 4/135 [??? (1)]
 40129 | D:13     | HP: 3/135 [??? (1)]
 40134 | D:13     | HP: 3/135 [??? (1)]
 40139 | D:13     | HP: 3/135 [??? (1)]
 40145 | D:13     | HP: 3/135 [??? (1)]
 40152 | D:13     | HP: 3/135 [??? (1)]
 40157 | D:13     | HP: 3/135 [??? (1)]
 40162 | D:13     | HP: 4/135 [??? (1)]
 40168 | D:13     | HP: 3/135 [??? (1)]
 40173 | D:13     | HP: 3/135 [??? (1)]
 40185 | D:13     | HP: 5/135 [??? (2)]
 40190 | D:13     | HP: 4/135 [??? (2)]
 40196 | D:13     | HP: 4/135 [??? (2)]
 40206 | D:13     | HP: 5/135 [??? (3)]
 40215 | D:13     | HP: 4/135 [??? (2)]
 40220 | D:13     | HP: 3/135 [??? (1)]
 40225 | D:13     | HP: 3/135 [??? (1)]
 40231 | D:13     | HP: 3/135 [??? (1)]
 40236 | D:13     | HP: 3/135 [??? (1)]
 40249 | D:13     | HP: 5/135 [??? (3)]
 40254 | D:13     | HP: 5/135 [??? (2)]
 40260 | D:13     | HP: 4/135 [??? (1)]
 40272 | D:13     | HP: 5/135 [??? (2)]
 40277 | D:13     | HP: 4/135 [??? (1)]
 40286 | D:13     | HP: 4/135 [??? (1)]
 40300 | D:13     | HP: 5/135 [??? (3)]
 40307 | D:13     | HP: 4/135 [??? (2)]
 40313 | D:13     | HP: 4/135 [??? (1)]
 40321 | D:13     | HP: 4/135 [??? (1)]
 40331 | D:13     | HP: 4/135 [??? (2)]
 40338 | D:13     | HP: 5/135 [??? (2)]
 40343 | D:13     | HP: 5/135 [??? (2)]
 40349 | D:13     | HP: 3/135 [??? (1)]
 40357 | D:13     | HP: 5/135 [??? (2)]
 40362 | D:13     | HP: 4/135 [??? (1)]
 40367 | D:13     | HP: 4/135 [??? (2)]
 40373 | D:13     | HP: 3/135 [??? (1)]
 40379 | D:13     | HP: 3/135 [??? (1)]
 40384 | D:13     | HP: 3/135 [??? (1)]
 40400 | D:13     | HP: 6/135 [??? (3)]
 40405 | D:13     | HP: 3/135 [??? (1)]
 40410 | D:13     | HP: 3/135 [??? (1)]
 40420 | D:13     | HP: 4/135 [??? (2)]
 40426 | D:13     | HP: 4/135 [??? (2)]
 40431 | D:13     | HP: 3/135 [??? (1)]
 40436 | D:13     | HP: 4/135 [??? (1)]
 40442 | D:13     | HP: 4/135 [??? (1)]
 40447 | D:13     | HP: 3/135 [??? (1)]
 40453 | D:13     | HP: 4/135 [??? (2)]
 40459 | D:13     | HP: 4/135 [??? (2)]
 40465 | D:13     | HP: 4/135 [??? (2)]
 40472 | D:13     | HP: 3/135 [??? (1)]
 40481 | D:13     | HP: 5/135 [??? (2)]
 40486 | D:13     | HP: 4/135 [??? (1)]
 40500 | D:13     | HP: 5/135 [??? (3)]
 40506 | D:13     | HP: 4/135 [??? (1)]
 40514 | D:13     | HP: 4/135 [??? (1)]
 40522 | D:13     | HP: 4/135 [??? (2)]
 40527 | D:13     | HP: 4/135 [??? (1)]
 40543 | D:13     | HP: 6/135 [??? (4)]
 40548 | D:13     | HP: 4/135 [??? (1)]
 40553 | D:13     | HP: 3/135 [??? (1)]
 40564 | D:13     | HP: 5/135 [??? (2)]
 40569 | D:13     | HP: 5/135 [??? (3)]
 40574 | D:13     | HP: 4/135 [??? (1)]
 40579 | D:13     | HP: 4/135 [??? (1)]
 40585 | D:13     | HP: 3/135 [??? (1)]
 40592 | D:13     | HP: 4/135 [??? (1)]
 40597 | D:13     | HP: 3/135 [??? (1)]
 40603 | D:13     | HP: 3/135 [??? (1)]
 40610 | D:13     | HP: 3/135 [??? (1)]
 40615 | D:13     | HP: 3/135 [??? (1)]
 40620 | D:13     | HP: 3/135 [??? (1)]
 40627 | D:13     | HP: 4/135 [??? (1)]
 40632 | D:13     | HP: 3/135 [??? (1)]
 40640 | D:13     | HP: 3/135 [??? (1)]
 40646 | D:13     | HP: 4/135 [??? (2)]
 40657 | D:13     | HP: 5/135 [??? (3)]
 40662 | D:13     | HP: 4/135 [??? (1)]
 40670 | D:13     | HP: 4/135 [??? (1)]
 40676 | D:13     | HP: 4/135 [??? (2)]
 40682 | D:13     | HP: 4/135 [??? (2)]
 40687 | D:13     | HP: 4/135 [??? (2)]
 40695 | D:13     | HP: 5/135 [??? (2)]
 40700 | D:13     | HP: 3/135 [??? (1)]
 40705 | D:13     | HP: 4/135 [??? (1)]
 40710 | D:13     | HP: 3/135 [??? (1)]
 40719 | D:13     | HP: 5/135 [??? (2)]
 40726 | D:13     | HP: 5/135 [??? (2)]
 40731 | D:13     | HP: 4/135 [??? (2)]
 40740 | D:13     | HP: 4/135 [??? (1)]
 40745 | D:13     | HP: 4/135 [??? (2)]
 40752 | D:13     | HP: 3/135 [??? (1)]
 40757 | D:13     | HP: 4/135 [??? (1)]
 40764 | D:13     | HP: 4/135 [??? (1)]
 40769 | D:13     | HP: 4/135 [??? (2)]
 40774 | D:13     | HP: 4/135 [??? (1)]
 40779 | D:13     | HP: 4/135 [??? (1)]
 40784 | D:13     | HP: 4/135 [??? (1)]
 40792 | D:13     | HP: 4/135 [??? (2)]
 40797 | D:13     | HP: 4/135 [??? (2)]
 40804 | D:13     | HP: 4/135 [??? (1)]
 40812 | D:13     | HP: 4/135 [??? (1)]
 40817 | D:13     | HP: 3/135 [??? (1)]
 40822 | D:13     | HP: 3/135 [??? (1)]
 40827 | D:13     | HP: 4/135 [??? (1)]
 40834 | D:13     | HP: 4/135 [??? (1)]
 40840 | D:13     | HP: 4/135 [??? (1)]
 40846 | D:13     | HP: 3/135 [??? (1)]
 40857 | D:13     | HP: 5/135 [??? (2)]
 40862 | D:13     | HP: 5/135 [??? (2)]
 40872 | D:13     | HP: 4/135 [??? (2)]
 40877 | D:13     | HP: 4/135 [??? (1)]
 40882 | D:13     | HP: 3/135 [??? (1)]
 40887 | D:13     | HP: 3/135 [??? (1)]
 40892 | D:13     | HP: 3/135 [??? (1)]
 40898 | D:13     | HP: 4/135 [??? (2)]
 40907 | D:13     | HP: 5/135 [??? (2)]
 40913 | D:13     | HP: 4/135 [??? (2)]
 40919 | D:13     | HP: 4/135 [??? (1)]
 40925 | D:13     | HP: 3/135 [??? (1)]
 40934 | D:13     | HP: 4/135 [??? (1)]
 40941 | D:13     | HP: 4/135 [??? (2)]
 40948 | D:13     | HP: 5/135 [??? (2)]
 40954 | D:13     | HP: 5/135 [??? (2)]
 40962 | D:13     | HP: 5/135 [??? (2)]
 40967 | D:13     | HP: 3/135 [??? (1)]
 40973 | D:13     | HP: 4/135 [??? (1)]
 40979 | D:13     | HP: 4/135 [??? (1)]
 40984 | D:13     | HP: 3/135 [??? (1)]
 40989 | D:13     | HP: 3/135 [??? (1)]
 40995 | D:13     | HP: 4/135 [??? (1)]
 41000 | D:13     | HP: 4/135 [??? (1)]
 41006 | D:13     | HP: 4/135 [??? (1)]
 41013 | D:13     | HP: 3/135 [??? (1)]
 41019 | D:13     | HP: 4/135 [??? (1)]
 41024 | D:13     | HP: 4/135 [??? (1)]
 41029 | D:13     | HP: 4/135 [??? (2)]
 41036 | D:13     | HP: 5/135 [??? (2)]
 41042 | D:13     | HP: 3/135 [??? (1)]
 41049 | D:13     | HP: 3/135 [??? (1)]
 41054 | D:13     | HP: 3/135 [??? (1)]
 41060 | D:13     | HP: 3/135 [??? (1)]
 41066 | D:13     | HP: 3/135 [??? (1)]
 41072 | D:13     | HP: 4/135 [??? (1)]
 41078 | D:13     | HP: 3/135 [??? (1)]
 41085 | D:13     | HP: 3/135 [??? (1)]
 41092 | D:13     | HP: 3/135 [??? (1)]
 41097 | D:13     | HP: 3/135 [??? (1)]
 41109 | D:13     | HP: 5/135 [??? (2)]
 41114 | D:13     | HP: 4/135 [??? (1)]
 41123 | D:13     | HP: 5/135 [??? (3)]
 41128 | D:13     | HP: 3/135 [??? (1)]
 41133 | D:13     | HP: 4/135 [??? (1)]
 41141 | D:13     | HP: 4/135 [??? (2)]
 41149 | D:13     | HP: 4/135 [??? (1)]
 41156 | D:13     | HP: 4/135 [??? (2)]
 41162 | D:13     | HP: 5/135 [??? (2)]
 41169 | D:13     | HP: 4/135 [??? (2)]
 41175 | D:13     | HP: 4/135 [??? (1)]
 41181 | D:13     | HP: 4/135 [??? (1)]
 41188 | D:13     | HP: 4/135 [??? (1)]
 41196 | D:13     | HP: 4/135 [??? (1)]
 41205 | D:13     | HP: 4/135 [??? (2)]
 41210 | D:13     | HP: 4/135 [??? (1)]
 41215 | D:13     | HP: 3/135 [??? (1)]
 41222 | D:13     | HP: 4/135 [??? (1)]
 41232 | D:13     | HP: 4/135 [??? (2)]
 41237 | D:13     | HP: 4/135 [??? (1)]
 41243 | D:13     | HP: 4/135 [??? (2)]
 41248 | D:13     | HP: 3/135 [??? (1)]
 41253 | D:13     | HP: 3/135 [??? (1)]
 41262 | D:13     | HP: 4/135 [??? (2)]
 41267 | D:13     | HP: 4/135 [??? (2)]
 41272 | D:13     | HP: 4/135 [??? (1)]
 41277 | D:13     | HP: 4/135 [??? (2)]
 41287 | D:13     | HP: 5/135 [??? (3)]
 41293 | D:13     | HP: 4/135 [??? (1)]
 41298 | D:13     | HP: 3/135 [??? (1)]
 41303 | D:13     | HP: 3/135 [??? (1)]
 41312 | D:13     | HP: 4/135 [??? (1)]
 41317 | D:13     | HP: 3/135 [??? (1)]
 41322 | D:13     | HP: 3/135 [??? (1)]
 41327 | D:13     | HP: 3/135 [??? (1)]
 41333 | D:13     | HP: 3/135 [??? (1)]
 41339 | D:13     | HP: 4/135 [??? (2)]
 41350 | D:13     | HP: 5/135 [??? (3)]
 41359 | D:13     | HP: 5/135 [??? (2)]
 41367 | D:13     | HP: 5/135 [??? (2)]
 41374 | D:13     | HP: 4/135 [??? (2)]
 41379 | D:13     | HP: 3/135 [??? (1)]
 41387 | D:13     | HP: 4/135 [??? (1)]
 41397 | D:13     | HP: 4/135 [??? (2)]
 41410 | D:13     | HP: 5/135 [??? (3)]
 41419 | D:13     | HP: 4/135 [??? (2)]
 41431 | D:13     | HP: 5/135 [??? (2)]
 41437 | D:13     | HP: 4/135 [??? (2)]
 41443 | D:13     | HP: 5/135 [??? (2)]
 41448 | D:13     | HP: 3/135 [??? (1)]
 41453 | D:13     | HP: 3/135 [??? (1)]
 41463 | D:13     | HP: 4/135 [??? (1)]
 41471 | D:13     | HP: 4/135 [??? (2)]
 41478 | D:13     | HP: 4/135 [??? (1)]
 41487 | D:13     | HP: 5/135 [??? (2)]
 41496 | D:13     | HP: 4/135 [??? (2)]
 41505 | D:13     | HP: 5/135 [??? (3)]
 41510 | D:13     | HP: 4/135 [??? (2)]
 41519 | D:13     | HP: 4/135 [??? (2)]
 41525 | D:13     | HP: 4/135 [??? (1)]
 41531 | D:13     | HP: 4/135 [??? (2)]
 41538 | D:13     | HP: 5/135 [??? (2)]
 41544 | D:13     | HP: 4/135 [??? (1)]
 41551 | D:13     | HP: 3/135 [??? (1)]
 41557 | D:13     | HP: 4/135 [??? (2)]
 41563 | D:13     | HP: 3/135 [??? (1)]
 41569 | D:13     | HP: 4/135 [??? (1)]
 41578 | D:13     | HP: 4/135 [??? (2)]
 41585 | D:13     | HP: 3/135 [??? (1)]
 41592 | D:13     | HP: 4/135 [??? (1)]
 41597 | D:13     | HP: 4/135 [??? (1)]
 41609 | D:13     | HP: 5/135 [??? (3)]
 41619 | D:13     | HP: 6/135 [??? (4)]
 41625 | D:13     | HP: 5/135 [??? (3)]
 41632 | D:13     | HP: 4/135 [??? (1)]
 41637 | D:13     | HP: 4/135 [??? (1)]
 41642 | D:13     | HP: 4/135 [??? (1)]
 41647 | D:13     | HP: 3/135 [??? (1)]
 41653 | D:13     | HP: 4/135 [??? (1)]
 41661 | D:13     | HP: 4/135 [??? (2)]
 41667 | D:13     | HP: 4/135 [??? (1)]
 41676 | D:13     | HP: 4/135 [??? (2)]
 41682 | D:13     | HP: 4/135 [??? (1)]
 41691 | D:13     | HP: 5/135 [??? (3)]
 41698 | D:13     | HP: 5/135 [??? (3)]
 41704 | D:13     | HP: 4/135 [??? (1)]
 41709 | D:13     | HP: 3/135 [??? (1)]
 41715 | D:13     | HP: 4/135 [??? (1)]
 41722 | D:13     | HP: 3/135 [??? (1)]
 41727 | D:13     | HP: 3/135 [??? (1)]
 41732 | D:13     | HP: 4/135 [??? (1)]
 41737 | D:13     | HP: 3/135 [??? (1)]
 41744 | D:13     | HP: 4/135 [??? (1)]
 41752 | D:13     | HP: 5/135 [??? (2)]
 41760 | D:13     | HP: 4/135 [??? (2)]
 41765 | D:13     | HP: 4/135 [??? (2)]
 41771 | D:13     | HP: 4/135 [??? (2)]
 41776 | D:13     | HP: 3/135 [??? (1)]
 41782 | D:13     | HP: 4/135 [??? (1)]
 41787 | D:13     | HP: 3/135 [??? (1)]
 41792 | D:13     | HP: 3/135 [??? (1)]
 41799 | D:13     | HP: 3/135 [??? (1)]
 41820 | D:13     | HP: 6/135 [??? (4)]
 41826 | D:13     | HP: 5/135 [??? (2)]
 41832 | D:13     | HP: 4/135 [??? (2)]
 41839 | D:13     | HP: 3/135 [??? (1)]
 41844 | D:13     | HP: 3/135 [??? (1)]
 41851 | D:13     | HP: 4/135 [??? (1)]
 41857 | D:13     | HP: 5/135 [??? (2)]
 41862 | D:13     | HP: 3/135 [??? (1)]
 41869 | D:13     | HP: 4/135 [??? (2)]
 41877 | D:13     | HP: 4/135 [??? (2)]
 41890 | D:13     | HP: 5/135 [??? (2)]
 41896 | D:13     | HP: 5/135 [??? (3)]
 41912 | D:13     | HP: 7/135 [??? (5)]
 41917 | D:13     | HP: 4/135 [??? (2)]
 41922 | D:13     | HP: 4/135 [??? (1)]
 41934 | D:13     | HP: 5/135 [??? (3)]
 41939 | D:13     | HP: 5/135 [??? (2)]
 41944 | D:13     | HP: 3/135 [??? (1)]
 41949 | D:13     | HP: 4/135 [??? (1)]
 41954 | D:13     | HP: 4/135 [??? (2)]
 41960 | D:13     | HP: 4/135 [??? (1)]
 41966 | D:13     | HP: 3/135 [??? (1)]
 41975 | D:13     | HP: 4/135 [??? (1)]
 41980 | D:13     | HP: 3/135 [??? (1)]
 41985 | D:13     | HP: 3/135 [??? (1)]
 41993 | D:13     | HP: 4/135 [??? (2)]
 41998 | D:13     | HP: 3/135 [??? (1)]
 42003 | D:13     | HP: 3/135 [??? (1)]
 42009 | D:13     | HP: 4/135 [??? (1)]
 42016 | D:13     | HP: 4/135 [??? (2)]
 42024 | D:13     | HP: 4/135 [??? (1)]
 42035 | D:13     | HP: 5/135 [??? (2)]
 42042 | D:13     | HP: 5/135 [??? (3)]
 42052 | D:13     | HP: 6/135 [??? (3)]
 42058 | D:13     | HP: 3/135 [??? (1)]
 42063 | D:13     | HP: 3/135 [??? (1)]
 42071 | D:13     | HP: 3/135 [??? (1)]
 42083 | D:13     | HP: 4/135 [??? (2)]
 42092 | D:13     | HP: 4/135 [??? (1)]
 42103 | D:13     | HP: 6/135 [??? (3)]
 42109 | D:13     | HP: 3/135 [??? (1)]
 42117 | D:13     | HP: 4/135 [??? (1)]
 42125 | D:13     | HP: 4/135 [??? (2)]
 42131 | D:13     | HP: 4/135 [??? (1)]
 42138 | D:13     | HP: 4/135 [??? (2)]
 42150 | D:13     | HP: 5/135 [??? (3)]
 42158 | D:13     | HP: 4/135 [??? (1)]
 42166 | D:13     | HP: 3/135 [??? (1)]
 42173 | D:13     | HP: 4/135 [??? (1)]
 42179 | D:13     | HP: 3/135 [??? (1)]
 42185 | D:13     | HP: 4/135 [??? (1)]
 42196 | D:13     | HP: 5/135 [??? (3)]
 42202 | D:13     | HP: 4/135 [??? (1)]
 42208 | D:13     | HP: 4/135 [??? (1)]
 42215 | D:13     | HP: 5/135 [??? (2)]
 42222 | D:13     | HP: 5/135 [??? (2)]
 42227 | D:13     | HP: 5/135 [??? (2)]
 42234 | D:13     | HP: 3/135 [??? (1)]
 42239 | D:13     | HP: 3/135 [??? (1)]
 42248 | D:13     | HP: 4/135 [??? (1)]
 42254 | D:13     | HP: 3/135 [??? (1)]
 42263 | D:13     | HP: 4/135 [??? (1)]
 42270 | D:13     | HP: 4/135 [??? (2)]
 42276 | D:13     | HP: 4/135 [??? (2)]
 42283 | D:13     | HP: 4/135 [??? (2)]
 42289 | D:13     | HP: 3/135 [??? (1)]
 42295 | D:13     | HP: 3/135 [??? (1)]
 42300 | D:13     | HP: 4/135 [??? (1)]
 42309 | D:13     | HP: 5/135 [??? (2)]
 42310 | D:13     | Glimpsed the power of Zot.
 42314 | D:13     | HP: 4/135 [??? (1)]
 42321 | D:13     | HP: 4/135 [??? (2)]
 42326 | D:13     | HP: 4/135 [??? (1)]
 42331 | D:13     | HP: 4/135 [??? (1)]
 42338 | D:13     | HP: 4/135 [??? (1)]
 42354 | D:13     | HP: 6/135 [??? (3)]
 42362 | D:13     | HP: 5/135 [??? (2)]
 42367 | D:13     | HP: 4/135 [??? (1)]
 42373 | D:13     | HP: 3/135 [??? (1)]
 42384 | D:13     | HP: 5/135 [??? (2)]
 42389 | D:13     | HP: 4/135 [??? (2)]
 42394 | D:13     | HP: 4/135 [??? (2)]
 42400 | D:13     | HP: 4/135 [??? (1)]
 42405 | D:13     | HP: 4/135 [??? (2)]
 42415 | D:13     | HP: 5/135 [??? (2)]
 42422 | D:13     | HP: 5/135 [??? (2)]
 42430 | D:13     | HP: 4/135 [??? (2)]
 42435 | D:13     | HP: 3/135 [??? (1)]
 42447 | D:13     | HP: 5/135 [??? (2)]
 42453 | D:13     | HP: 4/135 [??? (1)]
 42460 | D:13     | HP: 3/135 [??? (1)]
 42468 | D:13     | HP: 4/135 [??? (1)]
 42475 | D:13     | HP: 4/135 [??? (1)]
 42480 | D:13     | HP: 4/135 [??? (2)]
 42490 | D:13     | HP: 5/135 [??? (2)]
 42495 | D:13     | HP: 4/135 [??? (1)]
 42500 | D:13     | HP: 4/135 [??? (1)]
 42505 | D:13     | HP: 4/135 [??? (1)]
 42513 | D:13     | HP: 4/135 [??? (2)]
 42518 | D:13     | HP: 4/135 [??? (1)]
 42524 | D:13     | HP: 4/135 [??? (1)]
 42529 | D:13     | HP: 4/135 [??? (1)]
 42534 | D:13     | HP: 4/135 [??? (2)]
 42542 | D:13     | HP: 3/135 [??? (1)]
 42551 | D:13     | HP: 4/135 [??? (2)]
 42556 | D:13     | HP: 4/135 [??? (1)]
 42562 | D:13     | HP: 3/135 [??? (1)]
 42567 | D:13     | HP: 3/135 [??? (1)]
 42579 | D:13     | HP: 5/135 [??? (2)]
 42586 | D:13     | HP: 4/135 [??? (2)]
 42592 | D:13     | HP: 3/135 [??? (1)]
 42597 | D:13     | HP: 3/135 [??? (1)]
 42603 | D:13     | HP: 3/135 [??? (1)]
 42608 | D:13     | HP: 4/135 [??? (1)]
 42620 | D:13     | HP: 4/135 [??? (2)]
 42626 | D:13     | HP: 3/135 [??? (1)]
 42631 | D:13     | HP: 3/135 [??? (1)]
 42640 | D:13     | HP: 4/135 [??? (1)]
 42645 | D:13     | HP: 5/135 [??? (2)]
 42650 | D:13     | HP: 4/135 [??? (2)]
 42657 | D:13     | HP: 4/135 [??? (2)]
 42662 | D:13     | HP: 4/135 [??? (1)]
 42667 | D:13     | HP: 4/135 [??? (1)]
 42674 | D:13     | HP: 5/135 [??? (2)]
 42680 | D:13     | HP: 4/135 [??? (1)]
 42689 | D:13     | HP: 5/135 [??? (2)]
 42694 | D:13     | HP: 4/135 [??? (2)]
 42702 | D:13     | HP: 4/135 [??? (1)]
 42709 | D:13     | HP: 3/135 [??? (1)]
 42716 | D:13     | HP: 3/135 [??? (1)]
 42723 | D:13     | HP: 4/135 [??? (2)]
 42728 | D:13     | HP: 4/135 [??? (1)]
 42735 | D:13     | HP: 5/135 [??? (2)]
 42740 | D:13     | HP: 3/135 [??? (1)]
 42745 | D:13     | HP: 4/135 [??? (1)]
 42750 | D:13     | HP: 3/135 [??? (1)]
 42755 | D:13     | HP: 4/135 [??? (1)]
 42760 | D:13     | HP: 4/135 [??? (1)]
 42765 | D:13     | HP: 4/135 [??? (2)]
 42770 | D:13     | HP: 4/135 [??? (2)]
 42777 | D:13     | HP: 4/135 [??? (2)]
 42782 | D:13     | HP: 4/135 [??? (1)]
 42787 | D:13     | HP: 3/135 [??? (1)]
 42793 | D:13     | HP: 3/135 [??? (1)]
 42801 | D:13     | HP: 4/135 [??? (2)]
 42810 | D:13     | Glimpsed the power of Zot.
 42811 | D:13     | HP: 4/135 [??? (2)]
 42817 | D:13     | HP: 4/135 [??? (1)]
 42822 | D:13     | HP: 3/135 [??? (1)]
 42827 | D:13     | HP: 3/135 [??? (1)]
 42835 | D:13     | HP: 4/135 [??? (1)]
 42840 | D:13     | HP: 4/135 [??? (2)]
 42847 | D:13     | HP: 3/135 [??? (1)]
 42852 | D:13     | HP: 3/135 [??? (1)]
 42858 | D:13     | HP: 3/135 [??? (1)]
 42866 | D:13     | HP: 3/135 [??? (1)]
 42874 | D:13     | HP: 4/135 [??? (2)]
 42880 | D:13     | HP: 4/135 [??? (2)]
 42887 | D:13     | HP: 3/135 [??? (1)]
 42893 | D:13     | HP: 3/135 [??? (1)]
 42901 | D:13     | HP: 4/135 [??? (1)]
 42910 | D:13     | HP: 4/135 [??? (1)]
 42917 | D:13     | HP: 4/135 [??? (2)]
 42928 | D:13     | HP: 5/135 [??? (2)]
 42934 | D:13     | HP: 4/135 [??? (2)]
 42940 | D:13     | HP: 3/135 [??? (1)]
 42945 | D:13     | HP: 4/135 [??? (1)]
 42951 | D:13     | HP: 4/135 [??? (1)]
 42960 | D:13     | HP: 4/135 [??? (2)]
 42966 | D:13     | HP: 3/135 [??? (1)]
 42972 | D:13     | HP: 4/135 [??? (2)]
 42984 | D:13     | HP: 6/135 [??? (3)]
 42989 | D:13     | HP: 4/135 [??? (2)]
 42995 | D:13     | HP: 3/135 [??? (1)]
 43001 | D:13     | HP: 3/135 [??? (1)]
 43008 | D:13     | HP: 4/135 [??? (1)]
 43017 | D:13     | HP: 5/135 [??? (2)]
 43023 | D:13     | HP: 3/135 [??? (1)]
 43030 | D:13     | HP: 4/135 [??? (1)]
 43036 | D:13     | HP: 4/135 [??? (1)]
 43041 | D:13     | HP: 4/135 [??? (1)]
 43048 | D:13     | HP: 3/135 [??? (1)]
 43057 | D:13     | HP: 5/135 [??? (2)]
 43062 | D:13     | HP: 4/135 [??? (2)]
 43068 | D:13     | HP: 4/135 [??? (2)]
 43077 | D:13     | HP: 5/135 [??? (3)]
 43082 | D:13     | HP: 5/135 [??? (2)]
 43087 | D:13     | HP: 4/135 [??? (1)]
 43097 | D:13     | HP: 5/135 [??? (2)]
 43103 | D:13     | HP: 5/135 [??? (3)]
 43111 | D:13     | HP: 4/135 [??? (2)]
 43122 | D:13     | HP: 4/135 [??? (2)]
 43128 | D:13     | HP: 3/135 [??? (1)]
 43133 | D:13     | HP: 3/135 [??? (1)]
 43139 | D:13     | HP: 3/135 [??? (1)]
 43144 | D:13     | HP: 3/135 [??? (1)]
 43150 | D:13     | HP: 4/135 [??? (1)]
 43159 | D:13     | HP: 4/135 [??? (2)]
 43164 | D:13     | HP: 3/135 [??? (1)]
 43170 | D:13     | HP: 4/135 [??? (1)]
 43175 | D:13     | HP: 3/135 [??? (1)]
 43186 | D:13     | HP: 5/135 [??? (2)]
 43192 | D:13     | HP: 4/135 [??? (2)]
 43198 | D:13     | HP: 3/135 [??? (1)]
 43204 | D:13     | HP: 3/135 [??? (1)]
 43210 | D:13     | Glimpsed the power of Zot.
 43210 | D:13     | HP: 3/135 [??? (1)]
 43217 | D:13     | HP: 4/135 [??? (1)]
 43225 | D:13     | HP: 4/135 [??? (1)]
 43230 | D:13     | HP: 4/135 [??? (1)]
 43235 | D:13     | HP: 3/135 [??? (1)]
 43244 | D:13     | HP: 4/135 [??? (1)]
 43249 | D:13     | HP: 4/135 [??? (1)]
 43255 | D:13     | HP: 4/135 [??? (1)]
 43263 | D:13     | HP: 4/135 [??? (1)]
 43268 | D:13     | HP: 4/135 [??? (1)]
 43279 | D:13     | HP: 5/135 [??? (3)]
 43284 | D:13     | HP: 4/135 [??? (1)]
 43289 | D:13     | HP: 3/135 [??? (1)]
 43295 | D:13     | HP: 4/135 [??? (2)]
 43300 | D:13     | HP: 3/135 [??? (1)]
 43307 | D:13     | HP: 4/135 [??? (2)]
 43310 | D:13     | Touched by the power of Zot (MHP 135 -> 110)
 43311 | D:13     | Glimpsed the power of Zot.
 43312 | D:13     | HP: 4/107 [??? (1)]
 43317 | D:13     | HP: 3/107 [??? (1)]
 43323 | D:13     | HP: 4/107 [??? (1)]
 43329 | D:13     | HP: 3/107 [??? (1)]
 43337 | D:13     | HP: 4/107 [??? (1)]
 43343 | D:13     | HP: 4/107 [??? (1)]
 43354 | D:13     | HP: 4/107 [??? (2)]
 43360 | D:13     | HP: 4/107 [??? (1)]
 43365 | D:13     | HP: 3/107 [??? (1)]
 43374 | D:13     | HP: 4/107 [??? (1)]
 43380 | D:13     | HP: 4/107 [??? (1)]
 43385 | D:13     | HP: 3/107 [??? (1)]
 43398 | D:13     | HP: 5/107 [??? (2)]
 43403 | D:13     | HP: 3/107 [??? (1)]
 43412 | D:13     | HP: 4/107 [??? (2)]
 43419 | D:13     | HP: 3/107 [??? (1)]
 43427 | D:13     | HP: 3/107 [??? (1)]
 43432 | D:13     | HP: 3/107 [??? (1)]
 43440 | D:13     | HP: 4/107 [??? (1)]
 43448 | D:13     | HP: 4/107 [??? (1)]
 43453 | D:13     | HP: 3/107 [??? (1)]
 43460 | D:13     | HP: 3/107 [??? (1)]
 43465 | D:13     | HP: 3/107 [??? (1)]
 43470 | D:13     | HP: 3/107 [??? (1)]
 43475 | D:13     | HP: 3/107 [??? (1)]
 43480 | D:13     | HP: 3/107 [??? (1)]
 43485 | D:13     | HP: 3/107 [??? (1)]
 43494 | D:13     | HP: 4/107 [??? (1)]
 43504 | D:13     | HP: 4/107 [??? (2)]
 43510 | D:13     | HP: 3/107 [??? (1)]
 43515 | D:13     | HP: 3/107 [??? (1)]
 43524 | D:13     | HP: 4/107 [??? (2)]
 43530 | D:13     | HP: 3/107 [??? (1)]
 43538 | D:13     | HP: 4/107 [??? (1)]
 43547 | D:13     | HP: 4/107 [??? (1)]
 43553 | D:13     | HP: 4/107 [??? (2)]
 43559 | D:13     | HP: 3/107 [??? (1)]
 43564 | D:13     | HP: 3/107 [??? (1)]
 43569 | D:13     | HP: 4/107 [??? (1)]
 43575 | D:13     | HP: 4/107 [??? (1)]
 43585 | D:13     | HP: 4/107 [??? (2)]
 43592 | D:13     | HP: 3/107 [??? (1)]
 43597 | D:13     | HP: 4/107 [??? (1)]
 43606 | D:13     | HP: 5/107 [??? (2)]
 43613 | D:13     | HP: 3/107 [??? (1)]
 43621 | D:13     | HP: 4/107 [??? (1)]
 43627 | D:13     | HP: 4/107 [??? (2)]
 43640 | D:13     | HP: 5/107 [??? (3)]
 43646 | D:13     | HP: 3/107 [??? (1)]
 43652 | D:13     | HP: 3/107 [??? (1)]
 43659 | D:13     | HP: 4/107 [??? (1)]
 43673 | D:13     | HP: 5/107 [??? (3)]
 43680 | D:13     | HP: 3/107 [??? (1)]
 43685 | D:13     | HP: 3/107 [??? (1)]
 43692 | D:13     | HP: 3/107 [??? (1)]
 43698 | D:13     | HP: 3/107 [??? (1)]
 43705 | D:13     | HP: 3/107 [??? (1)]
 43712 | D:13     | HP: 4/107 [??? (1)]
 43718 | D:13     | HP: 3/107 [??? (1)]
 43731 | D:13     | HP: 5/107 [??? (2)]
 43745 | D:13     | HP: 5/107 [??? (2)]
 43759 | D:13     | HP: 6/107 [??? (4)]
 43766 | D:13     | HP: 4/107 [??? (1)]
 43772 | D:13     | HP: 4/107 [??? (1)]
 43778 | D:13     | HP: 3/107 [??? (1)]
 43788 | D:13     | HP: 4/107 [??? (2)]
 43796 | D:13     | HP: 4/107 [??? (1)]
 43803 | D:13     | HP: 4/107 [??? (2)]
 43811 | D:13     | Glimpsed the power of Zot.
 43811 | D:13     | HP: 5/107 [??? (2)]
 43818 | D:13     | HP: 3/107 [??? (1)]
 43824 | D:13     | HP: 3/107 [??? (1)]
 43830 | D:13     | HP: 4/107 [??? (1)]
 43839 | D:13     | HP: 5/107 [??? (3)]
 43844 | D:13     | HP: 3/107 [??? (1)]
 43849 | D:13     | HP: 4/107 [??? (1)]
 43864 | D:13     | HP: 5/107 [??? (3)]
 43870 | D:13     | HP: 4/107 [??? (2)]
 43875 | D:13     | HP: 3/107 [??? (1)]
 43884 | D:13     | HP: 4/107 [??? (1)]
 43895 | D:13     | HP: 5/107 [??? (3)]
 43902 | D:13     | HP: 4/107 [??? (1)]
 43907 | D:13     | HP: 4/107 [??? (1)]
 43914 | D:13     | HP: 3/107 [??? (1)]
 43919 | D:13     | HP: 3/107 [??? (1)]
 43928 | D:13     | HP: 4/107 [??? (1)]
 43937 | D:13     | HP: 4/107 [??? (2)]
 43942 | D:13     | HP: 4/107 [??? (2)]
 43949 | D:13     | HP: 4/107 [??? (2)]
 43956 | D:13     | HP: 4/107 [??? (2)]
 43962 | D:13     | HP: 4/107 [??? (2)]
 43968 | D:13     | HP: 4/107 [??? (1)]
 43973 | D:13     | HP: 3/107 [??? (1)]
 43979 | D:13     | HP: 4/107 [??? (1)]
 43993 | D:13     | HP: 6/107 [??? (3)]
 44001 | D:13     | HP: 3/107 [??? (1)]
 44006 | D:13     | HP: 3/107 [??? (1)]
 44019 | D:13     | HP: 4/107 [??? (2)]
 44027 | D:13     | HP: 5/107 [??? (2)]
 44032 | D:13     | HP: 5/107 [??? (2)]
 44041 | D:13     | HP: 4/107 [??? (1)]
 44047 | D:13     | HP: 4/107 [??? (1)]
 44057 | D:13     | HP: 4/107 [??? (1)]
 44065 | D:13     | HP: 4/107 [??? (2)]
 44070 | D:13     | HP: 4/107 [??? (2)]
 44075 | D:13     | HP: 3/107 [??? (1)]
 44082 | D:13     | HP: 3/107 [??? (1)]
 44087 | D:13     | HP: 4/107 [??? (1)]
 44094 | D:13     | HP: 5/107 [??? (2)]
 44100 | D:13     | HP: 5/107 [??? (2)]
 44109 | D:13     | HP: 4/107 [??? (1)]
 44114 | D:13     | HP: 3/107 [??? (1)]
 44120 | D:13     | HP: 3/107 [??? (1)]
 44126 | D:13     | HP: 3/107 [??? (1)]
 44133 | D:13     | HP: 3/107 [??? (1)]
 44140 | D:13     | HP: 4/107 [??? (1)]
 44145 | D:13     | HP: 3/107 [??? (1)]
 44159 | D:13     | HP: 5/107 [??? (2)]
 44164 | D:13     | HP: 3/107 [??? (1)]
 44170 | D:13     | HP: 4/107 [??? (1)]
 44180 | D:13     | HP: 5/107 [??? (2)]
 44185 | D:13     | HP: 5/107 [??? (2)]
 44192 | D:13     | HP: 3/107 [??? (1)]
 44198 | D:13     | HP: 3/107 [??? (1)]
 44203 | D:13     | HP: 3/107 [??? (1)]
 44210 | D:13     | HP: 4/107 [??? (1)]
 44211 | D:13     | Glimpsed the power of Zot.
 44215 | D:13     | HP: 3/107 [??? (1)]
 44221 | D:13     | HP: 4/107 [??? (1)]
 44226 | D:13     | HP: 3/107 [??? (1)]
 44238 | D:13     | HP: 5/107 [??? (2)]
 44246 | D:13     | HP: 4/107 [??? (2)]
 44252 | D:13     | HP: 4/107 [??? (1)]
 44260 | D:13     | HP: 4/107 [??? (2)]
 44265 | D:13     | HP: 4/107 [??? (1)]
 44273 | D:13     | HP: 4/107 [??? (1)]
 44278 | D:13     | HP: 3/107 [??? (1)]
 44284 | D:13     | HP: 3/107 [??? (1)]
 44293 | D:13     | HP: 4/107 [??? (2)]
 44303 | D:13     | HP: 4/107 [??? (1)]
 44308 | D:13     | HP: 3/107 [??? (1)]
 44310 | D:13     | Touched by the power of Zot (MHP 107 -> 87)
 44311 | D:13     | Glimpsed the power of Zot.
 44315 | D:13     | HP: 4/85 [??? (2)]
 44320 | D:13     | HP: 3/85 [??? (1)]
 44330 | D:13     | HP: 4/85 [??? (2)]
 44337 | D:13     | HP: 4/85 [??? (1)]
 44345 | D:13     | HP: 4/85 [??? (2)]
 44361 | D:13     | HP: 5/85 [??? (2)]
 44370 | D:13     | HP: 5/85 [??? (2)]
 44375 | D:13     | HP: 4/85 [??? (1)]
 44380 | D:13     | HP: 4/85 [??? (2)]
 44387 | D:13     | HP: 3/85 [??? (1)]
 44392 | D:13     | HP: 4/85 [??? (1)]
 44397 | D:13     | HP: 4/85 [??? (1)]
 44405 | D:13     | HP: 4/85 [??? (2)]
 44410 | D:13     | HP: 4/85 [??? (1)]
 44416 | D:13     | HP: 3/85 [??? (1)]
 44423 | D:13     | HP: 3/85 [??? (1)]
 44439 | D:13     | HP: 5/85 [??? (3)]
 44444 | D:13     | HP: 3/85 [??? (1)]
 44449 | D:13     | HP: 3/85 [??? (1)]
 44458 | D:13     | HP: 4/85 [??? (1)]
 44465 | D:13     | HP: 4/85 [??? (1)]
 44471 | D:13     | HP: 4/85 [??? (1)]
 44476 | D:13     | HP: 3/85 [??? (1)]
 44483 | D:13     | HP: 3/85 [??? (1)]
 44489 | D:13     | HP: 4/85 [??? (1)]
 44494 | D:13     | HP: 4/85 [??? (1)]
 44500 | D:13     | HP: 3/85 [??? (1)]
 44505 | D:13     | HP: 3/85 [??? (1)]
 44510 | D:13     | HP: 3/85 [??? (1)]
 44520 | D:13     | HP: 4/85 [??? (2)]
 44525 | D:13     | HP: 3/85 [??? (1)]
 44531 | D:13     | HP: 3/85 [??? (1)]
 44538 | D:13     | HP: 3/85 [??? (1)]
 44546 | D:13     | HP: 3/85 [??? (1)]
 44557 | D:13     | HP: 4/85 [??? (2)]
 44562 | D:13     | HP: 3/85 [??? (1)]
 44568 | D:13     | HP: 3/85 [??? (1)]
 44574 | D:13     | HP: 3/85 [??? (1)]
 44580 | D:13     | HP: 3/85 [??? (1)]
 44585 | D:13     | HP: 3/85 [??? (1)]
 44590 | D:13     | HP: 3/85 [??? (1)]
 44595 | D:13     | HP: 3/85 [??? (1)]
 44601 | D:13     | HP: 3/85 [??? (1)]
 44608 | D:13     | HP: 4/85 [??? (1)]
 44613 | D:13     | HP: 3/85 [??? (1)]
 44621 | D:13     | HP: 4/85 [??? (1)]
 44627 | D:13     | HP: 4/85 [??? (1)]
 44634 | D:13     | HP: 3/85 [??? (1)]
 44647 | D:13     | HP: 5/85 [??? (2)]
 44655 | D:13     | HP: 4/85 [??? (2)]
 44665 | D:13     | HP: 5/85 [??? (2)]
 44673 | D:13     | HP: 3/85 [??? (1)]
 44680 | D:13     | HP: 3/85 [??? (1)]
 44685 | D:13     | HP: 3/85 [??? (1)]
 44692 | D:13     | HP: 4/85 [??? (2)]
 44699 | D:13     | HP: 4/85 [??? (1)]
 44708 | D:13     | HP: 4/85 [??? (1)]
 44715 | D:13     | HP: 4/85 [??? (2)]
 44721 | D:13     | HP: 4/85 [??? (1)]
 44729 | D:13     | HP: 4/85 [??? (1)]
 44736 | D:13     | HP: 4/85 [??? (1)]
 44746 | D:13     | HP: 4/85 [??? (2)]
 44753 | D:13     | HP: 4/85 [??? (1)]
 44760 | D:13     | HP: 4/85 [??? (2)]
 44765 | D:13     | HP: 3/85 [??? (1)]
 44771 | D:13     | HP: 3/85 [??? (1)]
 44780 | D:13     | HP: 4/85 [??? (1)]
 44787 | D:13     | HP: 4/85 [??? (1)]
 44796 | D:13     | HP: 4/85 [??? (2)]
 44802 | D:13     | HP: 4/85 [??? (1)]
 44809 | D:13     | HP: 3/85 [??? (1)]
 44811 | D:13     | Glimpsed the power of Zot.
 44814 | D:13     | HP: 3/85 [??? (1)]
 44819 | D:13     | HP: 3/85 [??? (1)]
 44825 | D:13     | HP: 3/85 [??? (1)]
 44831 | D:13     | HP: 4/85 [??? (1)]
 44837 | D:13     | HP: 3/85 [??? (1)]
 44842 | D:13     | HP: 3/85 [??? (1)]
 44849 | D:13     | HP: 3/85 [??? (1)]
 44855 | D:13     | HP: 4/85 [??? (1)]
 44860 | D:13     | HP: 3/85 [??? (1)]
 44869 | D:13     | HP: 4/85 [??? (1)]
 44875 | D:13     | HP: 3/85 [??? (1)]
 44882 | D:13     | HP: 4/85 [??? (1)]
 44887 | D:13     | HP: 3/85 [??? (1)]
 44893 | D:13     | HP: 3/85 [??? (1)]
 44901 | D:13     | HP: 4/85 [??? (1)]
 44910 | D:13     | HP: 4/85 [??? (2)]
 44917 | D:13     | HP: 4/85 [??? (1)]
 44923 | D:13     | HP: 3/85 [??? (1)]
 44929 | D:13     | HP: 3/85 [??? (1)]
 44937 | D:13     | HP: 3/85 [??? (1)]
 44942 | D:13     | HP: 3/85 [??? (1)]
 44950 | D:13     | HP: 4/85 [??? (1)]
 44955 | D:13     | HP: 3/85 [??? (1)]
 44960 | D:13     | HP: 3/85 [??? (1)]
 44967 | D:13     | HP: 3/85 [??? (1)]
 44973 | D:13     | HP: 4/85 [??? (1)]
 44980 | D:13     | HP: 4/85 [??? (2)]
 44989 | D:13     | HP: 4/85 [??? (1)]
 44997 | D:13     | HP: 4/85 [??? (1)]
 45002 | D:13     | HP: 3/85 [??? (1)]
 45007 | D:13     | HP: 3/85 [??? (1)]
 45013 | D:13     | HP: 3/85 [??? (1)]
 45019 | D:13     | HP: 3/85 [??? (1)]
 45026 | D:13     | HP: 3/85 [??? (1)]
 45035 | D:13     | HP: 4/85 [??? (1)]
 45042 | D:13     | HP: 5/85 [??? (2)]
 45050 | D:13     | HP: 4/85 [??? (2)]
 45066 | D:13     | HP: 6/85 [??? (3)]
 45075 | D:13     | HP: 4/85 [??? (2)]
 45080 | D:13     | HP: 4/85 [??? (1)]
 45087 | D:13     | HP: 4/85 [??? (1)]
 45094 | D:13     | HP: 4/85 [??? (1)]
 45099 | D:13     | HP: 4/85 [??? (2)]
 45113 | D:13     | HP: 5/85 [??? (2)]
 45120 | D:13     | HP: 4/85 [??? (1)]
 45139 | D:13     | HP: 6/85 [??? (4)]
 45145 | D:13     | HP: 3/85 [??? (1)]
 45152 | D:13     | HP: 3/85 [??? (1)]
 45157 | D:13     | HP: 4/85 [??? (1)]
 45164 | D:13     | HP: 3/85 [??? (1)]
 45169 | D:13     | HP: 3/85 [??? (1)]
 45182 | D:13     | HP: 4/85 [??? (2)]
 45189 | D:13     | HP: 4/85 [??? (1)]
 45194 | D:13     | HP: 3/85 [??? (1)]
 45200 | D:13     | HP: 3/85 [??? (1)]
 45206 | D:13     | HP: 3/85 [??? (1)]
 45211 | D:13     | Glimpsed the power of Zot.
 45211 | D:13     | HP: 4/85 [??? (1)]
 45220 | D:13     | HP: 3/85 [??? (1)]
 45229 | D:13     | HP: 3/85 [??? (1)]
 45235 | D:13     | HP: 3/85 [??? (1)]
 45243 | D:13     | HP: 3/85 [??? (1)]
 45248 | D:13     | HP: 3/85 [??? (1)]
 45253 | D:13     | HP: 3/85 [??? (1)]
 45267 | D:13     | HP: 5/85 [??? (3)]
 45273 | D:13     | HP: 3/85 [??? (1)]
 45283 | D:13     | HP: 4/85 [??? (2)]
 45289 | D:13     | HP: 4/85 [??? (1)]
 45299 | D:13     | HP: 4/85 [??? (1)]
 45304 | D:13     | HP: 3/85 [??? (1)]
 45310 | D:13     | Touched by the power of Zot (MHP 85 -> 68)
 45311 | D:13     | Glimpsed the power of Zot.
 45311 | D:13     | HP: 4/67 [??? (1)]
 45316 | D:13     | HP: 4/67 [??? (1)]
 45325 | D:13     | HP: 4/67 [??? (1)]
 45332 | D:13     | HP: 5/67 [??? (2)]
 45339 | D:13     | HP: 5/67 [??? (2)]
 45345 | D:13     | HP: 3/67 [??? (1)]
 45350 | D:13     | HP: 3/67 [??? (1)]
 45357 | D:13     | HP: 3/67 [??? (1)]
 45362 | D:13     | HP: 4/67 [??? (1)]
 45368 | D:13     | HP: 3/67 [??? (1)]
 45376 | D:13     | HP: 4/67 [??? (1)]
 45382 | D:13     | HP: 4/67 [??? (2)]
 45390 | D:13     | HP: 4/67 [??? (2)]
 45398 | D:13     | HP: 3/67 [??? (1)]
 45412 | D:13     | HP: 4/67 [??? (2)]
 45417 | D:13     | HP: 4/67 [??? (1)]
 45423 | D:13     | HP: 3/67 [??? (1)]
 45430 | D:13     | HP: 3/67 [??? (1)]
 45436 | D:13     | HP: 3/67 [??? (1)]
 45442 | D:13     | HP: 4/67 [??? (1)]
 45449 | D:13     | HP: 3/67 [??? (1)]
 45457 | D:13     | HP: 3/67 [??? (1)]
 45462 | D:13     | HP: 3/67 [??? (1)]
 45477 | D:13     | HP: 5/67 [??? (2)]
 45486 | D:13     | HP: 3/67 [??? (1)]
 45498 | D:13     | HP: 4/67 [??? (2)]
 45503 | D:13     | HP: 3/67 [??? (1)]
 45512 | D:13     | HP: 3/67 [??? (1)]
 45518 | D:13     | HP: 3/67 [??? (1)]
 45523 | D:13     | HP: 3/67 [??? (1)]
 45530 | D:13     | HP: 3/67 [??? (1)]
 45535 | D:13     | HP: 3/67 [??? (1)]
 45540 | D:13     | HP: 3/67 [??? (1)]
 45548 | D:13     | HP: 4/67 [??? (1)]
 45557 | D:13     | HP: 3/67 [??? (1)]
 45566 | D:13     | HP: 4/67 [??? (1)]
 45572 | D:13     | HP: 3/67 [??? (1)]
 45579 | D:13     | HP: 3/67 [??? (1)]
 45584 | D:13     | HP: 4/67 [??? (1)]
 45593 | D:13     | HP: 4/67 [??? (2)]
 45601 | D:13     | HP: 3/67 [??? (1)]
 45607 | D:13     | HP: 4/67 [??? (1)]
 45615 | D:13     | HP: 4/67 [??? (2)]
 45622 | D:13     | HP: 4/67 [??? (1)]
 45630 | D:13     | HP: 4/67 [??? (1)]
 45635 | D:13     | HP: 3/67 [??? (1)]
 45640 | D:13     | HP: 3/67 [??? (1)]
 45645 | D:13     | HP: 4/67 [??? (1)]
 45650 | D:13     | HP: 4/67 [??? (1)]
 45655 | D:13     | HP: 3/67 [??? (1)]
 45663 | D:13     | HP: 3/67 [??? (1)]
 45672 | D:13     | HP: 4/67 [??? (1)]
 45685 | D:13     | HP: 4/67 [??? (2)]
 45692 | D:13     | HP: 4/67 [??? (1)]
 45697 | D:13     | HP: 4/67 [??? (2)]
 45702 | D:13     | HP: 3/67 [??? (1)]
 45712 | D:13     | HP: 3/67 [??? (1)]
 45719 | D:13     | HP: 4/67 [??? (1)]
 45724 | D:13     | HP: 3/67 [??? (1)]
 45729 | D:13     | HP: 4/67 [??? (1)]
 45735 | D:13     | HP: 3/67 [??? (1)]
 45744 | D:13     | HP: 3/67 [??? (1)]
 45749 | D:13     | HP: 3/67 [??? (1)]
 45765 | D:13     | HP: 5/67 [??? (2)]
 45770 | D:13     | HP: 3/67 [??? (1)]
 45780 | D:13     | HP: 4/67 [??? (2)]
 45785 | D:13     | HP: 3/67 [??? (1)]
 45790 | D:13     | HP: 4/67 [??? (1)]
 45798 | D:13     | HP: 3/67 [??? (1)]
 45803 | D:13     | HP: 4/67 [??? (1)]
 45809 | D:13     | HP: 3/67 [??? (1)]
 45811 | D:13     | Glimpsed the power of Zot.
 45816 | D:13     | HP: 4/67 [??? (2)]
 45822 | D:13     | HP: 4/67 [??? (1)]
 45829 | D:13     | HP: 3/67 [??? (1)]
 45837 | D:13     | HP: 3/67 [??? (1)]
 45848 | D:13     | HP: 5/67 [??? (2)]
 45855 | D:13     | HP: 5/67 [??? (2)]
 45861 | D:13     | HP: 4/67 [??? (2)]
 45871 | D:13     | HP: 5/67 [??? (2)]
 45879 | D:13     | HP: 3/67 [??? (1)]
 45884 | D:13     | HP: 3/67 [??? (1)]
 45890 | D:13     | HP: 4/67 [??? (1)]
 45897 | D:13     | HP: 4/67 [??? (2)]
 45905 | D:13     | HP: 4/67 [??? (2)]
 45910 | D:13     | HP: 4/67 [??? (1)]
 45915 | D:13     | HP: 3/67 [??? (1)]
 45923 | D:13     | HP: 4/67 [??? (2)]
 45928 | D:13     | HP: 3/67 [??? (1)]
 45936 | D:13     | HP: 4/67 [??? (1)]
 45942 | D:13     | HP: 4/67 [??? (1)]
 45953 | D:13     | HP: 5/67 [??? (2)]
 45959 | D:13     | HP: 3/67 [??? (1)]
 45967 | D:13     | HP: 3/67 [??? (1)]
 45972 | D:13     | HP: 3/67 [??? (1)]
 45977 | D:13     | HP: 4/67 [??? (1)]
 45982 | D:13     | HP: 3/67 [??? (1)]
 45990 | D:13     | HP: 4/67 [??? (2)]
 45997 | D:13     | HP: 3/67 [??? (1)]
 46003 | D:13     | HP: 3/67 [??? (1)]
 46010 | D:13     | HP: 3/67 [??? (1)]
 46017 | D:13     | HP: 3/67 [??? (1)]
 46022 | D:13     | HP: 3/67 [??? (1)]
 46030 | D:13     | HP: 3/67 [??? (1)]
 46042 | D:13     | HP: 4/67 [??? (2)]
 46050 | D:13     | HP: 4/67 [??? (1)]
 46058 | D:13     | HP: 5/67 [??? (2)]
 46063 | D:13     | HP: 3/67 [??? (1)]
 46071 | D:13     | HP: 4/67 [??? (1)]
 46076 | D:13     | HP: 4/67 [??? (1)]
 46084 | D:13     | HP: 3/67 [??? (1)]
 46090 | D:13     | HP: 3/67 [??? (1)]
 46098 | D:13     | HP: 3/67 [??? (1)]
 46106 | D:13     | HP: 4/67 [??? (2)]
 46113 | D:13     | HP: 3/67 [??? (1)]
 46118 | D:13     | HP: 3/67 [??? (1)]
 46124 | D:13     | HP: 4/67 [??? (1)]
 46129 | D:13     | HP: 4/67 [??? (1)]
 46139 | D:13     | HP: 4/67 [??? (2)]
 46145 | D:13     | HP: 3/67 [??? (1)]
 46151 | D:13     | HP: 4/67 [??? (1)]
 46158 | D:13     | HP: 4/67 [??? (2)]
 46164 | D:13     | HP: 3/67 [??? (1)]
 46171 | D:13     | HP: 3/67 [??? (1)]
 46180 | D:13     | HP: 4/67 [??? (2)]
 46188 | D:13     | HP: 3/67 [??? (1)]
 46193 | D:13     | HP: 4/67 [??? (1)]
 46198 | D:13     | HP: 3/67 [??? (1)]
 46203 | D:13     | HP: 3/67 [??? (1)]
 46211 | D:13     | Glimpsed the power of Zot.
 46215 | D:13     | HP: 4/67 [??? (1)]
 46220 | D:13     | HP: 4/67 [??? (1)]
 46228 | D:13     | HP: 3/67 [??? (1)]
 46234 | D:13     | HP: 3/67 [??? (1)]
 46239 | D:13     | HP: 4/67 [??? (1)]
 46247 | D:13     | HP: 3/67 [??? (1)]
 46257 | D:13     | HP: 4/67 [??? (2)]
 46277 | D:13     | HP: 6/67 [??? (4)]
 46288 | D:13     | HP: 4/67 [??? (2)]
 46293 | D:13     | HP: 3/67 [??? (1)]
 46302 | D:13     | HP: 4/67 [??? (1)]
 46310 | D:13     | Touched by the power of Zot (MHP 67 -> 53)
 46310 | D:13     | HP: 4/51 [??? (2)]
 46311 | D:13     | Glimpsed the power of Zot.
 46316 | D:13     | HP: 3/51 [??? (1)]
 46323 | D:13     | HP: 4/51 [??? (1)]
 46328 | D:13     | HP: 4/51 [??? (2)]
 46334 | D:13     | HP: 3/51 [??? (1)]
 46342 | D:13     | HP: 4/51 [??? (1)]
 46350 | D:13     | HP: 3/51 [??? (1)]
 46357 | D:13     | HP: 3/51 [??? (1)]
 46364 | D:13     | HP: 3/51 [??? (1)]
 46380 | D:13     | HP: 5/51 [??? (2)]
 46385 | D:13     | HP: 4/51 [??? (1)]
 46390 | D:13     | HP: 4/51 [??? (1)]
 46397 | D:13     | HP: 3/51 [??? (1)]
 46402 | D:13     | HP: 3/51 [??? (1)]
 46410 | D:13     | HP: 3/51 [??? (1)]
 46421 | D:13     | HP: 4/51 [??? (1)]
 46429 | D:13     | HP: 4/51 [??? (1)]
 46434 | D:13     | HP: 4/51 [??? (1)]
 46439 | D:13     | HP: 3/51 [??? (1)]
 46449 | D:13     | HP: 4/51 [??? (1)]
 46455 | D:13     | HP: 3/51 [??? (1)]
 46469 | D:13     | HP: 4/51 [??? (2)]
 46475 | D:13     | HP: 3/51 [??? (1)]
 46497 | D:13     | HP: 6/51 [??? (3)]
 46509 | D:13     | HP: 6/51 [??? (4)]
 46515 | D:13     | HP: 3/51 [??? (1)]
 46521 | D:13     | HP: 4/51 [??? (1)]
 46527 | D:13     | HP: 4/51 [??? (1)]
 46534 | D:13     | HP: 4/51 [??? (1)]
 46542 | D:13     | HP: 3/51 [??? (1)]
 46553 | D:13     | HP: 4/51 [??? (1)]
 46558 | D:13     | HP: 3/51 [??? (1)]
 46565 | D:13     | HP: 3/51 [??? (1)]
 46575 | D:13     | HP: 4/51 [??? (1)]
 46582 | D:13     | HP: 3/51 [??? (1)]
 46589 | D:13     | HP: 4/51 [??? (1)]
 46595 | D:13     | HP: 3/51 [??? (1)]
 46600 | D:13     | HP: 3/51 [??? (1)]
 46605 | D:13     | HP: 3/51 [??? (1)]
 46613 | D:13     | HP: 3/51 [??? (1)]
 46618 | D:13     | HP: 3/51 [??? (1)]
 46627 | D:13     | HP: 4/51 [??? (1)]
 46633 | D:13     | HP: 3/51 [??? (1)]
 46638 | D:13     | HP: 4/51 [??? (1)]
 46643 | D:13     | HP: 3/51 [??? (1)]
 46651 | D:13     | HP: 4/51 [??? (1)]
 46656 | D:13     | HP: 3/51 [??? (1)]
 46663 | D:13     | HP: 3/51 [??? (1)]
 46670 | D:13     | HP: 3/51 [??? (1)]
 46675 | D:13     | HP: 3/51 [??? (1)]
 46683 | D:13     | HP: 3/51 [??? (1)]
 46688 | D:13     | HP: 3/51 [??? (1)]
 46696 | D:13     | HP: 3/51 [??? (1)]
 46701 | D:13     | HP: 3/51 [??? (1)]
 46707 | D:13     | HP: 4/51 [??? (1)]
 46721 | D:13     | HP: 4/51 [??? (2)]
 46727 | D:13     | HP: 3/51 [??? (1)]
 46735 | D:13     | HP: 3/51 [??? (1)]
 46742 | D:13     | HP: 3/51 [??? (1)]
 46750 | D:13     | HP: 3/51 [??? (1)]
 46758 | D:13     | HP: 3/51 [??? (1)]
 46766 | D:13     | HP: 3/51 [??? (1)]
 46775 | D:13     | HP: 4/51 [??? (1)]
 46784 | D:13     | HP: 4/51 [??? (1)]
 46790 | D:13     | HP: 3/51 [??? (1)]
 46795 | D:13     | HP: 3/51 [??? (1)]
 46802 | D:13     | HP: 4/51 [??? (1)]
 46811 | D:13     | Glimpsed the power of Zot.
 46819 | D:13     | HP: 5/51 [??? (2)]
 46826 | D:13     | HP: 4/51 [??? (1)]
 46832 | D:13     | HP: 4/51 [??? (1)]
 46841 | D:13     | HP: 4/51 [??? (1)]
 46850 | D:13     | HP: 3/51 [??? (1)]
 46855 | D:13     | HP: 3/51 [??? (1)]
 46865 | D:13     | HP: 3/51 [??? (1)]
 46872 | D:13     | HP: 3/51 [??? (1)]
 46882 | D:13     | HP: 4/51 [??? (1)]
 46889 | D:13     | HP: 3/51 [??? (1)]
 46902 | D:13     | HP: 4/51 [??? (2)]
 46910 | D:13     | HP: 3/51 [??? (1)]
 46924 | D:13     | HP: 4/51 [??? (2)]
 46929 | D:13     | HP: 3/51 [??? (1)]
 46938 | D:13     | HP: 4/51 [??? (1)]
 46944 | D:13     | HP: 3/51 [??? (1)]
 46953 | D:13     | HP: 4/51 [??? (1)]
 46962 | D:13     | HP: 4/51 [??? (1)]
 46969 | D:13     | HP: 3/51 [??? (1)]
 46974 | D:13     | HP: 3/51 [??? (1)]
 46985 | D:13     | HP: 4/51 [??? (1)]
 46990 | D:13     | HP: 4/51 [??? (1)]
 46995 | D:13     | HP: 4/51 [??? (1)]
 47000 | D:13     | HP: 3/51 [??? (1)]
 47007 | D:13     | HP: 3/51 [??? (1)]
 47013 | D:13     | HP: 3/51 [??? (1)]
 47027 | D:13     | HP: 5/51 [??? (2)]
 47032 | D:13     | HP: 4/51 [??? (2)]
 47038 | D:13     | HP: 4/51 [??? (1)]
 47045 | D:13     | HP: 4/51 [??? (2)]
 47053 | D:13     | HP: 4/51 [??? (1)]
 47059 | D:13     | HP: 4/51 [??? (1)]
 47067 | D:13     | HP: 4/51 [??? (1)]
 47077 | D:13     | HP: 4/51 [??? (1)]
 47082 | D:13     | HP: 3/51 [??? (1)]
 47088 | D:13     | HP: 3/51 [??? (1)]
 47094 | D:13     | HP: 3/51 [??? (1)]
 47100 | D:13     | HP: 3/51 [??? (1)]
 47106 | D:13     | HP: 3/51 [??? (1)]
 47113 | D:13     | HP: 3/51 [??? (1)]
 47118 | D:13     | HP: 3/51 [??? (1)]
 47125 | D:13     | HP: 3/51 [??? (1)]
 47132 | D:13     | HP: 4/51 [??? (1)]
 47137 | D:13     | HP: 3/51 [??? (1)]
 47145 | D:13     | HP: 4/51 [??? (1)]
 47153 | D:13     | HP: 4/51 [??? (1)]
 47160 | D:13     | HP: 3/51 [??? (1)]
 47166 | D:13     | HP: 3/51 [??? (1)]
 47171 | D:13     | HP: 3/51 [??? (1)]
 47179 | D:13     | HP: 3/51 [??? (1)]
 47185 | D:13     | HP: 4/51 [??? (1)]
 47200 | D:13     | HP: 5/51 [??? (2)]
 47206 | D:13     | HP: 4/51 [??? (1)]
 47211 | D:13     | Glimpsed the power of Zot.
 47219 | D:13     | HP: 4/51 [??? (1)]
 47224 | D:13     | HP: 3/51 [??? (1)]
 47235 | D:13     | HP: 4/51 [??? (1)]
 47245 | D:13     | HP: 5/51 [??? (2)]
 47252 | D:13     | HP: 4/51 [??? (2)]
 47259 | D:13     | HP: 4/51 [??? (1)]
 47268 | D:13     | HP: 3/51 [??? (1)]
 47275 | D:13     | HP: 3/51 [??? (1)]
 47284 | D:13     | HP: 4/51 [??? (2)]
 47291 | D:13     | HP: 3/51 [??? (1)]
 47300 | D:13     | HP: 4/51 [??? (1)]
 47305 | D:13     | HP: 3/51 [??? (1)]
 47310 | D:13     | Touched by the power of Zot (MHP 51 -> 40)
 47311 | D:13     | Glimpsed the power of Zot.
 47320 | D:13     | HP: 4/39 [??? (1)]
 47325 | D:13     | HP: 3/39 [??? (1)]
 47331 | D:13     | HP: 3/39 [??? (1)]
 47339 | D:13     | HP: 3/39 [??? (1)]
 47344 | D:13     | HP: 3/39 [??? (1)]
 47358 | D:13     | HP: 4/39 [??? (1)]
 47366 | D:13     | HP: 3/39 [??? (1)]
 47371 | D:13     | HP: 3/39 [??? (1)]
 47377 | D:13     | HP: 3/39 [??? (1)]
 47387 | D:13     | HP: 4/39 [??? (1)]
 47393 | D:13     | HP: 3/39 [??? (1)]
 47400 | D:13     | HP: 3/39 [??? (1)]
 47405 | D:13     | HP: 3/39 [??? (1)]
 47410 | D:13     | HP: 3/39 [??? (1)]
 47420 | D:13     | HP: 3/39 [??? (1)]
 47428 | D:13     | HP: 4/39 [??? (1)]
 47435 | D:13     | HP: 4/39 [??? (1)]
 47440 | D:13     | HP: 3/39 [??? (1)]
 47445 | D:13     | HP: 3/39 [??? (1)]
 47455 | D:13     | HP: 4/39 [??? (1)]
 47469 | D:13     | HP: 4/39 [??? (1)]
 47480 | D:13     | HP: 4/39 [??? (1)]
 47485 | D:13     | HP: 4/39 [??? (1)]
 47490 | D:13     | HP: 4/39 [??? (2)]
 47499 | D:13     | HP: 3/39 [??? (1)]
 47507 | D:13     | HP: 3/39 [??? (1)]
 47513 | D:13     | HP: 3/39 [??? (1)]
 47521 | D:13     | HP: 3/39 [??? (1)]
 47530 | D:13     | HP: 3/39 [??? (1)]
 47537 | D:13     | HP: 3/39 [??? (1)]
 47551 | D:13     | HP: 4/39 [??? (2)]
 47558 | D:13     | HP: 4/39 [??? (1)]
 47565 | D:13     | HP: 4/39 [??? (1)]
 47572 | D:13     | HP: 3/39 [??? (1)]
 47577 | D:13     | HP: 3/39 [??? (1)]
 47583 | D:13     | HP: 4/39 [??? (1)]
 47588 | D:13     | HP: 3/39 [??? (1)]
 47595 | D:13     | HP: 3/39 [??? (1)]
 47606 | D:13     | HP: 4/39 [??? (1)]
 47613 | D:13     | HP: 4/39 [??? (1)]
 47625 | D:13     | HP: 5/39 [??? (2)]
 47630 | D:13     | HP: 3/39 [??? (1)]
 47636 | D:13     | HP: 4/39 [??? (1)]
 47643 | D:13     | HP: 3/39 [??? (1)]
 47650 | D:13     | HP: 3/39 [??? (1)]
 47656 | D:13     | HP: 4/39 [??? (1)]
 47662 | D:13     | HP: 3/39 [??? (1)]
 47667 | D:13     | HP: 3/39 [??? (1)]
 47673 | D:13     | HP: 3/39 [??? (1)]
 47682 | D:13     | HP: 4/39 [??? (1)]
 47691 | D:13     | HP: 4/39 [??? (1)]
 47699 | D:13     | HP: 3/39 [??? (1)]
 47705 | D:13     | HP: 3/39 [??? (1)]
 47710 | D:13     | HP: 3/39 [??? (1)]
 47720 | D:13     | HP: 4/39 [??? (1)]
 47725 | D:13     | HP: 3/39 [??? (1)]
 47730 | D:13     | HP: 3/39 [??? (1)]
 47736 | D:13     | HP: 3/39 [??? (1)]
 47743 | D:13     | HP: 3/39 [??? (1)]
 47752 | D:13     | HP: 4/39 [??? (1)]
 47757 | D:13     | HP: 4/39 [??? (1)]
 47763 | D:13     | HP: 3/39 [??? (1)]
 47768 | D:13     | HP: 3/39 [??? (1)]
 47784 | D:13     | HP: 4/39 [??? (2)]
 47789 | D:13     | HP: 4/39 [??? (1)]
 47799 | D:13     | HP: 5/39 [??? (2)]
 47805 | D:13     | HP: 3/39 [??? (1)]
 47811 | D:13     | Glimpsed the power of Zot.
 47813 | D:13     | HP: 3/39 [??? (1)]
 47820 | D:13     | HP: 3/39 [??? (1)]
 47826 | D:13     | HP: 4/39 [??? (1)]
 47832 | D:13     | HP: 3/39 [??? (1)]
 47843 | D:13     | HP: 3/39 [??? (1)]
 47848 | D:13     | HP: 4/39 [??? (1)]
 47857 | D:13     | HP: 3/39 [??? (1)]
 47862 | D:13     | HP: 3/39 [??? (1)]
 47872 | D:13     | HP: 4/39 [??? (2)]
 47882 | D:13     | HP: 4/39 [??? (1)]
 47890 | D:13     | HP: 3/39 [??? (1)]
 47899 | D:13     | HP: 4/39 [??? (1)]
 47904 | D:13     | HP: 4/39 [??? (1)]
 47909 | D:13     | HP: 4/39 [??? (1)]
 47915 | D:13     | HP: 3/39 [??? (1)]
 47923 | D:13     | HP: 4/39 [??? (1)]
 47929 | D:13     | HP: 3/39 [??? (1)]
 47941 | D:13     | HP: 4/39 [??? (1)]
 47949 | D:13     | HP: 4/39 [??? (1)]
 47955 | D:13     | HP: 4/39 [??? (2)]
 47961 | D:13     | HP: 3/39 [??? (1)]
 47972 | D:13     | HP: 4/39 [??? (1)]
 47980 | D:13     | HP: 4/39 [??? (1)]
 47987 | D:13     | HP: 3/39 [??? (1)]
 47995 | D:13     | HP: 4/39 [??? (1)]
 48003 | D:13     | HP: 3/39 [??? (1)]
 48011 | D:13     | HP: 3/39 [??? (1)]
 48017 | D:13     | HP: 3/39 [??? (1)]
 48022 | D:13     | HP: 3/39 [??? (1)]
 48031 | D:13     | HP: 4/39 [??? (1)]
 48040 | D:13     | HP: 4/39 [??? (1)]
 48048 | D:13     | HP: 3/39 [??? (1)]
 48055 | D:13     | HP: 3/39 [??? (1)]
 48060 | D:13     | HP: 3/39 [??? (1)]
 48071 | D:13     | HP: 4/39 [??? (1)]
 48077 | D:13     | HP: 3/39 [??? (1)]
 48082 | D:13     | HP: 4/39 [??? (1)]
 48090 | D:13     | HP: 3/39 [??? (1)]
 48099 | D:13     | HP: 3/39 [??? (1)]
 48105 | D:13     | HP: 3/39 [??? (1)]
 48112 | D:13     | HP: 3/39 [??? (1)]
 48119 | D:13     | HP: 3/39 [??? (1)]
 48125 | D:13     | HP: 3/39 [??? (1)]
 48136 | D:13     | HP: 4/39 [??? (2)]
 48150 | D:13     | HP: 4/39 [??? (2)]
 48155 | D:13     | HP: 3/39 [??? (1)]
 48160 | D:13     | HP: 3/39 [??? (1)]
 48167 | D:13     | HP: 3/39 [??? (1)]
 48172 | D:13     | HP: 3/39 [??? (1)]
 48181 | D:13     | HP: 3/39 [??? (1)]
 48192 | D:13     | HP: 4/39 [??? (1)]
 48205 | D:13     | HP: 4/39 [??? (2)]
 48210 | D:13     | HP: 4/39 [??? (1)]
 48211 | D:13     | Glimpsed the power of Zot.
 48216 | D:13     | HP: 3/39 [??? (1)]
 48225 | D:13     | HP: 4/39 [??? (1)]
 48232 | D:13     | HP: 3/39 [??? (1)]
 48237 | D:13     | HP: 3/39 [??? (1)]
 48242 | D:13     | HP: 3/39 [??? (1)]
 48247 | D:13     | HP: 3/39 [??? (1)]
 48252 | D:13     | HP: 3/39 [??? (1)]
 48259 | D:13     | HP: 4/39 [??? (1)]
 48269 | D:13     | HP: 4/39 [??? (1)]
 48277 | D:13     | HP: 3/39 [??? (1)]
 48282 | D:13     | HP: 3/39 [??? (1)]
 48289 | D:13     | HP: 3/39 [??? (1)]
 48299 | D:13     | HP: 4/39 [??? (1)]
 48309 | D:13     | HP: 4/39 [??? (1)]
 48310 | D:13     | Touched by the power of Zot (MHP 39 -> 30)
 48311 | D:13     | Glimpsed the power of Zot.
 48315 | D:13     | HP: 3/29 [??? (1)]
 48321 | D:13     | HP: 3/29 [??? (1)]
 48328 | D:13     | HP: 3/29 [??? (1)]
 48333 | D:13     | HP: 3/29 [??? (1)]
 48342 | D:13     | HP: 4/29 [??? (1)]
 48347 | D:13     | HP: 4/29 [??? (2)]
 48353 | D:13     | HP: 3/29 [??? (1)]
 48360 | D:13     | HP: 3/29 [??? (1)]
 48369 | D:13     | HP: 3/29 [??? (1)]
 48379 | D:13     | HP: 4/29 [??? (1)]
 48384 | D:13     | HP: 3/29 [??? (1)]
 48393 | D:13     | HP: 3/29 [??? (1)]
 48401 | D:13     | HP: 3/29 [??? (1)]
 48409 | D:13     | HP: 4/29 [??? (1)]
 48421 | D:13     | HP: 3/29 [??? (1)]
 48427 | D:13     | HP: 3/29 [??? (1)]
 48440 | D:13     | HP: 4/29 [??? (1)]
 48449 | D:13     | HP: 3/29 [??? (1)]
 48454 | D:13     | HP: 3/29 [??? (1)]
 48459 | D:13     | HP: 3/29 [??? (1)]
 48466 | D:13     | HP: 3/29 [??? (1)]
 48471 | D:13     | HP: 3/29 [??? (1)]
 48476 | D:13     | HP: 4/29 [??? (1)]
 48497 | D:13     | HP: 5/29 [??? (2)]
 48507 | D:13     | HP: 4/29 [??? (1)]
 48512 | D:13     | HP: 3/29 [??? (1)]
 48521 | D:13     | HP: 4/29 [??? (1)]
 48526 | D:13     | HP: 3/29 [??? (1)]
 48532 | D:13     | HP: 3/29 [??? (1)]
 48541 | D:13     | HP: 4/29 [??? (1)]
 48546 | D:13     | HP: 4/29 [??? (1)]
 48551 | D:13     | HP: 4/29 [??? (1)]
 48562 | D:13     | HP: 4/29 [??? (1)]
 48567 | D:13     | HP: 3/29 [??? (1)]
 48573 | D:13     | HP: 3/29 [??? (1)]
 48587 | D:13     | HP: 4/29 [??? (1)]
 48600 | D:13     | HP: 4/29 [??? (1)]
 48611 | D:13     | HP: 4/29 [??? (1)]
 48617 | D:13     | HP: 3/29 [??? (1)]
 48623 | D:13     | HP: 3/29 [??? (1)]
 48628 | D:13     | HP: 3/29 [??? (1)]
 48635 | D:13     | HP: 4/29 [??? (1)]
 48640 | D:13     | HP: 3/29 [??? (1)]
 48652 | D:13     | HP: 4/29 [??? (1)]
 48662 | D:13     | HP: 4/29 [??? (2)]
 48670 | D:13     | HP: 3/29 [??? (1)]
 48679 | D:13     | HP: 3/29 [??? (1)]
 48684 | D:13     | HP: 3/29 [??? (1)]
 48694 | D:13     | HP: 3/29 [??? (1)]
 48699 | D:13     | HP: 3/29 [??? (1)]
 48706 | D:13     | HP: 3/29 [??? (1)]
 48711 | D:13     | HP: 3/29 [??? (1)]
 48717 | D:13     | HP: 3/29 [??? (1)]
 48722 | D:13     | HP: 3/29 [??? (1)]
 48730 | D:13     | HP: 4/29 [??? (1)]
 48741 | D:13     | HP: 4/29 [??? (2)]
 48748 | D:13     | HP: 3/29 [??? (1)]
 48754 | D:13     | HP: 3/29 [??? (1)]
 48760 | D:13     | HP: 3/29 [??? (1)]
 48765 | D:13     | HP: 3/29 [??? (1)]
 48773 | D:13     | HP: 3/29 [??? (1)]
 48778 | D:13     | HP: 3/29 [??? (1)]
 48786 | D:13     | HP: 3/29 [??? (1)]
 48795 | D:13     | HP: 3/29 [??? (1)]
 48808 | D:13     | HP: 4/29 [??? (1)]
 48811 | D:13     | Glimpsed the power of Zot.
 48817 | D:13     | HP: 3/29 [??? (1)]
 48835 | D:13     | HP: 5/29 [??? (2)]
 48842 | D:13     | HP: 3/29 [??? (1)]
 48847 | D:13     | HP: 3/29 [??? (1)]
 48852 | D:13     | HP: 3/29 [??? (1)]
 48859 | D:13     | HP: 4/29 [??? (1)]
 48864 | D:13     | HP: 3/29 [??? (1)]
 48870 | D:13     | HP: 3/29 [??? (1)]
 48876 | D:13     | HP: 3/29 [??? (1)]
 48882 | D:13     | HP: 3/29 [??? (1)]
 48889 | D:13     | HP: 3/29 [??? (1)]
 48894 | D:13     | HP: 3/29 [??? (1)]
 48902 | D:13     | HP: 3/29 [??? (1)]
 48910 | D:13     | HP: 4/29 [??? (1)]
 48919 | D:13     | HP: 3/29 [??? (1)]
 48927 | D:13     | HP: 3/29 [??? (1)]
 48932 | D:13     | HP: 3/29 [??? (1)]
 48941 | D:13     | HP: 3/29 [??? (1)]
 48956 | D:13     | HP: 4/29 [??? (2)]
 48965 | D:13     | HP: 3/29 [??? (1)]
 48977 | D:13     | HP: 4/29 [??? (1)]
 48982 | D:13     | HP: 3/29 [??? (1)]
 48993 | D:13     | HP: 4/29 [??? (1)]
 49003 | D:13     | HP: 3/29 [??? (1)]
 49010 | D:13     | HP: 3/29 [??? (1)]
 49016 | D:13     | HP: 3/29 [??? (1)]
 49029 | D:13     | HP: 4/29 [??? (1)]
 49040 | D:13     | HP: 4/29 [??? (2)]
 49045 | D:13     | HP: 4/29 [??? (1)]
 49050 | D:13     | HP: 4/29 [??? (1)]
 49055 | D:13     | HP: 3/29 [??? (1)]
 49065 | D:13     | HP: 3/29 [??? (1)]
 49071 | D:13     | HP: 3/29 [??? (1)]
 49076 | D:13     | HP: 3/29 [??? (1)]
 49085 | D:13     | HP: 3/29 [??? (1)]
 49094 | D:13     | HP: 3/29 [??? (1)]
 49101 | D:13     | HP: 3/29 [??? (1)]
 49113 | D:13     | HP: 4/29 [??? (1)]
 49118 | D:13     | HP: 3/29 [??? (1)]
 49124 | D:13     | HP: 3/29 [??? (1)]
 49130 | D:13     | HP: 3/29 [??? (1)]
 49142 | D:13     | HP: 3/29 [??? (1)]
 49151 | D:13     | HP: 4/29 [??? (1)]
 49158 | D:13     | HP: 3/29 [??? (1)]
 49163 | D:13     | HP: 3/29 [??? (1)]
 49168 | D:13     | HP: 3/29 [??? (1)]
 49173 | D:13     | HP: 3/29 [??? (1)]
 49180 | D:13     | HP: 4/29 [??? (1)]
 49185 | D:13     | HP: 3/29 [??? (1)]
 49190 | D:13     | HP: 3/29 [??? (1)]
 49195 | D:13     | HP: 3/29 [??? (1)]
 49200 | D:13     | HP: 3/29 [??? (1)]
 49207 | D:13     | HP: 3/29 [??? (1)]
 49211 | D:13     | Glimpsed the power of Zot.
 49212 | D:13     | HP: 3/29 [??? (1)]
 49222 | D:13     | HP: 4/29 [??? (1)]
 49232 | D:13     | HP: 4/29 [??? (2)]
 49239 | D:13     | HP: 4/29 [??? (1)]
 49247 | D:13     | HP: 3/29 [??? (1)]
 49255 | D:13     | HP: 4/29 [??? (1)]
 49261 | D:13     | HP: 3/29 [??? (1)]
 49269 | D:13     | HP: 3/29 [??? (1)]
 49278 | D:13     | HP: 3/29 [??? (1)]
 49286 | D:13     | HP: 3/29 [??? (1)]
 49297 | D:13     | HP: 4/29 [??? (1)]
 49306 | D:13     | HP: 3/29 [??? (1)]
 49310 | D:13     | Touched by the power of Zot (MHP 29 -> 22)
 49311 | D:13     | Glimpsed the power of Zot.
 49312 | D:13     | HP: 3/22 [??? (1)]
 49318 | D:13     | HP: 3/22 [??? (1)]
 49324 | D:13     | HP: 3/22 [??? (1)]
 49332 | D:13     | HP: 3/22 [??? (1)]
 49337 | D:13     | HP: 3/22 [??? (1)]
 49343 | D:13     | HP: 3/22 [??? (1)]
 49349 | D:13     | HP: 3/22 [??? (1)]
 49359 | D:13     | HP: 4/22 [??? (1)]
 49367 | D:13     | HP: 4/22 [??? (2)]
 49379 | D:13     | HP: 4/22 [??? (1)]
 49385 | D:13     | HP: 4/22 [??? (1)]
 49390 | D:13     | HP: 3/22 [??? (1)]
 49403 | D:13     | HP: 4/22 [??? (2)]
 49409 | D:13     | HP: 4/22 [??? (1)]
 49416 | D:13     | HP: 4/22 [??? (1)]
 49424 | D:13     | HP: 3/22 [??? (1)]
 49429 | D:13     | HP: 3/22 [??? (1)]
 49437 | D:13     | HP: 3/22 [??? (1)]
 49444 | D:13     | HP: 3/22 [??? (1)]
 49449 | D:13     | HP: 3/22 [??? (1)]
 49460 | D:13     | HP: 4/22 [??? (1)]
 49467 | D:13     | HP: 4/22 [??? (1)]
 49472 | D:13     | HP: 3/22 [??? (1)]
 49480 | D:13     | HP: 3/22 [??? (1)]
 49485 | D:13     | HP: 3/22 [??? (1)]
 49492 | D:13     | HP: 3/22 [??? (1)]
 49503 | D:13     | HP: 3/22 [??? (1)]
 49509 | D:13     | HP: 3/22 [??? (1)]
 49515 | D:13     | HP: 3/22 [??? (1)]
 49522 | D:13     | HP: 3/22 [??? (1)]
 49528 | D:13     | HP: 3/22 [??? (1)]
 49539 | D:13     | HP: 3/22 [??? (1)]
 49547 | D:13     | HP: 3/22 [??? (1)]
 49553 | D:13     | HP: 3/22 [??? (1)]
 49561 | D:13     | HP: 4/22 [??? (1)]
 49567 | D:13     | HP: 3/22 [??? (1)]
 49574 | D:13     | HP: 3/22 [??? (1)]
 49584 | D:13     | HP: 4/22 [??? (1)]
 49592 | D:13     | HP: 3/22 [??? (1)]
 49599 | D:13     | HP: 3/22 [??? (1)]
 49605 | D:13     | HP: 4/22 [??? (1)]
 49610 | D:13     | HP: 4/22 [??? (1)]
 49615 | D:13     | HP: 3/22 [??? (1)]
 49622 | D:13     | HP: 3/22 [??? (1)]
 49627 | D:13     | HP: 3/22 [??? (1)]
 49635 | D:13     | HP: 4/22 [??? (1)]
 49641 | D:13     | HP: 3/22 [??? (1)]
 49649 | D:13     | HP: 4/22 [??? (1)]
 49654 | D:13     | HP: 3/22 [??? (1)]
 49661 | D:13     | HP: 3/22 [??? (1)]
 49667 | D:13     | HP: 3/22 [??? (1)]
 49673 | D:13     | HP: 3/22 [??? (1)]
 49686 | D:13     | HP: 4/22 [??? (2)]
 49693 | D:13     | HP: 4/22 [??? (2)]
 49708 | D:13     | HP: 4/22 [??? (1)]
 49715 | D:13     | HP: 3/22 [??? (1)]
 49722 | D:13     | HP: 3/22 [??? (1)]
 49729 | D:13     | HP: 3/22 [??? (1)]
 49735 | D:13     | HP: 3/22 [??? (1)]
 49743 | D:13     | HP: 3/22 [??? (1)]
 49749 | D:13     | HP: 3/22 [??? (1)]
 49754 | D:13     | HP: 3/22 [??? (1)]
 49761 | D:13     | HP: 3/22 [??? (1)]
 49770 | D:13     | HP: 4/22 [??? (1)]
 49780 | D:13     | HP: 4/22 [??? (1)]
 49788 | D:13     | HP: 3/22 [??? (1)]
 49807 | D:13     | HP: 4/22 [??? (2)]
 49811 | D:13     | Glimpsed the power of Zot.
 49817 | D:13     | HP: 4/22 [??? (1)]
 49822 | D:13     | HP: 4/22 [??? (1)]
 49827 | D:13     | HP: 4/22 [??? (1)]
 49837 | D:13     | HP: 4/22 [??? (2)]
 49846 | D:13     | HP: 4/22 [??? (1)]
 49857 | D:13     | HP: 4/22 [??? (1)]
 49867 | D:13     | HP: 3/22 [??? (1)]
 49872 | D:13     | HP: 3/22 [??? (1)]
 49880 | D:13     | HP: 3/22 [??? (1)]
 49887 | D:13     | HP: 3/22 [??? (1)]
 49892 | D:13     | HP: 3/22 [??? (1)]
 49901 | D:13     | HP: 4/22 [??? (1)]
 49908 | D:13     | HP: 3/22 [??? (1)]
 49914 | D:13     | HP: 3/22 [??? (1)]
 49920 | D:13     | HP: 3/22 [??? (1)]
 49936 | D:13     | HP: 4/22 [??? (2)]
 49943 | D:13     | HP: 3/22 [??? (1)]
 49952 | D:13     | HP: 3/22 [??? (1)]
 49957 | D:13     | HP: 3/22 [??? (1)]
 49963 | D:13     | HP: 3/22 [??? (1)]
 49975 | D:13     | HP: 4/22 [??? (1)]
 49983 | D:13     | HP: 4/22 [??? (1)]
 49993 | D:13     | HP: 3/22 [??? (1)]
 50001 | D:13     | HP: 3/22 [??? (1)]
 50007 | D:13     | HP: 3/22 [??? (1)]
 50012 | D:13     | HP: 3/22 [??? (1)]
 50019 | D:13     | HP: 4/22 [??? (1)]
 50026 | D:13     | HP: 4/22 [??? (1)]
 50032 | D:13     | HP: 4/22 [??? (2)]
 50040 | D:13     | HP: 3/22 [??? (1)]
 50045 | D:13     | HP: 3/22 [??? (1)]
 50050 | D:13     | HP: 3/22 [??? (1)]
 50059 | D:13     | HP: 3/22 [??? (1)]
 50066 | D:13     | HP: 4/22 [??? (1)]
 50075 | D:13     | HP: 3/22 [??? (1)]
 50084 | D:13     | HP: 3/22 [??? (1)]
 50094 | D:13     | HP: 3/22 [??? (1)]
 50110 | D:13     | HP: 4/22 [??? (2)]
 50118 | D:13     | HP: 3/22 [??? (1)]
 50123 | D:13     | HP: 3/22 [??? (1)]
 50130 | D:13     | HP: 3/22 [??? (1)]
 50139 | D:13     | HP: 3/22 [??? (1)]
 50144 | D:13     | HP: 3/22 [??? (1)]
 50150 | D:13     | HP: 3/22 [??? (1)]
 50155 | D:13     | HP: 3/22 [??? (1)]
 50165 | D:13     | HP: 3/22 [??? (1)]
 50175 | D:13     | HP: 4/22 [??? (1)]
 50180 | D:13     | HP: 3/22 [??? (1)]
 50187 | D:13     | HP: 4/22 [??? (1)]
 50194 | D:13     | HP: 3/22 [??? (1)]
 50201 | D:13     | HP: 3/22 [??? (1)]
 50207 | D:13     | HP: 3/22 [??? (1)]
 50211 | D:13     | Glimpsed the power of Zot.
 50215 | D:13     | HP: 3/22 [??? (1)]
 50225 | D:13     | HP: 3/22 [??? (1)]
 50232 | D:13     | HP: 3/22 [??? (1)]
 50242 | D:13     | HP: 3/22 [??? (1)]
 50248 | D:13     | HP: 4/22 [??? (1)]
 50259 | D:13     | HP: 4/22 [??? (1)]
 50269 | D:13     | HP: 3/22 [??? (1)]
 50275 | D:13     | HP: 3/22 [??? (1)]
 50283 | D:13     | HP: 3/22 [??? (1)]
 50288 | D:13     | HP: 3/22 [??? (1)]
 50300 | D:13     | HP: 4/22 [??? (1)]
 50305 | D:13     | HP: 3/22 [??? (1)]
 50310 | D:13     | Touched by the power of Zot (MHP 22 -> 16)
 50310 | D:13     | HP: 3/15 [??? (1)]
 50311 | D:13     | Glimpsed the power of Zot.
 50315 | D:13     | HP: 3/15 [??? (1)]
 50339 | D:13     | HP: 3/15 [??? (1)]
 50347 | D:13     | HP: 3/15 [??? (1)]
 50355 | D:13     | HP: 3/15 [??? (1)]
 50361 | D:13     | HP: 3/15 [??? (1)]
 50367 | D:13     | HP: 3/15 [??? (1)]
 50373 | D:13     | HP: 3/15 [??? (1)]
 50382 | D:13     | HP: 3/15 [??? (1)]
 50388 | D:13     | HP: 3/15 [??? (1)]
 50397 | D:13     | HP: 3/15 [??? (1)]
 50402 | D:13     | HP: 3/15 [??? (1)]
 50412 | D:13     | HP: 3/15 [??? (1)]
 50425 | D:13     | HP: 3/15 [??? (1)]
 50432 | D:13     | HP: 3/15 [??? (1)]
 50440 | D:13     | HP: 3/15 [??? (1)]
 50447 | D:13     | HP: 3/15 [??? (1)]
 50457 | D:13     | HP: 3/15 [??? (1)]
 50465 | D:13     | HP: 3/15 [??? (1)]
 50474 | D:13     | HP: 3/15 [??? (1)]
 50482 | D:13     | HP: 3/15 [??? (1)]
 50494 | D:13     | HP: 3/15 [??? (1)]
 50505 | D:13     | HP: 3/15 [??? (1)]
 50512 | D:13     | HP: 3/15 [??? (1)]
 50520 | D:13     | HP: 3/15 [??? (1)]
 50525 | D:13     | HP: 3/15 [??? (1)]
 50536 | D:13     | HP: 3/15 [??? (1)]
 50543 | D:13     | HP: 3/15 [??? (1)]
 50551 | D:13     | HP: 3/15 [??? (1)]
 50558 | D:13     | HP: 3/15 [??? (1)]
 50565 | D:13     | HP: 3/15 [??? (1)]
 50575 | D:13     | HP: 3/15 [??? (1)]
 50588 | D:13     | HP: 3/15 [??? (1)]
 50595 | D:13     | HP: 3/15 [??? (1)]
 50603 | D:13     | HP: 3/15 [??? (1)]
 50620 | D:13     | HP: 3/15 [??? (1)]
 50634 | D:13     | HP: 3/15 [??? (1)]
 50642 | D:13     | HP: 3/15 [??? (1)]
 50652 | D:13     | HP: 3/15 [??? (1)]
 50657 | D:13     | HP: 3/15 [??? (1)]
 50667 | D:13     | HP: 3/15 [??? (1)]
 50673 | D:13     | HP: 3/15 [??? (1)]
 50682 | D:13     | HP: 3/15 [??? (1)]
 50687 | D:13     | HP: 3/15 [??? (1)]
 50694 | D:13     | HP: 3/15 [??? (1)]
 50700 | D:13     | HP: 3/15 [??? (1)]
 50714 | D:13     | HP: 3/15 [??? (1)]
 50723 | D:13     | HP: 3/15 [??? (1)]
 50729 | D:13     | HP: 3/15 [??? (1)]
 50768 | D:13     | HP: 3/15 [??? (1)]
 50774 | D:13     | HP: 3/15 [??? (1)]
 50784 | D:13     | HP: 3/15 [??? (1)]
 50793 | D:13     | HP: 3/15 [??? (1)]
 50798 | D:13     | HP: 3/15 [??? (1)]
 50810 | D:13     | HP: 3/15 [??? (1)]
 50811 | D:13     | Glimpsed the power of Zot.
 50816 | D:13     | HP: 3/15 [??? (1)]
 50825 | D:13     | HP: 3/15 [??? (1)]
 50833 | D:13     | HP: 3/15 [??? (1)]
 50838 | D:13     | HP: 3/15 [??? (1)]
 50847 | D:13     | HP: 3/15 [??? (1)]
 50854 | D:13     | HP: 3/15 [??? (1)]
 50861 | D:13     | HP: 3/15 [??? (1)]
 50869 | D:13     | HP: 3/15 [??? (1)]
 50877 | D:13     | HP: 3/15 [??? (1)]
 50882 | D:13     | HP: 3/15 [??? (1)]
 50890 | D:13     | HP: 3/15 [??? (1)]
 50904 | D:13     | HP: 3/15 [??? (1)]
 50912 | D:13     | HP: 3/15 [??? (1)]
 50918 | D:13     | HP: 3/15 [??? (1)]
 50923 | D:13     | HP: 3/15 [??? (1)]
 50932 | D:13     | HP: 3/15 [??? (1)]
 50942 | D:13     | HP: 3/15 [??? (1)]
 50950 | D:13     | HP: 3/15 [??? (1)]
 50958 | D:13     | HP: 3/15 [??? (1)]
 50965 | D:13     | HP: 3/15 [??? (1)]
 50978 | D:13     | HP: 3/15 [??? (1)]
 50985 | D:13     | HP: 3/15 [??? (1)]
 50992 | D:13     | HP: 3/15 [??? (1)]
 51026 | D:13     | HP: 3/15 [??? (1)]
 51040 | D:13     | HP: 3/15 [??? (1)]
 51053 | D:13     | HP: 3/15 [??? (1)]
 51059 | D:13     | HP: 3/15 [??? (1)]
 51065 | D:13     | HP: 3/15 [??? (1)]
 51076 | D:13     | HP: 3/15 [??? (1)]
 51089 | D:13     | HP: 3/15 [??? (1)]
 51103 | D:13     | HP: 3/15 [??? (1)]
 51109 | D:13     | HP: 3/15 [??? (1)]
 51115 | D:13     | HP: 3/15 [??? (1)]
 51121 | D:13     | HP: 3/15 [??? (1)]
 51127 | D:13     | HP: 3/15 [??? (1)]
 51134 | D:13     | HP: 3/15 [??? (1)]
 51142 | D:13     | HP: 3/15 [??? (1)]
 51153 | D:13     | HP: 3/15 [??? (1)]
 51159 | D:13     | HP: 3/15 [??? (1)]
 51169 | D:13     | HP: 3/15 [??? (1)]
 51177 | D:13     | HP: 3/15 [??? (1)]
 51182 | D:13     | HP: 3/15 [??? (1)]
 51191 | D:13     | HP: 3/15 [??? (1)]
 51211 | D:13     | Glimpsed the power of Zot.
 51222 | D:13     | HP: 3/15 [??? (1)]
 51227 | D:13     | HP: 3/15 [??? (1)]
 51234 | D:13     | HP: 3/15 [??? (1)]
 51242 | D:13     | HP: 3/15 [??? (1)]
 51250 | D:13     | HP: 3/15 [??? (1)]
 51255 | D:13     | HP: 3/15 [??? (1)]
 51260 | D:13     | HP: 3/15 [??? (1)]
 51265 | D:13     | HP: 3/15 [??? (1)]
 51273 | D:13     | HP: 3/15 [??? (1)]
 51280 | D:13     | HP: 3/15 [??? (1)]
 51287 | D:13     | HP: 3/15 [??? (1)]
 51292 | D:13     | HP: 3/15 [??? (1)]
 51300 | D:13     | HP: 3/15 [??? (1)]
 51305 | D:13     | HP: 3/15 [??? (1)]
 51310 | D:13     | Touched by the power of Zot (MHP 15 -> 10)
 51311 | D:13     | Glimpsed the power of Zot.
 51811 | D:13     | Glimpsed the power of Zot.
 52211 | D:13     | Glimpsed the power of Zot.
 52310 | D:13     | Touched by the power of Zot (MHP 9 -> 5)
 52311 | D:13     | Glimpsed the power of Zot.
 52692 | D:13     | 52692 ||| DROPPING ring of magical power.
 52750 | D:14     | Slain by a slime creature

Levels and vault maps discovered:
D:1:      evilmike_arrival_fibonacci_small, layout_basic, minmay_liquid_box
D:2:      layout_basic, nrook_mini_backslash, minmay_randomly_rotated_circles
D:3:      layout_loops_ring, shapermc_ecumenical_altar_starsandcircs
D:4:      layout_rooms, serial_shops, nicolae_shop_gibbet_a_chance
D:5:      layout_basic, lemuel_mausoleum_altar_yredelemnul,
          chequers_ossuary_entry_cave, serial_shops,
          nicolae_shop_bloodbath_and_beyond, uniq_blork_the_orc
D:6:      layout_loops_cross, lemuel_blue_sif_altar, nicolae_shop_clearance
D:7:      layout_gridville, evilmike_ruin_ashenzari, minmay_temple_entry_waves,
          hangedman_abyss_or_decor_lesser_grid, uniq_joseph
D:8:      minmay_recursive_quarters, layout_gridville, serial_shops,
          nicolae_shop_behind_doors, shop, nicolae_shop_gaudy_bauble,
          minmay_manual_mares, uniq_amaemon
D:9:      layout_basic, hangedman_fish_farm, uniq_grum
D:10:     minmay_the_grid_triangle_9x9_recursive_2_mashed
          [minmay_the_grid_triangle_9x9_prize_center,
          minmay_the_grid_triangle_9x9_negative_grid,
          minmay_the_grid_triangle_9x9_longest,
          minmay_the_grid_triangle_9x9_tough_junction], layout_rooms,
          erik_lair_orcish_takeover, hiddenorc2_lemuel, grunt_decor_arrowhead
D:11:     layout_stronghold, portal_ice_cave_entry_pillars_1
D:12:     layout_basic
D:13:     cheibrodos_tormentor_scu, layout_irregular_city, david_vaults_1
D:14:     layout_irregular_city, minivault_14, enter_trove_3,
          ebering_ghost_gozag
Temple:   compressed_dpeg_triangle_lava_temple
Lair:1:   layout_chaotic_city
Lair:2:   layout_misc_corridors, minmay_shoals_entry_hut
Lair:3:   layout_chaotic_city, nicolae_snake_entry_squirm
Lair:4:   layout_regular_city, dpeg_slime_entry_enclosed,
          infiniplex_staircase_pool_2, serial_bayou_shore_b, grunt_megastairs_4,
          serial_bayou_shore_a
Lair:5:   hangedman_lair_in_review, layout_regular_city,
          hangedman_lair_caniforms_friends, evilmike_ambush
          [evilmike_ambush_outer_corners, evilmike_ambush_inner_basic]

Skill      XL: |  1  2  3  4  5  6  7  8  9 10 11 12 13 14 |
---------------+-------------------------------------------+-----
Ranged Weapons | 3 4 5 6 7 8 10 12 14 16 18 | 18.8
Fighting       | 2 3 4 5 7 8 9 11 12 15 | 15.0
Armour         | 1 2 3 4 6 7 |  7.4
Dodging        | 3 5 6 8 9 11 | 11.0
Invocations    | 4 8 10 | 10.0
Spellcasting   | |  1.0
Hexes          | |  2.0

Action                     |  1- 3 |  4- 6 |  7- 9 | 10-12 | 13-15 || total
---------------------------+-------+-------+-------+-------+-------++-------
   Fire: Sling             |    87 |       |       |       |       ||    87
         Orcbow            |    18 |    88 |   299 |   669 |   321 ||  1395
         Longbow           |       |       |       |       |   214 ||   214
         Triple crossbow   |       |       |       |       |   109 ||   109
 Invoke: Heroism           |       |       |     2 |    27 |    20 ||    49
         Finesse           |       |       |       |       |     5 ||     5
    Use: Scroll            |     5 |     3 |    10 |     5 |     7 ||    30
         Potion            |     1 |     2 |     3 |     3 |     4 ||    13
 Armour: Leather armour    |    10 |       |       |       |       ||    10
         Ring mail         |     2 |    16 |    36 |     1 |       ||    55
         Steam dragon scal |       |       |       |    21 |    29 ||    50
  Dodge: Dodged            |    27 |    19 |   121 |   257 |   294 ||   718

Table legend:
 A = Non-vault XP
 B = Vault XP
 C = Vault XP percentage of total XP
 D = Non-vault monster count
 E = Vault monster count
 F = Vault count percentage of total count
                 A         B        C        D         E       F
            +---------+---------+-------+---------+---------+-------
      Total |   50184 |   38844 |  43.6 |     333 |     222 |  40.0
            +---------+---------+-------+---------+---------+-------
        D:1 |      14 |       0 |   0.0 |       8 |       0 |   0.0
        D:2 |      35 |      32 |  47.8 |      15 |       6 |  28.6
        D:3 |     185 |       0 |   0.0 |      18 |       0 |   0.0
        D:4 |     292 |       0 |   0.0 |      26 |       0 |   0.0
        D:5 |     292 |     563 |  65.8 |       9 |      13 |  59.1
        D:6 |    1089 |       0 |   0.0 |      28 |       0 |   0.0
        D:7 |    1006 |     430 |  29.9 |      16 |       1 |   5.9
        D:8 |    1349 |    1845 |  57.8 |      18 |      12 |  40.0
        D:9 |    2522 |     727 |  22.4 |      27 |       4 |  12.9
       D:10 |    2991 |    4616 |  60.7 |      24 |      48 |  66.7
       D:11 |    3307 |       0 |   0.0 |      19 |       0 |   0.0
       D:12 |    6407 |     847 |  11.7 |      21 |       1 |   4.5
       D:13 |    3420 |    6833 |  66.6 |      12 |       9 |  42.9
       D:14 |     488 |       0 |   0.0 |       2 |       0 |   0.0
     Lair:1 |    4461 |       0 |   0.0 |      22 |       0 |   0.0
     Lair:2 |    4379 |     268 |   5.8 |      20 |       1 |   4.8
     Lair:3 |    5022 |     461 |   8.4 |      12 |       3 |  20.0
     Lair:4 |    4009 |    2067 |  34.0 |      13 |      10 |  43.5
     Lair:5 |    8916 |   19003 |  68.1 |      23 |      77 |  77.0
    Ossuary |       0 |    1152 | 100.0 |       0 |      37 | 100.0
            +---------+---------+-------+---------+---------+-------
